Workbook

Sheet RESUMO
A2: Prefeitura Municipal de Indaiatuba
A3: SECRETARIA MUNICIPAL DE PLANEJAMENTO URBANO E ENGENHARIA
A5: Estado de São Paulo
A7: OBRA: REFORMA E AMPLIAÇÃO DA UBS 7
A8: ='CRONOG. AMPLIAÇÃO'!A8 -> Local: R. José de Campos, 709 - Jardim Morada do Sol, Indaiatuba - SP
A10: RESUMO GERAL
C12: orçamento sintético | D12: valor ( R$ ) | E12: percentual ( % )
A14: AMPLIAÇÃO | C14: Material | D14: 848307.59 | E14: =D14/D16 -> 0.59199295
C15: Mão de obra | D15: 584661.49 | E15: =D15/D16 -> 0.40800705
C16: Total | D16: =D14+D15 -> 1432969.1 | E16: =SUM(E14:E15) -> 1
A18: REFORMA | C18: Material | D18: 506037.96 | E18: =D18/D20 -> 0.72707495
C19: Mão de obra | D19: 189953.51 | E19: =D19/D20 -> 0.27292505
C20: Total | D20: =D18+D19 -> 695991.47 | E20: =SUM(E18:E19) -> 1
A22: GERAL | C22: Material | D22: =D14+D18 -> 1354345.6 | E22: =D22/D24 -> 0.63615343
C23: Mão de obra | D23: =D15+D19 -> 774615 | E23: =D23/D24 -> 0.36384657
C24: Total | D24: =D16+D20 -> 2128960.5 | E24: =SUM(E22:E23) -> 1
A29: Indaiatuba, 17 de abril de 2026

Sheet ORÇAM AMPLIAÇÃO
K1: Data: 17/04/2026
B2: PREFEITURA MUNICIPAL DE INDAIATUBA
B3: SECRETARIA MUNICIPAL DE PLANEJAMENTO URBANO E ENGENHARIA
B4: Estado de São Paulo
H5: TAXAS: BDI= 21,00% |LS= 115,01%
B6: OBRA : | C6: REFORMA E AMPLIAÇÃO DA UBS 7
B7: ORÇAMENTO : | C7: AMPLIAÇÃO DA UBS 7
B8: LOCAL : | C8: R. José de Campos, 709 - Jardim Morada do Sol, Indaiatuba - SP
B9: CÓDIGO | C9: FONTE | D9: DATA BASE | E9: DESCRIÇÃO | F9: UNID | G9: QUANT. | H9: PREÇO UNITÁRIO SEM BDI (R$) | I9: PREÇO TOTAL SEM BDI (R$) | J9: PREÇO UNITÁRIO COM BDI (R$) | K9: PREÇO TOTAL COM BDI (R$)
B10: 1 | C10: SERVIÇOS INICIAIS
B11: 01.01 | C11: ADMINISTRAÇÃO DE OBRA
A12: =LEN(B12) -> 4 | B12: CPU5 | C12: =IFERROR(VLOOKUP(A12,$B$418:D433,2,FALSE),"") -> COMPOSICAO | D12: =IFERROR(VLOOKUP(A12,$B$418:E433,3,FALSE),"") -> 2026/01 | E12: ADMNISTRAÇÃO LOCAL DE OBRA | F12: UN | G12: 1 | H12: =ROUND(J12/1.21,2) -> 344628.74 | I12: =ROUND(H12*G12,2) -> 344628.74 | J12: 417000.77 | K12: =ROUND(G12*J12,2) -> 417000.77 | L12: 8 MESES
A13: =LEN(B13) -> 15 | B13: 01.17.031/CDHUU | C13: =IFERROR(VLOOKUP(A13,$B$418:D434,2,FALSE),"") -> CPOS | D13: =IFERROR(VLOOKUP(A13,$B$418:E434,3,FALSE),"") -> 2025/11 | E13: Projeto executivo de arquitetura em formato A1 | F13: UN | G13: 4 | H13: =ROUND(J13/1.21,2) -> 3844.02 | I13: =ROUND(H13*G13,2) -> 15376.08 | J13: 4651.27 | K13: =ROUND(G13*J13,2) -> 18605.08
A14: =LEN(B14) -> 5 | B14: 01.02 | C14: SONDAGEM DO TERRENO
A15: =LEN(B15) -> 14 | B15: 01.21.110/CDHU | C15: =IFERROR(VLOOKUP(A15,$B$418:D436,2,FALSE),"") -> CPOS | D15: =IFERROR(VLOOKUP(A15,$B$418:E436,3,FALSE),"") -> 2025/11 | E15: Sondagem do terreno à percussão (mínimo de 30 m) | F15: M | G15: 60 | H15: =ROUND(J15/1.21,2) -> 91.32 | I15: =ROUND(H15*G15,2) -> 5479.2 | J15: 110.5 | K15: =ROUND(G15*J15,2) -> 6630
B16: SUBTOTAL (ETAPA) | K16: =SUM(K12:K15) -> 442235.85
A17: =LEN(B17) -> 1 | B17: 2 | C17: INSTALAÇÃO DO CANTEIRO DE OBRA
A18: =LEN(B18) -> 5 | B18: 02.01 | C18: TAPUMES E ALOJAMENTOS
A19: =LEN(B19) -> 6 | B19: 97063U | C19: =IFERROR(VLOOKUP(A19,$B$418:D438,2,FALSE),"") -> SINAPI | D19: =IFERROR(VLOOKUP(A19,$B$418:E438,3,FALSE),"") -> 2026/01 | E19: MONTAGEM E DESMONTAGEM DE ANDAIME MODULAR FACHADEIRO, COM PISO METÁLICO, PARA EDIFICAÇÕES COM MÚLTIPLOS PAVIMENTOS (EXCLUSIVE ANDAIME E LIMPEZA). AF_11/2017 | F19: M2 | G19: 100 | H19: =ROUND(J19/1.21,2) -> 25.8 | I19: =ROUND(H19*G19,2) -> 2580 | J19: 31.22 | K19: =ROUND(G19*J19,2) -> 3122
A20: =LEN(B20) -> 6 | B20: 98459U | C20: =IFERROR(VLOOKUP(A20,$B$418:D440,2,FALSE),"") -> SINAPI | D20: =IFERROR(VLOOKUP(A20,$B$418:E440,3,FALSE),"") -> 2026/01 | E20: TAPUME COM TELHA METÁLICA. AF_05/2018 | F20: M2 | G20: 106.74 | H20: =ROUND(J20/1.21,2) -> 96.36 | I20: =ROUND(H20*G20,2) -> 10285.47 | J20: 116.6 | K20: =ROUND(G20*J20,2) -> 12445.88
A21: =LEN(B21) -> 7 | B21: 103689U | C21: =IFERROR(VLOOKUP(A21,$B$418:D442,2,FALSE),"") -> SINAPI | D21: =IFERROR(VLOOKUP(A21,$B$418:E442,3,FALSE),"") -> 2026/01 | E21: FORNECIMENTO E INSTALAÇÃO DE PLACA DE OBRA COM CHAPA GALVANIZADA E ESTRUTURA DE MADEIRA. AF_03/2022_PS | F21: M2 | G21: 12 | H21: =ROUND(J21/1.21,2) -> 474.47 | I21: =ROUND(H21*G21,2) -> 5693.64 | J21: 574.11 | K21: =ROUND(G21*J21,2) -> 6889.32 | L21: PLACA NOVA PARA A OBRA
A22: =LEN(B22) -> 15 | B22: 02.02.140/CDHUU | C22: =IFERROR(VLOOKUP(A22,$B$418:D442,2,FALSE),"") -> CPOS | D22: =IFERROR(VLOOKUP(A22,$B$418:E442,3,FALSE),"") -> 2025/11 | E22: Locação de container tipo sanitário com 2 vasos sanitários, 2 lavatórios, 2 mictórios e 4 pontos para chuveiro - área mínima de 13,80 m² | F22: unmes | G22: 8 | H22: =ROUND(J22/1.21,2) -> 1563.31 | I22: =ROUND(H22*G22,2) -> 12506.48 | J22: 1891.61 | K22: =ROUND(G22*J22,2) -> 15132.88
A23: =LEN(B23) -> 15 | B23: 02.02.150/CDHUU | C23: =IFERROR(VLOOKUP(A23,$B$418:D443,2,FALSE),"") -> CPOS | D23: =IFERROR(VLOOKUP(A23,$B$418:E443,3,FALSE),"") -> 2025/11 | E23: Locação de container tipo depósito - área mínima de 13,80 m² | F23: unmes | G23: 8 | H23: =ROUND(J23/1.21,2) -> 1019.25 | I23: =ROUND(H23*G23,2) -> 8154 | J23: 1233.29 | K23: =ROUND(G23*J23,2) -> 9866.32
A24: =LEN(B24) -> 15 | B24: 02.05.212/CDHUU | C24: =IFERROR(VLOOKUP(A24,$B$418:D444,2,FALSE),"") -> CPOS | D24: =IFERROR(VLOOKUP(A24,$B$418:E444,3,FALSE),"") -> 2025/11 | E24: Andaime tubular fachadeiro com piso metálico e sapatas ajustáveis | F24: m2xmes | G24: 300 | H24: =ROUND(J24/1.21,2) -> 27.4 | I24: =ROUND(H24*G24,2) -> 8220 | J24: 33.16 | K24: =ROUND(G24*J24,2) -> 9948
A25: =LEN(B25) -> 15 | B25: 05.07.040/CDHUU | C25: =IFERROR(VLOOKUP(A25,$B$418:D445,2,FALSE),"") -> CPOS | D25: =IFERROR(VLOOKUP(A25,$B$418:E445,3,FALSE),"") -> 2025/11 | E25: Remoção de entulho separado de obra com caçamba metálica - terra, alvenaria, concreto, argamassa, madeira, papel, plástico ou metal | F25: M3 | G25: 20 | H25: =ROUND(J25/1.21,2) -> 117.21 | I25: =ROUND(H25*G25,2) -> 2344.2 | J25: 141.83 | K25: =ROUND(G25*J25,2) -> 2836.6 | L25: REMOÇÃO DO ENTULHO
A26: =LEN(B26) -> 5 | B26: 02.02 | C26: LOCAÇÃO DE OBRA
A27: =LEN(B27) -> 6 | B27: 99059U | C27: =IFERROR(VLOOKUP(A27,$B$418:D447,2,FALSE),"") -> SINAPI | D27: =IFERROR(VLOOKUP(A27,$B$418:E447,3,FALSE),"") -> 2026/01 | E27: LOCACAO CONVENCIONAL DE OBRA, UTILIZANDO GABARITO DE TÁBUAS CORRIDAS PONTALETADAS A CADA 2,00M - 2 UTILIZAÇÕES. AF_10/2018 | F27: M | G27: 36.52 | H27: =ROUND(J27/1.21,2) -> 80.07 | I27: =ROUND(H27*G27,2) -> 2924.16 | J27: 96.89 | K27: =ROUND(G27*J27,2) -> 3538.42 | L27: LOCAÇÃO DA OBRA DE AMPLIAÇÃO DA COBERTURA ATIVIDADES COLETIVAS
A28: =LEN(B28) -> 5 | B28: 02.05 | C28: LIMPEZA DO TERRENO
A29: =LEN(B29) -> 6 | B29: 97914U | C29: =IFERROR(VLOOKUP(A29,$B$418:D449,2,FALSE),"") -> SINAPI | D29: =IFERROR(VLOOKUP(A29,$B$418:E449,3,FALSE),"") -> 2026/01 | E29: TRANSPORTE COM CAMINHÃO BASCULANTE DE 6 M³, EM VIA URBANA PAVIMENTADA, DMT ATÉ 30 KM (UNIDADE: M3XKM). AF_07/2020 | F29: M3XKM | G29: 67.5 | H29: =ROUND(J29/1.21,2) -> 3.25 | I29: =ROUND(H29*G29,2) -> 219.38 | J29: 3.93 | K29: =ROUND(G29*J29,2) -> 265.28 | L29: TRANSPORTE DE CAMADA VEGETAL RETIRADO DA LIMPEZA DO TERRENO
A30: =LEN(B30) -> 6 | B30: 98525U | C30: =IFERROR(VLOOKUP(A30,$B$418:D450,2,FALSE),"") -> SINAPI | D30: =IFERROR(VLOOKUP(A30,$B$418:E450,3,FALSE),"") -> 2026/01 | E30: LIMPEZA MECANIZADA DE CAMADA VEGETAL, VEGETAÇÃO E PEQUENAS ÁRVORES (DIÂMETRO DE TRONCO MENOR QUE 0,20 M), COM TRATOR DE ESTEIRAS.AF_05/2018 | F30: M2 | G30: 90 | H30: =ROUND(J30/1.21,2) -> 0.76 | I30: =ROUND(H30*G30,2) -> 68.4 | J30: 0.92 | K30: =ROUND(G30*J30,2) -> 82.8 | L30: LIMPEZA DO TERRRENO
A31: =LEN(B31) -> 7 | B31: 100981U | C31: =IFERROR(VLOOKUP(A31,$B$418:D451,2,FALSE),"") -> SINAPI | D31: =IFERROR(VLOOKUP(A31,$B$418:E451,3,FALSE),"") -> 2026/01 | E31: CARGA, MANOBRA E DESCARGA DE ENTULHO EM CAMINHÃO BASCULANTE 6 M³ - CARGA COM ESCAVADEIRA HIDRÁULICA (CAÇAMBA DE 0,80 M³ / 111 HP) E DESCARGA LIVRE (UNIDADE: M3). AF_07/2020 | F31: M3 | G31: 27 | H31: =ROUND(J31/1.21,2) -> 10.44 | I31: =ROUND(H31*G31,2) -> 281.88 | J31: 12.63 | K31: =ROUND(G31*J31,2) -> 341.01 | L31: CARGA DE CAMADA VEGETAL
A32: =LEN(B32) -> 5 | B32: 02.06 | C32: LIGAÇÕES PROVISÓRIAS E POÇOS DE ÁGUA
A33: =LEN(B33) -> 18 | B33: 02.101.000040.SERU | C33: =IFERROR(VLOOKUP(A33,$B$418:D453,2,FALSE),"") -> PINI-N | D33: =IFERROR(VLOOKUP(A33,$B$418:E453,3,FALSE),"") -> 2026/02 | E33: Ligação provisória de água para obra e instalação sanitária provisória, pequenas obras - instalação mínima | F33: UN | G33: 1 | H33: =ROUND(J33/1.21,2) -> 4295.88 | I33: =ROUND(H33*G33,2) -> 4295.88 | J33: 5198.02 | K33: =ROUND(G33*J33,2) -> 5198.02 | L33: LIGAÇÃO DE ÁGUA PARA OBRA
A34: =LEN(B34) -> 21 | B34: 02.101.000045.SER/CPU | C34: COMPOSICAO | D34: 2025/08 | E34: Ligação provisória de luz e força com poste padrão de concreto CPFL para obra - instalação mínima | F34: UN | G34: 1 | H34: =ROUND(J34/1.21,2) -> 4461.17 | I34: =ROUND(H34*G34,2) -> 4461.17 | J34: 5398.01 | K34: =ROUND(G34*J34,2) -> 5398.01 | L34: LIGUAÇÃO DE LUZ PARA OBRA
B35: SUBTOTAL (ETAPA) | K35: =SUM(K19:K34) -> 75064.54
A36: =LEN(B36) -> 1 | B36: 3 | C36: MOVIMENTO DE TERRA
A37: =LEN(B37) -> 5 | B37: 03.01 | C37: ESCAVAÇÕES, CARGAS E TRANSPORTES
A38: =LEN(B38) -> 6 | B38: 97914U | C38: =IFERROR(VLOOKUP(A38,$B$418:D457,2,FALSE),"") -> SINAPI | D38: =IFERROR(VLOOKUP(A38,$B$418:E457,3,FALSE),"") -> 2026/01 | E38: TRANSPORTE COM CAMINHÃO BASCULANTE DE 6 M³, EM VIA URBANA PAVIMENTADA, DMT ATÉ 30 KM (UNIDADE: M3XKM). AF_07/2020 | F38: M3XKM | G38: 97.5 | H38: =ROUND(J38/1.21,2) -> 3.25 | I38: =ROUND(H38*G38,2) -> 316.88 | J38: 3.93 | K38: =ROUND(G38*J38,2) -> 383.18 | L38: TRANSPORTE DO CORTE DO TERRENO
A39: =LEN(B39) -> 7 | B39: 100973U | C39: =IFERROR(VLOOKUP(A39,$B$418:D458,2,FALSE),"") -> SINAPI | D39: =IFERROR(VLOOKUP(A39,$B$418:E458,3,FALSE),"") -> 2026/01 | E39: CARGA, MANOBRA E DESCARGA DE SOLOS E MATERIAIS GRANULARES EM CAMINHÃO BASCULANTE 6 M³ - CARGA COM PÁ CARREGADEIRA (CAÇAMBA DE 1,7 A 2,8 M³ / 128 HP) E DESCARGA LIVRE (UNIDADE: M3). AF_07/2020 | F39: M3 | G39: 39 | H39: =ROUND(J39/1.21,2) -> 9.64 | I39: =ROUND(H39*G39,2) -> 375.96 | J39: 11.66 | K39: =ROUND(G39*J39,2) -> 454.74 | L39: CARGA DO CORTE DO TERRENO
A40: =LEN(B40) -> 7 | B40: 101219U | C40: =IFERROR(VLOOKUP(A40,$B$418:D459,2,FALSE),"") -> SINAPI | D40: =IFERROR(VLOOKUP(A40,$B$418:E459,3,FALSE),"") -> 2026/01 | E40: ESCAVAÇÃO VERTICAL PARA EDIFICAÇÃO, COM CARGA, DESCARGA E TRANSPORTE DE SOLO DE 1ª CATEGORIA, COM ESCAVADEIRA HIDRÁULICA (CAÇAMBA: 0,8 M³ / 111 HP), FROTA DE 6 CAMINHÕES BASCULANTES DE 18 M³, DMT DE 6 KM E VELOCIDADE MÉDIA 22 KM/H. AF_05/2020 | F40: M3 | G40: 30 | H40: =ROUND(J40/1.21,2) -> 28.18 | I40: =ROUND(H40*G40,2) -> 845.4 | J40: 34.1 | K40: =ROUND(G40*J40,2) -> 1023 | L40: CORTE DO TERRENO
A41: =LEN(B41) -> 5 | B41: 03.02 | C41: ATERRO E COMPACTAÇÃO
B42: 97914U | C42: =IFERROR(VLOOKUP(#REF!,$B$418:D463,2,FALSE),"") | D42: =IFERROR(VLOOKUP(#REF!,$B$418:E463,3,FALSE),"") | E42: TRANSPORTE COM CAMINHÃO BASCULANTE DE 6 M³, EM VIA URBANA PAVIMENTADA, DMT ATÉ 30 KM (UNIDADE: M3XKM). AF_07/2020 | F42: M3XKM | G42: 49 | H42: =ROUND(J42/1.21,2) -> 3.25 | I42: =ROUND(H42*G42,2) -> 159.25 | J42: 3.93 | K42: =ROUND(G42*J42,2) -> 192.57 | L42: TRANSPORTE DA ARGILA (ATERRO)
B43: 100973U | C43: =IFERROR(VLOOKUP(#REF!,$B$418:D464,2,FALSE),"") | D43: =IFERROR(VLOOKUP(#REF!,$B$418:E464,3,FALSE),"") | E43: CARGA, MANOBRA E DESCARGA DE SOLOS E MATERIAIS GRANULARES EM CAMINHÃO BASCULANTE 6 M³ - CARGA COM PÁ CARREGADEIRA (CAÇAMBA DE 1,7 A 2,8 M³ / 128 HP) E DESCARGA LIVRE (UNIDADE: M3). AF_07/2020 | F43: M3 | G43: 19.5 | H43: =ROUND(J43/1.21,2) -> 9.64 | I43: =ROUND(H43*G43,2) -> 187.98 | J43: 11.66 | K43: =ROUND(G43*J43,2) -> 227.37 | L43: CARGA DA ARGILA (ATERRO)
A44: =LEN(B44) -> 7 | B44: 96385UU | C44: =IFERROR(VLOOKUP(A44,$B$418:D462,2,FALSE),"") -> SINAPI | D44: =IFERROR(VLOOKUP(A44,$B$418:E462,3,FALSE),"") -> 2026/01 | E44: EXECUÇÃO E COMPACTAÇÃO DE ATERRO COM SOLO PREDOMINANTEMENTE ARGILOSO - EXCLUSIVE SOLO, ESCAVAÇÃO, CARGA E TRANSPORTE. AF_11/2019 | F44: M3 | G44: 15 | H44: =ROUND(J44/1.21,2) -> 64.09 | I44: =ROUND(H44*G44,2) -> 961.35 | J44: 77.55 | K44: =ROUND(G44*J44,2) -> 1163.25 | L44: COMPACTAÇÃO DO ATERRO PARA REGULARIZAÇÃO NA ÁREA DE ATIVIDADES COLETIVAS
B45: SUBTOTAL (ETAPA) | K45: =SUM(K38:K44) -> 3444.11
A46: =LEN(B46) -> 1 | B46: 4 | C46: INFRAESTRUTURA-COBERTURA
A47: =LEN(B47) -> 5 | B47: 04.03 | C47: SERVIÇOS GERAIS DE FUNDAÇÃO-COBERTURAS
A48: =LEN(B48) -> 6 | B48: 93382U | C48: =IFERROR(VLOOKUP(A48,$B$418:D469,2,FALSE),"") -> SINAPI | D48: =IFERROR(VLOOKUP(A48,$B$418:E469,3,FALSE),"") -> 2026/01 | E48: REATERRO MANUAL DE VALAS, COM COMPACTADOR DE SOLOS DE PERCUSSÃO. AF_08/2023 | F48: M3 | G48: 25.56 | H48: =ROUND(J48/1.21,2) -> 35.72 | I48: =ROUND(H48*G48,2) -> 913 | J48: 43.22 | K48: =ROUND(G48*J48,2) -> 1104.7 | L48: REATERRO DOS BLOCOS E VIGA BALDRAME DA COBERTURA ATIVIDADES COLETIVAS
A49: =LEN(B49) -> 6 | B49: 96521U | C49: =IFERROR(VLOOKUP(A49,$B$418:D470,2,FALSE),"") -> SINAPI | D49: =IFERROR(VLOOKUP(A49,$B$418:E470,3,FALSE),"") -> 2026/01 | E49: ESCAVAÇÃO MECANIZADA PARA BLOCO DE COROAMENTO OU SAPATA COM RETROESCAVADEIRA (INCLUINDO ESCAVAÇÃO PARA COLOCAÇÃO DE FÔRMAS). AF_06/2017 | F49: M3 | G49: 16.02 | H49: =ROUND(J49/1.21,2) -> 48.07 | I49: =ROUND(H49*G49,2) -> 770.08 | J49: 58.17 | K49: =ROUND(G49*J49,2) -> 931.88 | L49: ESCAVAÇÃO DOS BLOCOS DA COBERTURA ATIVIDADES COLETIVAS
A50: =LEN(B50) -> 6 | B50: 96525U | C50: =IFERROR(VLOOKUP(A50,$B$418:D471,2,FALSE),"") -> SINAPI | D50: =IFERROR(VLOOKUP(A50,$B$418:E471,3,FALSE),"") -> 2026/01 | E50: ESCAVAÇÃO MECANIZADA PARA VIGA BALDRAME COM MINI-ESCAVADEIRA (INCLUINDO ESCAVAÇÃO PARA COLOCAÇÃO DE FÔRMAS). AF_06/2017 | F50: M3 | G50: 26.81 | H50: =ROUND(J50/1.21,2) -> 67.64 | I50: =ROUND(H50*G50,2) -> 1813.43 | J50: 81.84 | K50: =ROUND(G50*J50,2) -> 2194.13 | L50: ESCAVAÇÃO VIGAS BALDRAME DA COBERTURA ATIVIDADES COLETIVAS
A51: =LEN(B51) -> 6 | B51: 97914U | C51: =IFERROR(VLOOKUP(A51,$B$418:D472,2,FALSE),"") -> SINAPI | D51: =IFERROR(VLOOKUP(A51,$B$418:E472,3,FALSE),"") -> 2026/01 | E51: TRANSPORTE COM CAMINHÃO BASCULANTE DE 6 M³, EM VIA URBANA PAVIMENTADA, DMT ATÉ 30 KM (UNIDADE: M3XKM). AF_07/2020 | F51: M3XKM | G51: 53.9 | H51: =ROUND(J51/1.21,2) -> 3.25 | I51: =ROUND(H51*G51,2) -> 175.18 | J51: 3.93 | K51: =ROUND(G51*J51,2) -> 211.83 | L51: TRANSPORTE BOTA-FORA ESCAVAÇÃO
A52: =LEN(B52) -> 7 | B52: 100973U | C52: =IFERROR(VLOOKUP(A52,$B$418:D473,2,FALSE),"") -> SINAPI | D52: =IFERROR(VLOOKUP(A52,$B$418:E473,3,FALSE),"") -> 2026/01 | E52: CARGA, MANOBRA E DESCARGA DE SOLOS E MATERIAIS GRANULARES EM CAMINHÃO BASCULANTE 6 M³ - CARGA COM PÁ CARREGADEIRA (CAÇAMBA DE 1,7 A 2,8 M³ / 128 HP) E DESCARGA LIVRE (UNIDADE: M3). AF_07/2020 | F52: M3 | G52: 22.45 | H52: =ROUND(J52/1.21,2) -> 9.64 | I52: =ROUND(H52*G52,2) -> 216.42 | J52: 11.66 | K52: =ROUND(G52*J52,2) -> 261.77 | L52: CARGA BOTA-FORA ESCAVAÇÃO
A53: =LEN(B53) -> 7 | B53: 101619U | C53: =IFERROR(VLOOKUP(A53,$B$418:D474,2,FALSE),"") -> SINAPI | D53: =IFERROR(VLOOKUP(A53,$B$418:E474,3,FALSE),"") -> 2026/01 | E53: PREPARO DE FUNDO DE VALA COM LARGURA MENOR QUE 1,5 M, COM CAMADA DE BRITA, LANÇAMENTO MANUAL. AF_08/2020 | F53: M3 | G53: 1.33 | H53: =ROUND(J53/1.21,2) -> 287.19 | I53: =ROUND(H53*G53,2) -> 381.96 | J53: 347.5 | K53: =ROUND(G53*J53,2) -> 462.18 | L53: LASTRO DOS BLOCOS E VIGAS BALDRAME DA COBERTURA ATIVIDADES COLETIVAS
A54: =LEN(B54) -> 15 | B54: 14.01.020/CDHUU | C54: =IFERROR(VLOOKUP(A54,$B$418:D475,2,FALSE),"") -> CPOS | D54: =IFERROR(VLOOKUP(A54,$B$418:E475,3,FALSE),"") -> 2025/11 | E54: Alvenaria de embasamento em tijolo maciço comum | F54: M3 | G54: 6.9 | H54: =ROUND(J54/1.21,2) -> 1156.64 | I54: =ROUND(H54*G54,2) -> 7980.82 | J54: 1399.53 | K54: =ROUND(G54*J54,2) -> 9656.76 | L54: EMBASAMENTO DAS ALVENARIAS
A55: =LEN(B55) -> 5 | B55: 04.04 | C55: INFRAESTRUTURA - FORMAS-COBERTURAS
A56: =LEN(B56) -> 6 | B56: 96534U | C56: =IFERROR(VLOOKUP(A56,$B$418:D477,2,FALSE),"") -> SINAPI | D56: =IFERROR(VLOOKUP(A56,$B$418:E477,3,FALSE),"") -> 2026/01 | E56: FABRICAÇÃO, MONTAGEM E DESMONTAGEM DE FÔRMA PARA BLOCO DE COROAMENTO, EM MADEIRA SERRADA, E=25 MM, 4 UTILIZAÇÕES. AF_01/2024 | F56: M2 | G56: 33.1 | H56: =ROUND(J56/1.21,2) -> 92.93 | I56: =ROUND(H56*G56,2) -> 3075.98 | J56: 112.44 | K56: =ROUND(G56*J56,2) -> 3721.76 | L56: FÔRMAS DOS BLOCOS
A57: =LEN(B57) -> 6 | B57: 96536U | C57: =IFERROR(VLOOKUP(A57,$B$418:D478,2,FALSE),"") -> SINAPI | D57: =IFERROR(VLOOKUP(A57,$B$418:E478,3,FALSE),"") -> 2026/01 | E57: FABRICAÇÃO, MONTAGEM E DESMONTAGEM DE FÔRMA PARA VIGA BALDRAME, EM MADEIRA SERRADA, E=25 MM, 4 UTILIZAÇÕES. AF_06/2017 | F57: M2 | G57: 97.71 | H57: =ROUND(J57/1.21,2) -> 79.6 | I57: =ROUND(H57*G57,2) -> 7777.72 | J57: 96.32 | K57: =ROUND(G57*J57,2) -> 9411.43 | L57: FÔRMAS DAS VIGAS BALDRAME
A58: =LEN(B58) -> 5 | B58: 04.05 | C58: INFRAESTRUTURA - ARMADURAS-COBERTURAS
A59: =LEN(B59) -> 6 | B59: 96544U | C59: =IFERROR(VLOOKUP(A59,$B$418:D480,2,FALSE),"") -> SINAPI | D59: =IFERROR(VLOOKUP(A59,$B$418:E480,3,FALSE),"") -> 2026/01 | E59: ARMAÇÃO DE BLOCO, VIGA BALDRAME OU SAPATA UTILIZANDO AÇO CA-50 DE 6,3 MM - MONTAGEM. AF_06/2017 | F59: KG | G59: 212.4 | H59: =ROUND(J59/1.21,2) -> 18.53 | I59: =ROUND(H59*G59,2) -> 3935.77 | J59: 22.42 | K59: =ROUND(G59*J59,2) -> 4762.01 | L59: ARMADURA ESTRIBOS VIGAS BALDRAME DA COBERTURA ATIVIDADES COLETIVAS
A60: =LEN(B60) -> 6 | B60: 96546U | C60: =IFERROR(VLOOKUP(A60,$B$418:D481,2,FALSE),"") -> SINAPI | D60: =IFERROR(VLOOKUP(A60,$B$418:E481,3,FALSE),"") -> 2026/01 | E60: ARMAÇÃO DE BLOCO, VIGA BALDRAME OU SAPATA UTILIZANDO AÇO CA-50 DE 10 MM - MONTAGEM. AF_06/2017 | F60: KG | G60: 192 | H60: =ROUND(J60/1.21,2) -> 13.53 | I60: =ROUND(H60*G60,2) -> 2597.76 | J60: 16.37 | K60: =ROUND(G60*J60,2) -> 3143.04 | L60: ARMADURA LONGITUDINAL VIGAS BALDRAME DA COBERTURA ATIVIDADES COLETIVAS
A61: =LEN(B61) -> 6 | B61: 96547U | C61: =IFERROR(VLOOKUP(A61,$B$418:D482,2,FALSE),"") -> SINAPI | D61: =IFERROR(VLOOKUP(A61,$B$418:E482,3,FALSE),"") -> 2026/01 | E61: ARMAÇÃO DE BLOCO, VIGA BALDRAME OU SAPATA UTILIZANDO AÇO CA-50 DE 12,5 MM - MONTAGEM. AF_06/2017 | F61: KG | G61: 181.9 | H61: =ROUND(J61/1.21,2) -> 9.96 | I61: =ROUND(H61*G61,2) -> 1811.72 | J61: 12.05 | K61: =ROUND(G61*J61,2) -> 2191.9 | L61: ARMADURA LONGITUDINAL VIGAS BALDRAME DA COBERTURA ATIVIDADES COLETIVAS
A62: =LEN(B62) -> 5 | B62: 04.06 | C62: INFRAESTRUTURA - CONCRETO-COBERTURAS
A63: =LEN(B63) -> 6 | B63: 96557U | C63: =IFERROR(VLOOKUP(A63,$B$418:D484,2,FALSE),"") -> SINAPI | D63: =IFERROR(VLOOKUP(A63,$B$418:E484,3,FALSE),"") -> 2026/01 | E63: CONCRETAGEM DE BLOCOS DE COROAMENTO E VIGAS BALDRAMES, FCK 30 MPA, COM USO DE BOMBA ? LANÇAMENTO, ADENSAMENTO E ACABAMENTO. AF_06/2017 | F63: M3 | G63: 12.77 | H63: =ROUND(J63/1.21,2) -> 636.58 | I63: =ROUND(H63*G63,2) -> 8129.13 | J63: 770.26 | K63: =ROUND(G63*J63,2) -> 9836.22 | L63: CONCRETAGEM VIGAS BALDRAME COBERTURA DE ATIVIDADES COLETIVAS
A64: =LEN(B64) -> 5 | B64: 04.07 | C64: FUNDAÇÕES PROFUNDAS-COBERTURAS E RADIER
A65: =LEN(B65) -> 6 | B65: 95576U | C65: =IFERROR(VLOOKUP(A65,$B$418:D487,2,FALSE),"") -> SINAPI | D65: =IFERROR(VLOOKUP(A65,$B$418:E487,3,FALSE),"") -> 2026/01 | E65: MONTAGEM DE ARMADURA DE ESTACAS, DIÂMETRO = 8,0 MM. AF_09/2021_PS | F65: KG | G65: 57.7 | H65: =ROUND(J65/1.21,2) -> 11.33 | I65: =ROUND(H65*G65,2) -> 653.74 | J65: 13.71 | K65: =ROUND(G65*J65,2) -> 791.07 | L65: ARMADURA DE REFORÇO DAS ESTACAS DA COBERTURA ATIVIDADES COLETIVAS E RADIER RESERVATÓRIO
A66: =LEN(B66) -> 6 | B66: 95577U | C66: =IFERROR(VLOOKUP(A66,$B$418:D488,2,FALSE),"") -> SINAPI | D66: =IFERROR(VLOOKUP(A66,$B$418:E488,3,FALSE),"") -> 2026/01 | E66: MONTAGEM DE ARMADURA DE ESTACAS, DIÂMETRO = 10,0 MM. AF_09/2021_PS | F66: KG | G66: 646.5 | H66: =ROUND(J66/1.21,2) -> 9.12 | I66: =ROUND(H66*G66,2) -> 5896.08 | J66: 11.04 | K66: =ROUND(G66*J66,2) -> 7137.36 | L66: ARMADURA LONGITUDINAL DAS ESTACAS DA COBERTURA ATIVIDADES COLETIVAS E RADIER RESERVATÓRIO
A67: =LEN(B67) -> 6 | B67: 95578U | C67: =IFERROR(VLOOKUP(A67,$B$418:D489,2,FALSE),"") -> SINAPI | D67: =IFERROR(VLOOKUP(A67,$B$418:E489,3,FALSE),"") -> 2026/01 | E67: MONTAGEM DE ARMADURA DE ESTACAS, DIÂMETRO = 12,5 MM. AF_09/2021_PS | F67: KG | G67: 563.7 | H67: =ROUND(J67/1.21,2) -> 7.41 | I67: =ROUND(H67*G67,2) -> 4177.02 | J67: 8.97 | K67: =ROUND(G67*J67,2) -> 5056.39 | L67: ARMADURA LONGITUDINAL DAS ESTACAS DA COBERTURA ATIVIDADES COLETIVAS E RADIER RESERVATÓRIO
A68: =LEN(B68) -> 6 | B68: 95584U | C68: =IFERROR(VLOOKUP(A68,$B$418:D490,2,FALSE),"") -> SINAPI | D68: =IFERROR(VLOOKUP(A68,$B$418:E490,3,FALSE),"") -> 2026/01 | E68: MONTAGEM DE ARMADURA TRANSVERSAL DE ESTACAS DE SEÇÃO CIRCULAR, DIÂMETRO = 6,30 MM. AF_09/2021_PS | F68: KG | G68: 162.8 | H68: =ROUND(J68/1.21,2) -> 13.36 | I68: =ROUND(H68*G68,2) -> 2175.01 | J68: 16.16 | K68: =ROUND(G68*J68,2) -> 2630.85 | L68: ARMADURA ESTRIBOS DAS ESTACAS DA COBERTURA ATIVIDADES COLETIVAS E RADIER RESERVATÓRIO
A69: =LEN(B69) -> 6 | B69: 95601U | C69: =IFERROR(VLOOKUP(A69,$B$418:D491,2,FALSE),"") -> SINAPI | D69: =IFERROR(VLOOKUP(A69,$B$418:E491,3,FALSE),"") -> 2026/01 | E69: ARRASAMENTO MECANICO DE ESTACA DE CONCRETO ARMADO, DIAMETROS DE ATÉ 40 CM. AF_05/2021 | F69: UN | G69: 25 | H69: =ROUND(J69/1.21,2) -> 11.98 | I69: =ROUND(H69*G69,2) -> 299.5 | J69: 14.5 | K69: =ROUND(G69*J69,2) -> 362.5
A70: =LEN(B70) -> 8 | B70: 100651UD | C70: =IFERROR(VLOOKUP(A70,$B$418:D492,2,FALSE),"") -> SINAPI | D70: =IFERROR(VLOOKUP(A70,$B$418:E492,3,FALSE),"") -> 2026/01 | E70: ESTACA HÉLICE CONTÍNUA, DIÂMETRO DE 30 CM, INCLUSO CONCRETO FCK=30MPA (EXCLUSIVE BOMBEAMENTO, MOBILIZAÇÃO E DESMOBILIZAÇÃO). AF_12/2019_PA | F70: M | G70: 220 | H70: =ROUND(J70/1.21,2) -> 115.86 | I70: =ROUND(H70*G70,2) -> 25489.2 | J70: 140.19 | K70: =ROUND(G70*J70,2) -> 30841.8 | L70: SERVIÇO DE EXECUÇÃO DAS ESTACAS COM CONCRETAGEM
A71: =LEN(B71) -> 14 | B71: 12.12.010/CDHU | C71: =IFERROR(VLOOKUP(A71,$B$418:D493,2,FALSE),"") -> CPOS | D71: =IFERROR(VLOOKUP(A71,$B$418:E493,3,FALSE),"") -> 2025/11 | E71: Taxa de mobilização e desmobilização de equipamentos para execução de estaca tipo hélice contínua em solo | F71: TX | G71: 1 | H71: =ROUND(J71/1.21,2) -> 43530.57 | I71: =ROUND(H71*G71,2) -> 43530.57 | J71: 52671.99 | K71: =ROUND(G71*J71,2) -> 52671.99 | L71: MOBILIZAÇÃO DOS EQUIPAMENTOS PARA EXECUÇÃO DAS ESTACAS
A72: =LEN(B72) -> 5 | B72: 04.09 | C72: SERVIÇOS GERAIS DE FUNDAÇÃO-RADIER
A73: =LEN(B73) -> 6 | B73: 93382U | C73: =IFERROR(VLOOKUP(A73,$B$418:D496,2,FALSE),"") -> SINAPI | D73: =IFERROR(VLOOKUP(A73,$B$418:E496,3,FALSE),"") -> 2026/01 | E73: REATERRO MANUAL DE VALAS, COM COMPACTADOR DE SOLOS DE PERCUSSÃO. AF_08/2023 | F73: M3 | G73: 1.98 | H73: =ROUND(J73/1.21,2) -> 35.72 | I73: =ROUND(H73*G73,2) -> 70.73 | J73: 43.22 | K73: =ROUND(G73*J73,2) -> 85.58 | L73: REATERRO DA VALA DO RADIER RESERVATÓRIO
A74: =LEN(B74) -> 6 | B74: 96523U | C74: =IFERROR(VLOOKUP(A74,$B$418:D497,2,FALSE),"") -> SINAPI | D74: =IFERROR(VLOOKUP(A74,$B$418:E497,3,FALSE),"") -> 2026/01 | E74: ESCAVAÇÃO MANUAL PARA BLOCO DE COROAMENTO OU SAPATA (INCLUINDO ESCAVAÇÃO PARA COLOCAÇÃO DE FÔRMAS). AF_01/2024 | F74: M3 | G74: 10.4 | H74: =ROUND(J74/1.21,2) -> 132.06 | I74: =ROUND(H74*G74,2) -> 1373.42 | J74: 159.79 | K74: =ROUND(G74*J74,2) -> 1661.82 | L74: ESCAVAÇÃO DA VALA DO RADIER RESERVATÓRIO
A75: =LEN(B75) -> 6 | B75: 96622U | C75: =IFERROR(VLOOKUP(A75,$B$418:D498,2,FALSE),"") -> SINAPI | D75: =IFERROR(VLOOKUP(A75,$B$418:E498,3,FALSE),"") -> 2026/01 | E75: LASTRO COM MATERIAL GRANULAR, APLICADO EM PISOS OU LAJES SOBRE SOLO, ESPESSURA DE *5 CM*. AF_08/2017 | F75: M3 | G75: 0.65 | H75: =ROUND(J75/1.21,2) -> 201.77 | I75: =ROUND(H75*G75,2) -> 131.15 | J75: 244.14 | K75: =ROUND(G75*J75,2) -> 158.69 | L75: LASTRO DA VALA DO RADIER RESERVATÓRIO
A76: =LEN(B76) -> 6 | B76: 97083U | C76: =IFERROR(VLOOKUP(A76,$B$418:D499,2,FALSE),"") -> SINAPI | D76: =IFERROR(VLOOKUP(A76,$B$418:E499,3,FALSE),"") -> 2026/01 | E76: COMPACTAÇÃO MECÂNICA DE SOLO PARA EXECUÇÃO DE RADIER, PISO DE CONCRETO OU LAJE SOBRE SOLO, COM COMPACTADOR DE SOLOS A PERCUSSÃO. AF_09/2021 | F76: M2 | G76: 16 | H76: =ROUND(J76/1.21,2) -> 4.6 | I76: =ROUND(H76*G76,2) -> 73.6 | J76: 5.56 | K76: =ROUND(G76*J76,2) -> 88.96 | L76: COMPACTAÇÃO DO FUNDO DE VALA DO RADIER RESERVATÓRIO
A77: =LEN(B77) -> 6 | B77: 97087U | C77: =IFERROR(VLOOKUP(A77,$B$418:D500,2,FALSE),"") -> SINAPI | D77: =IFERROR(VLOOKUP(A77,$B$418:E500,3,FALSE),"") -> 2026/01 | E77: CAMADA SEPARADORA PARA EXECUÇÃO DE RADIER, PISO DE CONCRETO OU LAJE SOBRE SOLO, EM LONA PLÁSTICA. AF_09/2021 | F77: M2 | G77: 16 | H77: =ROUND(J77/1.21,2) -> 3.03 | I77: =ROUND(H77*G77,2) -> 48.48 | J77: 3.67 | K77: =ROUND(G77*J77,2) -> 58.72 | L77: LONA
A78: =LEN(B78) -> 6 | B78: 97914U | C78: =IFERROR(VLOOKUP(A78,$B$418:D501,2,FALSE),"") -> SINAPI | D78: =IFERROR(VLOOKUP(A78,$B$418:E501,3,FALSE),"") -> 2026/01 | E78: TRANSPORTE COM CAMINHÃO BASCULANTE DE 6 M³, EM VIA URBANA PAVIMENTADA, DMT ATÉ 30 KM (UNIDADE: M3XKM). AF_07/2020 | F78: M3XKM | G78: 26.28 | H78: =ROUND(J78/1.21,2) -> 3.25 | I78: =ROUND(H78*G78,2) -> 85.41 | J78: 3.93 | K78: =ROUND(G78*J78,2) -> 103.28 | L78: TRANSPORTE BOTA-FORA ESCAVAÇÃO
A79: =LEN(B79) -> 7 | B79: 100973U | C79: =IFERROR(VLOOKUP(A79,$B$418:D502,2,FALSE),"") -> SINAPI | D79: =IFERROR(VLOOKUP(A79,$B$418:E502,3,FALSE),"") -> 2026/01 | E79: CARGA, MANOBRA E DESCARGA DE SOLOS E MATERIAIS GRANULARES EM CAMINHÃO BASCULANTE 6 M³ - CARGA COM PÁ CARREGADEIRA (CAÇAMBA DE 1,7 A 2,8 M³ / 128 HP) E DESCARGA LIVRE (UNIDADE: M3). AF_07/2020 | F79: M3 | G79: 10.95 | H79: =ROUND(J79/1.21,2) -> 9.64 | I79: =ROUND(H79*G79,2) -> 105.56 | J79: 11.66 | K79: =ROUND(G79*J79,2) -> 127.68 | L79: CARGA BOTA-FORA ESCAVAÇÃO
A80: =LEN(B80) -> 5 | B80: 04.10 | C80: INFRAESTRUTURA - FORMAS-RADIER
A81: =LEN(B81) -> 6 | B81: 89849U | C81: =IFERROR(VLOOKUP(A81,$B$418:D504,2,FALSE),"") -> SINAPI | D81: =IFERROR(VLOOKUP(A81,$B$418:E504,3,FALSE),"") -> 2026/01 | E81: TUBO PVC, SERIE NORMAL, ESGOTO PREDIAL, DN 150 MM, FORNECIDO E INSTALADO EM SUBCOLETOR AÉREO DE ESGOTO SANITÁRIO. AF_08/2022 | F81: M | G81: 3 | H81: =ROUND(J81/1.21,2) -> 72.33 | I81: =ROUND(H81*G81,2) -> 216.99 | J81: 87.52 | K81: =ROUND(G81*J81,2) -> 262.56 | L81: TUBOS PARA GRAUTE DO RADIER ANCORAGEM DO RESERVATÓRIO
A82: =LEN(B82) -> 6 | B82: 97086U | C82: =IFERROR(VLOOKUP(A82,$B$418:D505,2,FALSE),"") -> SINAPI | D82: =IFERROR(VLOOKUP(A82,$B$418:E505,3,FALSE),"") -> 2026/01 | E82: FABRICAÇÃO, MONTAGEM E DESMONTAGEM DE FORMA PARA RADIER, PISO DE CONCRETO OU LAJE SOBRE SOLO, EM MADEIRA SERRADA, 4 UTILIZAÇÕES. AF_09/2021 | F82: M2 | G82: 8.64 | H82: =ROUND(J82/1.21,2) -> 168.64 | I82: =ROUND(H82*G82,2) -> 1457.05 | J82: 204.06 | K82: =ROUND(G82*J82,2) -> 1763.08 | L82: FÔRMAS PARA O RADIER
A83: =LEN(B83) -> 5 | B83: 04.11 | C83: INFRAESTRUTURA - ARMADURAS-RADIER
A84: =LEN(B84) -> 7 | B84: 104915U | C84: =IFERROR(VLOOKUP(A84,$B$418:D507,2,FALSE),"") -> SINAPI | D84: =IFERROR(VLOOKUP(A84,$B$418:E507,3,FALSE),"") -> 2026/01 | E84: ARMAÇÃO DE BLOCO E SAPATA UTILIZANDO AÇO CA-50 DE 25 MM - MONTAGEM. AF_01/2024 | F84: KG | G84: 18.5 | H84: =ROUND(J84/1.21,2) -> 8.28 | I84: =ROUND(H84*G84,2) -> 153.18 | J84: 10.02 | K84: =ROUND(G84*J84,2) -> 185.37 | L84: ARMADURAS PARA O RADIER
A85: =LEN(B85) -> 7 | B85: 104920U | C85: =IFERROR(VLOOKUP(A85,$B$418:D508,2,FALSE),"") -> SINAPI | D85: =IFERROR(VLOOKUP(A85,$B$418:E508,3,FALSE),"") -> 2026/01 | E85: ARMAÇÃO DE BLOCO, SAPATA ISOLADA, VIGA BALDRAME E SAPATA CORRIDA UTILIZANDO AÇO CA-50 DE 12,5 MM - MONTAGEM. AF_01/2024 | F85: KG | G85: 606.9 | H85: =ROUND(J85/1.21,2) -> 9.92 | I85: =ROUND(H85*G85,2) -> 6020.45 | J85: 12 | K85: =ROUND(G85*J85,2) -> 7282.8 | L85: ARMADURAS PARA O RADIER
A86: =LEN(B86) -> 5 | B86: 04.12 | C86: INFRAESTRUTURA - CONCRETO-RADIER
A87: =LEN(B87) -> 6 | B87: 97096U | C87: =IFERROR(VLOOKUP(A87,$B$418:D510,2,FALSE),"") -> SINAPI | D87: =IFERROR(VLOOKUP(A87,$B$418:E510,3,FALSE),"") -> 2026/01 | E87: CONCRETAGEM DE RADIER, PISO DE CONCRETO OU LAJE SOBRE SOLO, FCK 30 MPA - LANÇAMENTO, ADENSAMENTO E ACABAMENTO. AF_09/2021 | F87: M3 | G87: 7.8 | H87: =ROUND(J87/1.21,2) -> 552.32 | I87: =ROUND(H87*G87,2) -> 4308.1 | J87: 668.31 | K87: =ROUND(G87*J87,2) -> 5212.82 | L87: CONCRETAGEM DO RADIER DO RESERVATÓRIO
B88: SUBTOTAL (ETAPA) | K88: =SUM(K48:K87) -> 164372.93
A89: =LEN(B89) -> 1 | B89: 5 | C89: PAREDES E PAINÉIS
A90: =LEN(B90) -> 5 | B90: 05.01 | C90: ALVENARIA DE VEDAÇÃO
A91: =LEN(B91) -> 6 | B91: 89993U | C91: =IFERROR(VLOOKUP(A91,$B$418:D513,2,FALSE),"") -> SINAPI | D91: =IFERROR(VLOOKUP(A91,$B$418:E513,3,FALSE),"") -> 2026/01 | E91: GRAUTEAMENTO VERTICAL EM ALVENARIA ESTRUTURAL. AF_09/2021 | F91: M3 | G91: 0.6 | H91: =ROUND(J91/1.21,2) -> 1122.66 | I91: =ROUND(H91*G91,2) -> 673.6 | J91: 1358.42 | K91: =ROUND(G91*J91,2) -> 815.05 | L91: GRAUTE DA ALVENARIA DE AMPLIAÇÃO
A92: =LEN(B92) -> 6 | B92: 89996U | C92: =IFERROR(VLOOKUP(A92,$B$418:D514,2,FALSE),"") -> SINAPI | D92: =IFERROR(VLOOKUP(A92,$B$418:E514,3,FALSE),"") -> 2026/01 | E92: ARMAÇÃO VERTICAL DE ALVENARIA ESTRUTURAL; DIÂMETRO DE 10,0 MM. AF_09/2021 | F92: KG | G92: 30 | H92: =ROUND(J92/1.21,2) -> 9.79 | I92: =ROUND(H92*G92,2) -> 293.7 | J92: 11.85 | K92: =ROUND(G92*J92,2) -> 355.5 | L92: ARMADURA DE ANCORAGEM DAS ALVENARIAS DA AMPLIAÇÃO NO PISO
A93: =LEN(B93) -> 6 | B93: 98575U | C93: =IFERROR(VLOOKUP(A93,$B$418:D515,2,FALSE),"") -> SINAPI | D93: =IFERROR(VLOOKUP(A93,$B$418:E515,3,FALSE),"") -> 2026/01 | E93: TRATAMENTO DE JUNTA DE DILATAÇÃO, COM TARUGO DE POLIETILENO E SELANTE PU, INCLUSO PREENCHIMENTO COM ESPUMA EXPANSIVA PU. AF_09/2023 | F93: M | G93: 14.64 | H93: =ROUND(J93/1.21,2) -> 80.82 | I93: =ROUND(H93*G93,2) -> 1183.2 | J93: 97.79 | K93: =ROUND(G93*J93,2) -> 1431.65 | L93: JUNTA DE DILATAÇÃO ENTRE PRÉDIO EXISTENTE E AMPLIAÇÃO PISO E PAREDES
A94: =LEN(B94) -> 7 | B94: 103326U | C94: =IFERROR(VLOOKUP(A94,$B$418:D516,2,FALSE),"") -> SINAPI | D94: =IFERROR(VLOOKUP(A94,$B$418:E516,3,FALSE),"") -> 2026/01 | E94: ALVENARIA DE VEDAÇÃO DE BLOCOS CERÂMICOS FURADOS NA VERTICAL DE 19X19X39 CM (ESPESSURA 19 CM) E ARGAMASSA DE ASSENTAMENTO COM PREPARO EM BETONEIRA. AF_12/2021 | F94: M2 | G94: 229 | H94: =ROUND(J94/1.21,2) -> 103.06 | I94: =ROUND(H94*G94,2) -> 23600.74 | J94: 124.7 | K94: =ROUND(G94*J94,2) -> 28556.3 | L94: ALVENARIA AMPLIAÇÃO
A95: =LEN(B95) -> 15 | B95: 01.23.030/CDHUU | C95: =IFERROR(VLOOKUP(A95,$B$418:D517,2,FALSE),"") -> CPOS | D95: =IFERROR(VLOOKUP(A95,$B$418:E517,3,FALSE),"") -> 2025/11 | E95: Preparo de ponte de aderência com adesivo a base de epóxi | F95: M2 | G95: 0.15 | H95: =ROUND(J95/1.21,2) -> 167.88 | I95: =ROUND(H95*G95,2) -> 25.18 | J95: 203.14 | K95: =ROUND(G95*J95,2) -> 30.47 | L95: PARA A ARMADURA DE ANCORAGEM DAS ALVENARIAS DA AMPLIAÇÃO NO PISO
A96: =LEN(B96) -> 15 | B96: 01.23.254/CDHUU | C96: =IFERROR(VLOOKUP(A96,$B$418:D518,2,FALSE),"") -> CPOS | D96: =IFERROR(VLOOKUP(A96,$B$418:E518,3,FALSE),"") -> 2025/11 | E96: Furação de 1´ em concreto armado | F96: M | G96: 6 | H96: =ROUND(J96/1.21,2) -> 272.73 | I96: =ROUND(H96*G96,2) -> 1636.38 | J96: 330 | K96: =ROUND(G96*J96,2) -> 1980 | L96: PARA A ARMADURA DE ANCORAGEM DAS ALVENARIAS DA AMPLIAÇÃO NO PISO
A97: =LEN(B97) -> 15 | B97: 32.17.010/CDHUU | C97: =IFERROR(VLOOKUP(A97,$B$418:D519,2,FALSE),"") -> CPOS | D97: =IFERROR(VLOOKUP(A97,$B$418:E519,3,FALSE),"") -> 2025/11 | E97: Impermeabilização em argamassa impermeável com aditivo hidrófugo | F97: M3 | G97: 0.66 | H97: =ROUND(J97/1.21,2) -> 1018.86 | I97: =ROUND(H97*G97,2) -> 672.45 | J97: 1232.82 | K97: =ROUND(G97*J97,2) -> 813.66 | L97: ADITIVO IMPERMEABILIZANTE NA ARGAMASSA DE ASSENTAMENTO DAS 5 PRIMEIRAS FIADAS
A98: =LEN(B98) -> 15 | B98: 32.17.030/CDHUU | C98: =IFERROR(VLOOKUP(A98,$B$418:D520,2,FALSE),"") -> CPOS | D98: =IFERROR(VLOOKUP(A98,$B$418:E520,3,FALSE),"") -> 2025/11 | E98: Impermeabilização em argamassa polimérica para umidade e água de percolação | F98: M2 | G98: 34.29 | H98: =ROUND(J98/1.21,2) -> 18.75 | I98: =ROUND(H98*G98,2) -> 642.94 | J98: 22.69 | K98: =ROUND(G98*J98,2) -> 778.04 | L98: FAIXAS DE 50CM NO PISO ARMADO ONDE SERÃO ERGUIDAS AS PAREDES
A99: =LEN(B99) -> 5 | B99: 05.02 | E99: VERGAS
A100: =LEN(B100) -> 6 | B100: 93191U | C100: =IFERROR(VLOOKUP(A100,$B$418:D520,2,FALSE),"") -> SINAPI | D100: =IFERROR(VLOOKUP(A100,$B$418:E520,3,FALSE),"") -> 2026/01 | E100: VERGA MOLDADA IN LOCO COM UTILIZAÇÃO DE BLOCOS CANALETA, ESPESSURA DE *20* CM. AF_03/2024 | F100: M | G100: 32.5 | H100: =ROUND(J100/1.21,2) -> 73.6 | I100: =ROUND(H100*G100,2) -> 2392 | J100: 89.05 | K100: =ROUND(G100*J100,2) -> 2894.13 | L100: VERGAS PORTAS E JANELAS
...

Sheet CRONOG. AMPLIAÇÃO
A1: PREFETURA MUNICIPAL DE INDAIATUBA
A2: SECRETARIA MUNICIPAL DE PLANEJAMENTO URBANO E ENGENHARIA
A3: Estado de São Paulo
A5: CRONOGRAMA FÍSICO - FINANCEIRO
A6: Obra: REFORMA E AMPLIAÇÃO DA UBS 7
A7: Orçamento: AMPLIAÇÃO DA UBS 7
A8: Local: R. José de Campos, 709 - Jardim Morada do Sol, Indaiatuba - SP
A9: ETAPAS | B9: V. dos Serv. | C9: % | D9: Mês 01 | E9: Mês 02 | F9: Mês 03 | G9: Mês 04 | H9: Mês 05 | I9: Mês 06 | J9: Mês 07 | K9: Mês 08
B10: R$ | D10: R$ | E10: R$ | F10: R$ | G10: R$ | H10: R$ | I10: R$ | J10: R$ | K10: R$
A11: ='ORÇAM AMPLIAÇÃO'!C10 -> SERVIÇOS INICIAIS | B11: ='ORÇAM AMPLIAÇÃO'!K16 -> 442235.85 | C11: =B11/$B$30 -> 0.30861507 | D11: =$B$11/8 -> 55279.481 | E11: =$B$11/8 -> 55279.481 | F11: =$B$11/8 -> 55279.481 | G11: =$B$11/8 -> 55279.481 | H11: =$B$11/8 -> 55279.481 | I11: =$B$11/8 -> 55279.481 | J11: =$B$11/8 -> 55279.481 | K11: =$B$11/8 -> 55279.481 | L11: =SUM(D11:K11) -> 442235.85
A12: ='ORÇAM AMPLIAÇÃO'!C17 -> INSTALAÇÃO DO CANTEIRO DE OBRA | B12: ='ORÇAM AMPLIAÇÃO'!K35 -> 75064.54 | C12: =B12/$B$30 -> 0.052383922 | D12: =$B$12/3 -> 25021.513 | E12: =$B$12/3 -> 25021.513 | F12: =$B$12/3 -> 25021.513 | L12: =SUM(D12:K12) -> 75064.54
A13: ='ORÇAM AMPLIAÇÃO'!C36 -> MOVIMENTO DE TERRA | B13: ='ORÇAM AMPLIAÇÃO'!K45 -> 3444.11 | C13: =B13/$B$30 -> 0.0024034782 | E13: =B13 -> 3444.11 | L13: =SUM(D13:K13) -> 3444.11
A14: ='ORÇAM AMPLIAÇÃO'!C46 -> INFRAESTRUTURA-COBERTURA | B14: ='ORÇAM AMPLIAÇÃO'!K88 -> 164372.93 | C14: =B14/$B$30 -> 0.11470794 | F14: =$B$14/2 -> 82186.465 | G14: =$B$14/2 -> 82186.465 | L14: =SUM(D14:K14) -> 164372.93
A15: ='ORÇAM AMPLIAÇÃO'!C89 -> PAREDES E PAINÉIS | B15: ='ORÇAM AMPLIAÇÃO'!K103 -> 44453.34 | C15: =B15/$B$30 -> 0.031021842 | H15: =B15 -> 44453.34 | L15: =SUM(D15:K15) -> 44453.34
A16: ='ORÇAM AMPLIAÇÃO'!C104 -> ESQUADRIAS DE MADEIRA | B16: ='ORÇAM AMPLIAÇÃO'!K109 -> 15759.61 | C16: =B16/$B$30 -> 0.010997872 | H16: =$B$16/2 -> 7879.805 | I16: =$B$16/2 -> 7879.805 | L16: =SUM(D16:K16) -> 15759.61
A17: ='ORÇAM AMPLIAÇÃO'!C110 -> ESQUADRIAS METÁLICAS | B17: ='ORÇAM AMPLIAÇÃO'!K118 -> 29954.85 | C17: =B17/$B$30 -> 0.020904045 | H17: =$B$17/2 -> 14977.425 | I17: =$B$17/2 -> 14977.425 | L17: =SUM(D17:K17) -> 29954.85
A18: ='ORÇAM AMPLIAÇÃO'!C119 -> VIDROS | B18: ='ORÇAM AMPLIAÇÃO'!K123 -> 5173.29 | C18: =B18/$B$30 -> 0.0036101896 | H18: =B18 -> 5173.29 | L18: =SUM(D18:K18) -> 5173.29
A19: ='ORÇAM AMPLIAÇÃO'!C124 -> COBERTURA | B19: ='ORÇAM AMPLIAÇÃO'!K130 -> 149858.52 | C19: =B19/$B$30 -> 0.10457903 | G19: =$B$19/3 -> 49952.84 | H19: =$B$19/3 -> 49952.84 | I19: =$B$19/3 -> 49952.84 | L19: =SUM(D19:K19) -> 149858.52
A20: ='ORÇAM AMPLIAÇÃO'!C131 -> IMPERMEABILIZAÇÃO | B20: ='ORÇAM AMPLIAÇÃO'!K134 -> 14629.92 | C20: =B20/$B$30 -> 0.010209515 | F20: =B20 -> 14629.92 | L20: =SUM(D20:K20) -> 14629.92
A21: ='ORÇAM AMPLIAÇÃO'!C135 -> FORRO | B21: ='ORÇAM AMPLIAÇÃO'!K139 -> 11057.73 | C21: =B21/$B$30 -> 0.0077166564 | I21: =B21 -> 11057.73 | L21: =SUM(D21:K21) -> 11057.73
A22: ='ORÇAM AMPLIAÇÃO'!C140 -> REVESTIMENTO DE PAREDES INTERNAS | B22: ='ORÇAM AMPLIAÇÃO'!K149 -> 20560.66 | C22: =B22/$B$30 -> 0.014348293 | H22: =B22 -> 20560.66 | L22: =SUM(D22:K22) -> 20560.66
A23: ='ORÇAM AMPLIAÇÃO'!C150 -> REVESTIMENTO DE PAREDES EXTERNAS | B23: ='ORÇAM AMPLIAÇÃO'!K155 -> 11926.68 | C23: =B23/$B$30 -> 0.0083230547 | H23: =B23 -> 11926.68 | L23: =SUM(D23:K23) -> 11926.68
A24: ='ORÇAM AMPLIAÇÃO'!C156 -> PISOS INTERNOS | B24: ='ORÇAM AMPLIAÇÃO'!K171 -> 27437.98 | C24: =B24/$B$30 -> 0.019147643 | J24: =B24 -> 27437.98 | L24: =SUM(D24:K24) -> 27437.98
A25: ='ORÇAM AMPLIAÇÃO'!C172 -> INSTALAÇÕES HIDRÁULICAS | B25: ='ORÇAM AMPLIAÇÃO'!K291 -> 171461.45 | C25: =B25/$B$30 -> 0.11965468 | H25: =$B$25/2 -> 85730.725 | I25: =$B$25/2 -> 85730.725 | L25: =SUM(D25:K25) -> 171461.45
A26: ='ORÇAM AMPLIAÇÃO'!C292 -> INSTALAÇÕES ELÉTRICAS | B26: ='ORÇAM AMPLIAÇÃO'!K374 -> 139587.29 | C26: =B26/$B$30 -> 0.097411237 | H26: =$B$26/2 -> 69793.645 | I26: =$B$26/2 -> 69793.645 | L26: =SUM(D26:K26) -> 139587.29
A27: ='ORÇAM AMPLIAÇÃO'!C375 -> PINTURA | B27: ='ORÇAM AMPLIAÇÃO'!K396 -> 43416.07 | C27: =B27/$B$30 -> 0.030297981 | J27: =B27 -> 43416.07 | L27: =SUM(D27:K27) -> 43416.07
A28: ='ORÇAM AMPLIAÇÃO'!C397 -> SERVIÇOS COMPLEMENTARES EXTERNOS | B28: ='ORÇAM AMPLIAÇÃO'!K413 -> 62574.26 | C28: =B28/$B$30 -> 0.043667558 | K28: =B28 -> 62574.26 | L28: =SUM(D28:K28) -> 62574.26
A29: Sub Total Mensal | D29: =SUM(D11:D28) -> 80300.995 | E29: =SUM(E11:E28) -> 83745.105 | F29: =SUM(F11:F28) -> 177117.38 | G29: =SUM(G11:G28) -> 187418.79 | H29: =SUM(H11:H28) -> 365727.89 | I29: =SUM(I11:I28) -> 294671.65 | J29: =SUM(J11:J28) -> 126133.53 | K29: =SUM(K11:K28) -> 117853.74 | L29: =SUM(D29:K29) -> 1432969.1
A30: Total Acumulado | B30: =SUM(B11:B28) -> 1432969.1 | C30: =SUM(C11:C28) -> 1 | D30: =D29 -> 80300.995 | E30: =D30+E29 -> 164046.1 | F30: =E30+F29 -> 341163.48 | G30: =F30+G29 -> 528582.27 | H30: =G30+H29 -> 894310.16 | I30: =H30+I29 -> 1188981.8 | J30: =I30+J29 -> 1315115.3 | K30: =J30+K29 -> 1432969.1
A32: % Físico Mês | D32: =D29/$B$30 -> 0.056038191 | E32: =E29/$B$30 -> 0.058441669 | F32: =F29/$B$30 -> 0.12360168 | G32: =G29/$B$30 -> 0.13079053 | H32: =H29/$B$30 -> 0.25522385 | I32: =I29/$B$30 -> 0.20563713 | J32: =J29/$B$30 -> 0.088022507 | K32: =K29/$B$30 -> 0.082244441
A33: % Físico Acumulado | D33: =D30/B30 -> 0.056038191 | E33: =D33+E32 -> 0.11447986 | F33: =E33+F32 -> 0.23808154 | G33: =F33+G32 -> 0.36887207 | H33: =G33+H32 -> 0.62409592 | I33: =H33+I32 -> 0.82973305 | J33: =I33+J32 -> 0.91775556 | K33: =J33+K32 -> 1
A34: % Financeiro Mês | D34: =D32 -> 0.056038191 | E34: =E32 -> 0.058441669 | F34: =F32 -> 0.12360168 | G34: =G32 -> 0.13079053 | H34: =H32 -> 0.25522385 | I34: =I32 -> 0.20563713 | J34: =J32 -> 0.088022507 | K34: =K32 -> 0.082244441
A35: % Financeiro Acumulado | D35: =D33 -> 0.056038191 | E35: =E33 -> 0.11447986 | F35: =F33 -> 0.23808154 | G35: =G33 -> 0.36887207 | H35: =H33 -> 0.62409592 | I35: =I33 -> 0.82973305 | J35: =J33 -> 0.91775556 | K35: =K33 -> 1
A38: Indaiatuba, 17 de abril de 2026

Sheet ORÇAM. REFORMA
K1: Data: 17/04/2026
B2: PREFEITURA MUNICIPAL DE INDAIATUBA
B3: SECRETARIA MUNICIPAL DE PLANEJAMENTO URBANO E ENGENHARIA
B4: Estado de São Paulo
H5: TAXAS: BDI= 21,00% |LS= 115,01%
B6: OBRA : | C6: REFORMA E AMPLIAÇÃO DA UBS 7
B7: ORÇAMENTO : | C7: REFORMA DA UBS 7
B8: LOCAL : | C8: R. José de Campos, 709 - Jardim Morada do Sol, Indaiatuba - SP
B9: CÓDIGO | C9: FONTE | D9: DATA BASE | E9: DESCRIÇÃO | F9: UNID | G9: QUANT. | H9: PREÇO UNITÁRIO SEM BDI (R$) | I9: PREÇO TOTAL SEM BDI (R$) | J9: PREÇO UNITÁRIO COM BDI (R$) | K9: PREÇO TOTAL COM BDI (R$)
A10: =LEN(B10) -> 1 | B10: 2 | C10: INSTALAÇÃO DO CANTEIRO DE OBRA
A11: =LEN(B11) -> 5 | B11: 02.01 | C11: TAPUMES E ALOJAMENTOS
A12: =LEN(B12) -> 6 | B12: 98459U | C12: =IFERROR(VLOOKUP(A12,$B$217:$D$231,2,FALSE),"") -> SINAPI | D12: =IFERROR(VLOOKUP(A12,$B$217:$D$231,3,FALSE),"") -> 2026/01 | E12: TAPUME COM TELHA METÁLICA. AF_05/2018 | F12: M2 | G12: 133.91 | H12: =ROUND(J12/1.21,2) -> 96.36 | I12: =ROUND(G12*H12,2) -> 12903.57 | J12: 116.6 | K12: =ROUND(G12*J12,2) -> 15613.91
A13: =LEN(B13) -> 15 | B13: 05.07.040/CDHUU | C13: =IFERROR(VLOOKUP(A13,$B$217:$D$231,2,FALSE),"") -> CPOS | D13: =IFERROR(VLOOKUP(A13,$B$217:$D$231,3,FALSE),"") -> 2025/11 | E13: Remoção de entulho separado de obra com caçamba metálica - terra, alvenaria, concreto, argamassa, madeira, papel, plástico ou metal | F13: M3 | G13: 88 | H13: =ROUND(J13/1.21,2) -> 117.21 | I13: =ROUND(G13*H13,2) -> 10314.48 | J13: 141.83 | K13: =ROUND(G13*J13,2) -> 12481.04 | L13: RETIRADA DO ENTULHO
A14: =LEN(B14) -> 5 | B14: 02.02 | C14: LOCAÇÃO DE OBRA
A15: =LEN(B15) -> 6 | B15: 99059U | C15: =IFERROR(VLOOKUP(A15,$B$217:$D$231,2,FALSE),"") -> SINAPI | D15: =IFERROR(VLOOKUP(A15,$B$217:$D$231,3,FALSE),"") -> 2026/01 | E15: LOCACAO CONVENCIONAL DE OBRA, UTILIZANDO GABARITO DE TÁBUAS CORRIDAS PONTALETADAS A CADA 2,00M - 2 UTILIZAÇÕES. AF_10/2018 | F15: M | G15: 23.81 | H15: =ROUND(J15/1.21,2) -> 80.07 | I15: =ROUND(G15*H15,2) -> 1906.47 | J15: 96.89 | K15: =ROUND(G15*J15,2) -> 2306.95 | L15: COBERTURAS ENTRADA AMBULANCIA E PEDESTRES
A16: =LEN(B16) -> 5 | B16: 02.04 | C16: DEMOLIÇÕES E RETIRADAS
A17: =LEN(B17) -> 6 | B17: 90446U | C17: =IFERROR(VLOOKUP(A17,$B$217:$D$231,2,FALSE),"") -> SINAPI | D17: =IFERROR(VLOOKUP(A17,$B$217:$D$231,3,FALSE),"") -> 2026/01 | E17: RASGO LINEAR MECANIZADO EM CONTRAPISO, PARA RAMAIS/ DISTRIBUIÇÃO DE INSTALAÇÕES HIDRÁULICAS, DIÂMETROS MAIORES QUE 75 MM E MENORES OU IGUAIS A 100 MM. AF_09/2023_PS | F17: M | G17: 61.21 | H17: =ROUND(J17/1.21,2) -> 18.43 | I17: =ROUND(G17*H17,2) -> 1128.1 | J17: 22.3 | K17: =ROUND(G17*J17,2) -> 1364.98 | L17: RASGOS PARA PASSAGEM DA HIDRAULICA, ELÉTRICA, LÓGICA, GÁS E ÁGUAS PLUVIAIS
A18: =LEN(B18) -> 6 | B18: 97622U | C18: =IFERROR(VLOOKUP(A18,$B$217:$D$231,2,FALSE),"") -> SINAPI | D18: =IFERROR(VLOOKUP(A18,$B$217:$D$231,3,FALSE),"") -> 2026/01 | E18: DEMOLIÇÃO DE ALVENARIA DE BLOCO FURADO, DE FORMA MANUAL, SEM REAPROVEITAMENTO. AF_09/2023 | F18: M3 | G18: 5.6 | H18: =ROUND(J18/1.21,2) -> 81.12 | I18: =ROUND(G18*H18,2) -> 454.27 | J18: 98.15 | K18: =ROUND(G18*J18,2) -> 549.64 | L18: ABRIGO DE GÁS/COPA/BANCADA COPA/MURETA ACESSO OBRA/JANELAS SALA ESPERA/CLIMATIZADOR SALA ESPERA/PASSAGEM CIRCULAÇÃO
A19: =LEN(B19) -> 6 | B19: 97634U | C19: =IFERROR(VLOOKUP(A19,$B$217:$D$231,2,FALSE),"") -> SINAPI | D19: =IFERROR(VLOOKUP(A19,$B$217:$D$231,3,FALSE),"") -> 2026/01 | E19: DEMOLIÇÃO DE REVESTIMENTO CERÂMICO, DE FORMA MECANIZADA COM MARTELETE, SEM REAPROVEITAMENTO. AF_09/2023 | F19: M2 | G19: 95 | H19: =ROUND(J19/1.21,2) -> 4.83 | I19: =ROUND(G19*H19,2) -> 458.85 | J19: 5.85 | K19: =ROUND(G19*J19,2) -> 555.75 | L19: GUIMA/COPA/ESTERELIZAÇÃO
A20: =LEN(B20) -> 6 | B20: 97647U | C20: =IFERROR(VLOOKUP(A20,$B$217:$D$231,2,FALSE),"") -> SINAPI | D20: =IFERROR(VLOOKUP(A20,$B$217:$D$231,3,FALSE),"") -> 2026/01 | E20: REMOÇÃO DE TELHAS DE FIBROCIMENTO METÁLICA E CERÂMICA, DE FORMA MANUAL, SEM REAPROVEITAMENTO. AF_09/2023 | F20: M2 | G20: 40 | H20: =ROUND(J20/1.21,2) -> 5.02 | I20: =ROUND(G20*H20,2) -> 200.8 | J20: 6.08 | K20: =ROUND(G20*J20,2) -> 243.2 | L20: REMOÇÃO TELHAS DA COBERTURA ENTRADA AMBULANCIA E PEDESTRES
A21: =LEN(B21) -> 6 | B21: 97914U | C21: =IFERROR(VLOOKUP(A21,$B$217:$D$231,2,FALSE),"") -> SINAPI | D21: =IFERROR(VLOOKUP(A21,$B$217:$D$231,3,FALSE),"") -> 2026/01 | E21: TRANSPORTE COM CAMINHÃO BASCULANTE DE 6 M³, EM VIA URBANA PAVIMENTADA, DMT ATÉ 30 KM (UNIDADE: M3XKM). AF_07/2020 | F21: M3XKM | G21: 205.85 | H21: =ROUND(J21/1.21,2) -> 3.25 | I21: =ROUND(G21*H21,2) -> 669.01 | J21: 3.93 | K21: =ROUND(G21*J21,2) -> 808.99 | L21: TRANSPORTE DE ENTULHO
A22: =LEN(B22) -> 7 | B22: 100981U | C22: =IFERROR(VLOOKUP(A22,$B$217:$D$231,2,FALSE),"") -> SINAPI | D22: =IFERROR(VLOOKUP(A22,$B$217:$D$231,3,FALSE),"") -> 2026/01 | E22: CARGA, MANOBRA E DESCARGA DE ENTULHO EM CAMINHÃO BASCULANTE 6 M³ - CARGA COM ESCAVADEIRA HIDRÁULICA (CAÇAMBA DE 0,80 M³ / 111 HP) E DESCARGA LIVRE (UNIDADE: M3). AF_07/2020 | F22: M3 | G22: 85.77 | H22: =ROUND(J22/1.21,2) -> 10.44 | I22: =ROUND(G22*H22,2) -> 895.44 | J22: 12.63 | K22: =ROUND(G22*J22,2) -> 1083.28 | L22: CARGA DE ENTULHO
A23: =LEN(B23) -> 7 | B23: 104790U | C23: =IFERROR(VLOOKUP(A23,$B$217:$D$231,2,FALSE),"") -> SINAPI | D23: =IFERROR(VLOOKUP(A23,$B$217:$D$231,3,FALSE),"") -> 2026/01 | E23: DEMOLIÇÃO DE PISO DE CONCRETO SIMPLES, DE FORMA MECANIZADA COM MARTELETE, SEM REAPROVEITAMENTO. AF_09/2023 | F23: M3 | G23: 6 | H23: =ROUND(J23/1.21,2) -> 132.89 | I23: =ROUND(G23*H23,2) -> 797.34 | J23: 160.8 | K23: =ROUND(G23*J23,2) -> 964.8 | L23: DEMOLIÇÃO DE PASSEIO EM MÁS CONDIÇÕES
A24: =LEN(B24) -> 7 | B24: CPU 001 | C24: =IFERROR(VLOOKUP(A24,$B$217:$D$231,2,FALSE),"") -> SINAPI | D24: =IFERROR(VLOOKUP(A24,$B$217:$D$231,3,FALSE),"") -> 2026/01 | E24: Desinstalação de aparelho climatizador evaporativo 1,03 x 1,12. | F24: UN | G24: 1 | H24: =ROUND(J24/1.21,2) -> 316.7 | I24: =ROUND(G24*H24,2) -> 316.7 | J24: 383.21 | K24: =ROUND(G24*J24,2) -> 383.21 | L24: REMOÇÃO DO CLIMATIZADOE SALA DE ESPERA
A25: =LEN(B25) -> 7 | B25: CPU 004 | C25: =IFERROR(VLOOKUP(A25,$B$217:$D$231,2,FALSE),"") -> SINAPI | D25: =IFERROR(VLOOKUP(A25,$B$217:$D$231,3,FALSE),"") -> 2026/01 | E25: RETIRADA DE PLACA DE OBRA | F25: UN | G25: 16.8 | H25: =ROUND(J25/1.21,2) -> 273.12 | I25: =ROUND(G25*H25,2) -> 4588.42 | J25: 330.48 | K25: =ROUND(G25*J25,2) -> 5552.06 | L25: RETIRADA DA PLACA ANTIGA P/ SUBSTITUIÇÃO
A26: =LEN(B26) -> 15 | B26: 03.08.200/CDHUU | C26: =IFERROR(VLOOKUP(A26,$B$217:$D$231,2,FALSE),"") -> CPOS | D26: =IFERROR(VLOOKUP(A26,$B$217:$D$231,3,FALSE),"") -> 2025/11 | E26: Demolição manual de painéis divisórias, inclusive montantes metálicos | F26: M2 | G26: 4.3 | H26: =ROUND(J26/1.21,2) -> 10.28 | I26: =ROUND(G26*H26,2) -> 44.2 | J26: 12.44 | K26: =ROUND(G26*J26,2) -> 53.49 | L26: REMOÇÃO DA DIVISÓRIA EXISTENTE DO DML
A27: =LEN(B27) -> 15 | B27: 03.10.100/CDHUU | C27: =IFERROR(VLOOKUP(A27,$B$217:$D$231,2,FALSE),"") -> CPOS | D27: =IFERROR(VLOOKUP(A27,$B$217:$D$231,3,FALSE),"") -> 2025/11 | E27: Remoção de pintura em superfícies de madeira e/ou metálicas com lixamento | F27: M2 | G27: 204.9 | H27: =ROUND(J27/1.21,2) -> 11.92 | I27: =ROUND(G27*H27,2) -> 2442.41 | J27: 14.42 | K27: =ROUND(G27*J27,2) -> 2954.66 | L27: REMOÇÃO DE TINTA DAS PORTAS SE NECESSÁRIO
A28: =LEN(B28) -> 15 | B28: 03.10.140/CDHUU | C28: =IFERROR(VLOOKUP(A28,$B$217:$D$231,2,FALSE),"") -> CPOS | D28: =IFERROR(VLOOKUP(A28,$B$217:$D$231,3,FALSE),"") -> 2025/11 | E28: Remoção de pintura em massa com lixamento | F28: M2 | G28: 2606.87 | H28: =ROUND(J28/1.21,2) -> 8.17 | I28: =ROUND(G28*H28,2) -> 21298.13 | J28: 9.88 | K28: =ROUND(G28*J28,2) -> 25755.88 | L28: REMOÇÃO DE TINTA DAS PAREDES E TETO EM GERAL
... A31: =LEN(B31) -> 15 | B31: 04.09.020/CDHUU | C31: =IFERROR(VLOOKUP(A31,$B$217:$D$231,2,FALSE),"") -> CPOS | D31: =IFERROR(VLOOKUP(A31,$B$217:$D$231,3,FALSE),"") -> 2025/11 | E31: Retirada de esquadria metálica em geral | F31: M2 | G31: 122.8 | H31: =ROUND(J31/1.21,2) -> 46.93 | I31: =ROUND(G31*H31,2) -> 5763 | J31: 56.78 | K31: =ROUND(G31*J31,2) -> 6972.58 | L31: remoção de janelas, portas, toldos, telas, grades metálicas
A32: =LEN(B32) -> 15 | B32: 04.09.100/CDHUU | C32: =IFERROR(VLOOKUP(A32,$B$217:$D$231,2,FALSE),"") -> CPOS | D32: =IFERROR(VLOOKUP(A32,$B$217:$D$231,3,FALSE),"") -> 2025/11 | E32: Retirada de guarda-corpo ou gradil em geral | F32: M2 | G32: 28.5 | H32: =ROUND(J32/1.21,2) -> 46.93 | I32: =ROUND(G32*H32,2) -> 1337.51 | J32: 56.78 | K32: =ROUND(G32*J32,2) -> 1618.23
A33: =LEN(B33) -> 15 | B33: 04.11.030/CDHUU | C33: =IFERROR(VLOOKUP(A33,$B$217:$D$231,2,FALSE),"") -> CPOS | D33: =IFERROR(VLOOKUP(A33,$B$217:$D$231,3,FALSE),"") -> 2025/11 | E33: Retirada de bancada incluindo pertences | F33: M2 | G33: 2.8 | H33: =ROUND(J33/1.21,2) -> 93.85 | I33: =ROUND(G33*H33,2) -> 262.78 | J33: 113.56 | K33: =ROUND(G33*J33,2) -> 317.97 | L33: SALA VACINAS, COPA, CONSULT. PEDIATRIA 03
A34: =LEN(B34) -> 15 | B34: 04.11.110/CDHUU | C34: =IFERROR(VLOOKUP(A34,$B$217:$D$231,2,FALSE),"") -> CPOS | D34: =IFERROR(VLOOKUP(A34,$B$217:$D$231,3,FALSE),"") -> 2025/11 | E34: Retirada de purificador/bebedouro | F34: UN | G34: 1 | H34: =ROUND(J34/1.21,2) -> 44.6 | I34: =ROUND(G34*H34,2) -> 44.6 | J34: 53.96 | K34: =ROUND(G34*J34,2) -> 53.96
A35: =LEN(B35) -> 15 | B35: 04.30.040/CDHUU | C35: =IFERROR(VLOOKUP(A35,$B$217:$D$231,2,FALSE),"") -> CPOS | D35: =IFERROR(VLOOKUP(A35,$B$217:$D$231,3,FALSE),"") -> 2025/11 | E35: Remoção de condutor aparente | F35: M | G35: 4 | H35: =ROUND(J35/1.21,2) -> 4.67 | I35: =ROUND(G35*H35,2) -> 18.68 | J35: 5.65 | K35: =ROUND(G35*J35,2) -> 22.6 | L35: CONDUTOR PLUVIAL
A36: =LEN(B36) -> 15 | B36: 34.13.021/CDHUU | C36: =IFERROR(VLOOKUP(A36,$B$217:$D$231,2,FALSE),"") -> CPOS | D36: =IFERROR(VLOOKUP(A36,$B$217:$D$231,3,FALSE),"") -> 2025/11 | E36: Corte, recorte e remoção de árvore inclusive as raízes - diâmetro (DAP)>15cm < 30cm | F36: UN | G36: 9 | H36: =ROUND(J36/1.21,2) -> 791.96 | I36: =ROUND(G36*H36,2) -> 7127.64 | J36: 958.27 | K36: =ROUND(G36*J36,2) -> 8624.43 | L36: RETIRADA DAS PALMEIRAS DOS FUNDOS
A37: =LEN(B37) -> 18 | B37: 02.102.000022.SERU | C37: =IFERROR(VLOOKUP(A37,$B$217:$D$231,2,FALSE),"") -> PINI-N | D37: =IFERROR(VLOOKUP(A37,$B$217:$D$231,3,FALSE),"") -> 2026/02 | E37: Demolição de piso revestido com granilite | F37: M2 | G37: 50 | H37: =ROUND(J37/1.21,2) -> 48.64 | I37: =ROUND(G37*H37,2) -> 2432 | J37: 58.86 | K37: =ROUND(G37*J37,2) -> 2943 | L37: EXPUGO 01 E 02, SALA DOS AGENTES, COPA E DEMAIS REPAROS NECESSÁRIOS
A38: =LEN(B38) -> 18 | B38: 05.109.000060.SERU | C38: =IFERROR(VLOOKUP(A38,$B$217:$D$231,2,FALSE),"") -> PINI-N | D38: =IFERROR(VLOOKUP(A38,$B$217:$D$231,3,FALSE),"") -> 2026/02 | E38: Enchimento de rasgo em concreto com argamassa mista traço 1:4, para tubulação com Ø 65 mm a 100 mm | F38: M | G38: 61.21 | H38: =ROUND(J38/1.21,2) -> 19.07 | I38: =ROUND(G38*H38,2) -> 1167.27 | J38: 23.08 | K38: =ROUND(G38*J38,2) -> 1412.73 | L38: ENCHIMENTO DOS RASGOS MENCIONADOS ACIMA
A39: =LEN(B39) -> 16 | B39: SUBTOTAL (ETAPA) | K39: =SUM(K12:K38) -> 93985.42
A40: =LEN(B40) -> 1 | B40: 4 | C40: =IFERROR(VLOOKUP(A40,$B$217:$D$231,2,FALSE),"") | D40: =IFERROR(VLOOKUP(A40,$B$217:$D$231,3,FALSE),"") | E40: INFRAESTRUTURA
A41: =LEN(B41) -> 5 | B41: 04.03 | E41: SERVIÇOS GERAIS DE FUNDAÇÃO-COBERTURAS
A42: =LEN(B42) -> 6 | B42: 93382U | C42: =IFERROR(VLOOKUP(A42,$B$217:$D$231,2,FALSE),"") -> SINAPI | D42: =IFERROR(VLOOKUP(A42,$B$217:$D$231,3,FALSE),"") -> 2026/01 | E42: REATERRO MANUAL DE VALAS, COM COMPACTADOR DE SOLOS DE PERCUSSÃO. AF_08/2023 | F42: M3 | G42: 3.15 | H42: =ROUND(J42/1.21,2) -> 35.72 | I42: =ROUND(G42*H42,2) -> 112.52 | J42: 43.22 | K42: =ROUND(G42*J42,2) -> 136.14
A43: =LEN(B43) -> 6 | B43: 96521U | C43: =IFERROR(VLOOKUP(A43,$B$217:$D$231,2,FALSE),"") -> SINAPI | D43: =IFERROR(VLOOKUP(A43,$B$217:$D$231,3,FALSE),"") -> 2026/01 | E43: ESCAVAÇÃO MECANIZADA PARA BLOCO DE COROAMENTO OU SAPATA COM RETROESCAVADEIRA (INCLUINDO ESCAVAÇÃO PARA COLOCAÇÃO DE FÔRMAS). AF_06/2017 | F43: M3 | G43: 3.25 | H43: =ROUND(J43/1.21,2) -> 48.07 | I43: =ROUND(G43*H43,2) -> 156.23 | J43: 58.17 | K43: =ROUND(G43*J43,2) -> 189.05
A44: =LEN(B44) -> 6 | B44: 96525U | C44: =IFERROR(VLOOKUP(A44,$B$217:$D$231,2,FALSE),"") -> SINAPI | D44: =IFERROR(VLOOKUP(A44,$B$217:$D$231,3,FALSE),"") -> 2026/01 | E44: ESCAVAÇÃO MECANIZADA PARA VIGA BALDRAME COM MINI-ESCAVADEIRA (INCLUINDO ESCAVAÇÃO PARA COLOCAÇÃO DE FÔRMAS). AF_06/2017 | F44: M3 | G44: 2.11 | H44: =ROUND(J44/1.21,2) -> 67.64 | I44: =ROUND(G44*H44,2) -> 142.72 | J44: 81.84 | K44: =ROUND(G44*J44,2) -> 172.68
A45: =LEN(B45) -> 6 | B45: 97914U | C45: =IFERROR(VLOOKUP(A45,$B$217:$D$231,2,FALSE),"") -> SINAPI | D45: =IFERROR(VLOOKUP(A45,$B$217:$D$231,3,FALSE),"") -> 2026/01 | E45: TRANSPORTE COM CAMINHÃO BASCULANTE DE 6 M³, EM VIA URBANA PAVIMENTADA, DMT ATÉ 30 KM (UNIDADE: M3XKM). AF_07/2020 | F45: M3XKM | G45: 6.9 | H45: =ROUND(J45/1.21,2) -> 3.25 | I45: =ROUND(G45*H45,2) -> 22.43 | J45: 3.93 | K45: =ROUND(G45*J45,2) -> 27.12
A46: =LEN(B46) -> 7 | B46: 100973U | C46: =IFERROR(VLOOKUP(A46,$B$217:$D$231,2,FALSE),"") -> SINAPI | D46: =IFERROR(VLOOKUP(A46,$B$217:$D$231,3,FALSE),"") -> 2026/01 | E46: CARGA, MANOBRA E DESCARGA DE SOLOS E MATERIAIS GRANULARES EM CAMINHÃO BASCULANTE 6 M³ - CARGA COM PÁ CARREGADEIRA (CAÇAMBA DE 1,7 A 2,8 M³ / 128 HP) E DESCARGA LIVRE (UNIDADE: M3). AF_07/2020 | F46: M3 | G46: 2.87 | H46: =ROUND(J46/1.21,2) -> 9.64 | I46: =ROUND(G46*H46,2) -> 27.67 | J46: 11.66 | K46: =ROUND(G46*J46,2) -> 33.46
A47: =LEN(B47) -> 7 | B47: 101619U | C47: =IFERROR(VLOOKUP(A47,$B$217:$D$231,2,FALSE),"") -> SINAPI | D47: =IFERROR(VLOOKUP(A47,$B$217:$D$231,3,FALSE),"") -> 2026/01 | E47: PREPARO DE FUNDO DE VALA COM LARGURA MENOR QUE 1,5 M, COM CAMADA DE BRITA, LANÇAMENTO MANUAL. AF_08/2020 | F47: M3 | G47: 0.18 | H47: =ROUND(J47/1.21,2) -> 287.19 | I47: =ROUND(G47*H47,2) -> 51.69 | J47: 347.5 | K47: =ROUND(G47*J47,2) -> 62.55
A48: =LEN(B48) -> 5 | B48: 04.04 | E48: INFRAESTRUTURA - FORMAS
A49: =LEN(B49) -> 6 | B49: 96534U | C49: =IFERROR(VLOOKUP(A49,$B$217:$D$231,2,FALSE),"") -> SINAPI | D49: =IFERROR(VLOOKUP(A49,$B$217:$D$231,3,FALSE),"") -> 2026/01 | E49: FABRICAÇÃO, MONTAGEM E DESMONTAGEM DE FÔRMA PARA BLOCO DE COROAMENTO, EM MADEIRA SERRADA, E=25 MM, 4 UTILIZAÇÕES. AF_01/2024 | F49: M2 | G49: 7.2 | H49: =ROUND(J49/1.21,2) -> 92.93 | I49: =ROUND(G49*H49,2) -> 669.1 | J49: 112.44 | K49: =ROUND(G49*J49,2) -> 809.57
A50: =LEN(B50) -> 6 | B50: 96536U | C50: =IFERROR(VLOOKUP(A50,$B$217:$D$231,2,FALSE),"") -> SINAPI | D50: =IFERROR(VLOOKUP(A50,$B$217:$D$231,3,FALSE),"") -> 2026/01 | E50: FABRICAÇÃO, MONTAGEM E DESMONTAGEM DE FÔRMA PARA VIGA BALDRAME, EM MADEIRA SERRADA, E=25 MM, 4 UTILIZAÇÕES. AF_06/2017 | F50: M2 | G50: 7.25 | H50: =ROUND(J50/1.21,2) -> 79.6 | I50: =ROUND(G50*H50,2) -> 577.1 | J50: 96.32 | K50: =ROUND(G50*J50,2) -> 698.32
A51: =LEN(B51) -> 5 | B51: 04.05 | E51: INFRAESTRUTURA - ARMADURAS
A52: =LEN(B52) -> 6 | B52: 96544U | C52: =IFERROR(VLOOKUP(A52,$B$217:$D$231,2,FALSE),"") -> SINAPI | D52: =IFERROR(VLOOKUP(A52,$B$217:$D$231,3,FALSE),"") -> 2026/01 | E52: ARMAÇÃO DE BLOCO, VIGA BALDRAME OU SAPATA UTILIZANDO AÇO CA-50 DE 6,3 MM - MONTAGEM. AF_06/2017 | F52: KG | G52: 24.2 | H52: =ROUND(J52/1.21,2) -> 18.53 | I52: =ROUND(G52*H52,2) -> 448.43 | J52: 22.42 | K52: =ROUND(G52*J52,2) -> 542.56
A53: =LEN(B53) -> 6 | B53: 96547U | C53: =IFERROR(VLOOKUP(A53,$B$217:$D$231,2,FALSE),"") -> SINAPI | D53: =IFERROR(VLOOKUP(A53,$B$217:$D$231,3,FALSE),"") -> 2026/01 | E53: ARMAÇÃO DE BLOCO, VIGA BALDRAME OU SAPATA UTILIZANDO AÇO CA-50 DE 12,5 MM - MONTAGEM. AF_06/2017 | F53: KG | G53: 35.1 | H53: =ROUND(J53/1.21,2) -> 9.96 | I53: =ROUND(G53*H53,2) -> 349.6 | J53: 12.05 | K53: =ROUND(G53*J53,2) -> 422.96
A54: =LEN(B54) -> 5 | B54: 04.06 | E54: INFRAESTRUTURA - CONCRETO
A55: =LEN(B55) -> 6 | B55: 96557U | C55: =IFERROR(VLOOKUP(A55,$B$217:$D$231,2,FALSE),"") -> SINAPI | D55: =IFERROR(VLOOKUP(A55,$B$217:$D$231,3,FALSE),"") -> 2026/01 | E55: CONCRETAGEM DE BLOCOS DE COROAMENTO E VIGAS BALDRAMES, FCK 30 MPA, COM USO DE BOMBA ? LANÇAMENTO, ADENSAMENTO E ACABAMENTO. AF_06/2017 | F55: M3 | G55: 1.61 | H55: =ROUND(J55/1.21,2) -> 636.58 | I55: =ROUND(G55*H55,2) -> 1024.89 | J55: 770.26 | K55: =ROUND(G55*J55,2) -> 1240.12
A56: =LEN(B56) -> 5 | B56: 04.07 | E56: FUNDAÇÕES PROFUNDAS
A57: =LEN(B57) -> 6 | B57: 95576U | C57: =IFERROR(VLOOKUP(A57,$B$217:$D$231,2,FALSE),"") -> SINAPI | D57: =IFERROR(VLOOKUP(A57,$B$217:$D$231,3,FALSE),"") -> 2026/01 | E57: MONTAGEM DE ARMADURA DE ESTACAS, DIÂMETRO = 8,0 MM. AF_09/2021_PS | F57: KG | G57: 6.9 | H57: =ROUND(J57/1.21,2) -> 11.33 | I57: =ROUND(G57*H57,2) -> 78.18 | J57: 13.71 | K57: =ROUND(G57*J57,2) -> 94.6
A58: =LEN(B58) -> 6 | B58: 95577U | C58: =IFERROR(VLOOKUP(A58,$B$217:$D$231,2,FALSE),"") -> SINAPI | D58: =IFERROR(VLOOKUP(A58,$B$217:$D$231,3,FALSE),"") -> 2026/01 | E58: MONTAGEM DE ARMADURA DE ESTACAS, DIÂMETRO = 10,0 MM. AF_09/2021_PS | F58: KG | G58: 162.3 | H58: =ROUND(J58/1.21,2) -> 9.12 | I58: =ROUND(G58*H58,2) -> 1480.18 | J58: 11.04 | K58: =ROUND(G58*J58,2) -> 1791.79
A59: =LEN(B59) -> 6 | B59: 95584U | C59: =IFERROR(VLOOKUP(A59,$B$217:$D$231,2,FALSE),"") -> SINAPI | D59: =IFERROR(VLOOKUP(A59,$B$217:$D$231,3,FALSE),"") -> 2026/01 | E59: MONTAGEM DE ARMADURA TRANSVERSAL DE ESTACAS DE SEÇÃO CIRCULAR, DIÂMETRO = 6,30 MM. AF_09/2021_PS | F59: KG | G59: 26.2 | H59: =ROUND(J59/1.21,2) -> 13.36 | I59: =ROUND(G59*H59,2) -> 350.03 | J59: 16.16 | K59: =ROUND(G59*J59,2) -> 423.39
A60: =LEN(B60) -> 6 | B60: 95601U | C60: =IFERROR(VLOOKUP(A60,$B$217:$D$231,2,FALSE),"") -> SINAPI | D60: =IFERROR(VLOOKUP(A60,$B$217:$D$231,3,FALSE),"") -> 2026/01 | E60: ARRASAMENTO MECANICO DE ESTACA DE CONCRETO ARMADO, DIAMETROS DE ATÉ 40 CM. AF_05/2021 | F60: UN | G60: 5 | H60: =ROUND(J60/1.21,2) -> 11.98 | I60: =ROUND(G60*H60,2) -> 59.9 | J60: 14.5 | K60: =ROUND(G60*J60,2) -> 72.5
A61: =LEN(B61) -> 8 | B61: 100651UD | C61: =IFERROR(VLOOKUP(A61,$B$217:$D$231,2,FALSE),"") -> SINAPI | D61: =IFERROR(VLOOKUP(A61,$B$217:$D$231,3,FALSE),"") -> 2026/01 | E61: ESTACA HÉLICE CONTÍNUA, DIÂMETRO DE 30 CM, INCLUSO CONCRETO FCK=30MPA (EXCLUSIVE BOMBEAMENTO, MOBILIZAÇÃO E DESMOBILIZAÇÃO). AF_12/2019_PA | F61: M | G61: 25 | H61: =ROUND(J61/1.21,2) -> 115.86 | I61: =ROUND(G61*H61,2) -> 2896.5 | J61: 140.19 | K61: =ROUND(G61*J61,2) -> 3504.75
A62: =LEN(B62) -> 16 | B62: SUBTOTAL (ETAPA) | K62: =SUM(K42:K61) -> 10221.56
A63: =LEN(B63) -> 1 | B63: 5 | C63: PAREDES E PAINÉIS
A64: =LEN(B64) -> 5 | B64: 05.01 | C64: ALVENARIA DE VEDAÇÃO
A65: =LEN(B65) -> 7 | B65: 101162U | C65: =IFERROR(VLOOKUP(A65,$B$217:$D$231,2,FALSE),"") -> SINAPI | D65: =IFERROR(VLOOKUP(A65,$B$217:$D$231,3,FALSE),"") -> 2026/01 | E65: ALVENARIA DE VEDAÇÃO COM ELEMENTO VAZADO DE CERÂMICA (COBOGÓ) DE 7X20X20CM E ARGAMASSA DE ASSENTAMENTO COM PREPARO EM BETONEIRA. AF_05/2020 | F65: M2 | G65: 0.61 | H65: =ROUND(J65/1.21,2) -> 179.49 | I65: =ROUND(G65*H65,2) -> 109.49 | J65: 217.18 | K65: =ROUND(G65*J65,2) -> 132.48 | L65: ELEMENTO VAZADO PARA FECHHAMENTO DO DML
A66: =LEN(B66) -> 7 | B66: 103325U | C66: =IFERROR(VLOOKUP(A66,$B$217:$D$231,2,FALSE),"") -> SINAPI | D66: =IFERROR(VLOOKUP(A66,$B$217:$D$231,3,FALSE),"") -> 2026/01 | E66: ALVENARIA DE VEDAÇÃO DE BLOCOS CERÂMICOS FURADOS NA VERTICAL DE 14X19X39 CM (ESPESSURA 14 CM) E ARGAMASSA DE ASSENTAMENTO COM PREPARO MANUAL. AF_12/2021 | F66: M2 | G66: 15 | H66: =ROUND(J66/1.21,2) -> 89.92 | I66: =ROUND(G66*H66,2) -> 1348.8 | J66: 108.8 | K66: =ROUND(G66*J66,2) -> 1632 | L66: FECHAMENTOS COM ALVENARIA CONFORME PROJETO
A67: =LEN(B67) -> 5 | B67: 05.02 | C67: VERGAS
A68: =LEN(B68) -> 7 | B68: 105025U | C68: =IFERROR(VLOOKUP(A68,$B$217:$D$231,2,FALSE),"") -> SINAPI | D68: =IFERROR(VLOOKUP(A68,$B$217:$D$231,3,FALSE),"") -> 2026/01 | E68: VERGA MOLDADA IN LOCO COM UTILIZAÇÃO DE BLOCOS CANALETA, ESPESSURA DE *15* CM. AF_03/2024 | F68: M | G68: 4.2 | H68: =ROUND(J68/1.21,2) -> 60.63 | I68: =ROUND(G68*H68,2) -> 254.65 | J68: 73.36 | K68: =ROUND(G68*J68,2) -> 308.11
A69: =LEN(B69) -> 7 | B69: 105031U | C69: =IFERROR(VLOOKUP(A69,$B$217:$D$231,2,FALSE),"") -> SINAPI | D69: =IFERROR(VLOOKUP(A69,$B$217:$D$231,3,FALSE),"") -> 2026/01 | E69: CONTRAVERGA MOLDADA IN LOCO COM UTILIZAÇÃO DE BLOCOS CANALETA, ESPESSURA DE *15* CM. AF_03/2024 | F69: M | G69: 4.2 | H69: =ROUND(J69/1.21,2) -> 47.2 | I69: =ROUND(G69*H69,2) -> 198.24 | J69: 57.11 | K69: =ROUND(G69*J69,2) -> 239.86
B70: SUBTOTAL (ETAPA) | K70: =SUM(K65:K69) -> 2312.45
A71: =LEN(B71) -> 1 | B71: 6 | C71: ESQUADRIAS DE MADEIRA
B72: 06.01 | C72: PORTAS
A73: =LEN(B73) -> 6 | B73: 90844U | C73: =IFERROR(VLOOKUP(A73,$B$217:$D$231,2,FALSE),"") -> SINAPI | D73: =IFERROR(VLOOKUP(A73,$B$217:$D$231,3,FALSE),"") -> 2026/01 | E73: KIT DE PORTA DE MADEIRA PARA PINTURA, SEMI-OCA (LEVE OU MÉDIA), PADRÃO MÉDIO, 90X210CM, ESPESSURA DE 3,5CM, ITENS INCLUSOS: DOBRADIÇAS, MONTAGEM E INSTALAÇÃO DO BATENTE, FECHADURA COM EXECUÇÃO DO FURO - FORNECIMENTO E INSTALAÇÃO. AF_12/2019 | F73: UN | G73: 1 | H73: =ROUND(J73/1.21,2) -> 1488.39 | I73: =ROUND(G73*H73,2) -> 1488.39 | J73: 1800.95 | K73: =ROUND(G73*J73,2) -> 1800.95 | L73: TROCA DA PORTA DO BANHEIRO MASCULINO PNE
B74: SUBTOTAL (ETAPA) | K74: =SUM(K73) -> 1800.95
A75: =LEN(B75) -> 1 | B75: 7 | C75: ESQUADRIAS METÁLICAS
A76: =LEN(B76) -> 5 | B76: 07.01 | C76: JANELAS
A77: =LEN(B77) -> 15 | B77: 25.01.040/CDHUU | C77: =IFERROR(VLOOKUP(A77,$B$217:$D$231,2,FALSE),"") -> CPOS | D77: =IFERROR(VLOOKUP(A77,$B$217:$D$231,3,FALSE),"") -> 2025/11 | E77: Caixilho em alumínio basculante, sob medida | F77: M2 | G77: 6.3 | H77: =ROUND(J77/1.21,2) -> 1332.82 | I77: =ROUND(G77*H77,2) -> 8396.77 | J77: 1612.71 | K77: =ROUND(G77*J77,2) -> 10160.07 | L77: SUBSTITUIÇÃO JANELA DA SALA DE ESPERA, J13 E NOVAS J14
A78: =LEN(B78) -> 5 | B78: 07.02 | C78: OUTROS ELEMENTOS
A79: =LEN(B79) -> 6 | B79: 94590U | C79: =IFERROR(VLOOKUP(A79,$B$217:$D$231,2,FALSE),"") -> SINAPI | D79: =IFERROR(VLOOKUP(A79,$B$217:$D$231,3,FALSE),"") -> 2026/01 | E79: CONTRAMARCO DE ALUMÍNIO, FIXAÇÃO COM PARAFUSO - FORNECIMENTO E INSTALAÇÃO. AF_11/2024 | F79: M | G79: 7.4 | H79: =ROUND(J79/1.21,2) -> 32.11 | I79: =ROUND(G79*H79,2) -> 237.61 | J79: 38.85 | K79: =ROUND(G79*J79,2) -> 287.49
A80: =LEN(B80) -> 6 | B80: 99861U | C80: =IFERROR(VLOOKUP(A80,$B$217:$D$231,2,FALSE),"") -> SINAPI | D80: =IFERROR(VLOOKUP(A80,$B$217:$D$231,3,FALSE),"") -> 2026/01 | E80: GRADE EM FERRO FIXADO EM VÃOS DE JANELAS, FORMADO POR BARRAS CHATAS DE 25X4,8 MM. AF_04/2019 | F80: M2 | G80: 3.84 | H80: =ROUND(J80/1.21,2) -> 608.09 | I80: =ROUND(G80*H80,2) -> 2335.07 | J80: 735.79 | K80: =ROUND(G80*J80,2) -> 2825.43 | L80: PARA AS JANELAS NOVAS J14 DA SALA DE ESPERA
A81: =LEN(B81) -> 15 | B81: 22.06.240/CDHUU | C81: =IFERROR(VLOOKUP(A81,$B$217:$D$231,2,FALSE),"") -> CPOS | D81: =IFERROR(VLOOKUP(A81,$B$217:$D$231,3,FALSE),"") -> 2025/11 | E81: Brise metálico fixo em chapa lisa aluzinc pré-pintada, formato ogiva, lâmina frontal de 200mm | F81: M2 | G81: 117.5 | H81: =ROUND(J81/1.21,2) -> 827.02 | I81: =ROUND(G81*H81,2) -> 97174.85 | J81: 1000.69 | K81: =ROUND(G81*J81,2) -> 117581.08 | L81: BRISE NAS LATERAIS DAS EDIFICAÇÕES E NO FECHAMENTO DA AMBULANCIA
A82: =LEN(B82) -> 17 | B82: 08-002-074/SIURBU | C82: =IFERROR(VLOOKUP(A82,$B$217:$D$231,2,FALSE),"") | D82: =IFERROR(VLOOKUP(A82,$B$217:$D$231,3,FALSE),"") | E82: REINSTALAÇÃO DE GRADE DE PROTEÇÃO | F82: M2 | G82: 27.14 | H82: =ROUND(J82/1.21,2) -> 68.88 | I82: =ROUND(G82*H82,2) -> 1869.4 | J82: 83.35 | K82: =ROUND(G82*J82,2) -> 2262.12 | L82: REINSTALAÇÃO DE TODAS AS GRADES DAS ESQUADRIAS
B83: SUBTOTAL (ETAPA) | K83: =SUM(K77:K82) -> 133116.19
A84: =LEN(B84) -> 1 | B84: 8 | C84: VIDROS
A85: =LEN(B85) -> 5 | B85: 08.01 | C85: VIDRO CRISTAL COMUM
A86: =LEN(B86) -> 7 | B86: 102166U | C86: =IFERROR(VLOOKUP(A86,$B$217:$D$231,2,FALSE),"") -> SINAPI | D86: =IFERROR(VLOOKUP(A86,$B$217:$D$231,3,FALSE),"") -> 2026/01 | E86: INSTALAÇÃO DE VIDRO LISO INCOLOR, E = 6 MM, EM ESQUADRIA DE ALUMÍNIO OU PVC, FIXADO COM BAGUETE. AF_01/2021_PS | F86: M2 | G86: 6.3 | H86: =ROUND(J86/1.21,2) -> 367.44 | I86: =ROUND(G86*H86,2) -> 2314.87 | J86: 444.6 | K86: =ROUND(G86*J86,2) -> 2800.98 | L86: JANELA DA SALA DE ESPERA, J13 E NOVAS J14
B87: SUBTOTAL (ETAPA) | K87: =SUM(K86) -> 2800.98
A88: =LEN(B88) -> 1 | B88: 9 | C88: COBERTURA
A89: =LEN(B89) -> 5 | B89: 09.01 | C89: ESTRUTURA METÁLICA
A90: =LEN(B90) -> 15 | B90: 15.03.030/CDHUU | C90: =IFERROR(VLOOKUP(A90,$B$217:$D$231,2,FALSE),"") -> CPOS | D90: =IFERROR(VLOOKUP(A90,$B$217:$D$231,3,FALSE),"") -> 2025/11 | E90: Fornecimento e montagem de estrutura em aço ASTM-A36, sem pintura | F90: KG | G90: 1369.65 | H90: =ROUND(J90/1.21,2) -> 28.72 | I90: =ROUND(G90*H90,2) -> 39336.35 | J90: 34.75 | K90: =ROUND(G90*J90,2) -> 47595.34 | L90: COBERTURAS ENTRADA AMBULANCIA E PEDESTRES
A91: =LEN(B91) -> 5 | B91: 09.02 | C91: TELHAS
A92: =LEN(B92) -> 15 | B92: 16.13.130/CDHUU | C92: =IFERROR(VLOOKUP(A92,$B$217:$D$231,2,FALSE),"") -> CPOS | D92: =IFERROR(VLOOKUP(A92,$B$217:$D$231,3,FALSE),"") -> 2025/11 | E92: Telhamento em chapa de aço com pintura poliéster, tipo sanduíche, espessura de 0,50 mm, com poliestireno expandido | F92: M2 | G92: 68.48 | H92: =ROUND(J92/1.21,2) -> 152.47 | I92: =ROUND(G92*H92,2) -> 10441.15 | J92: 184.49 | K92: =ROUND(G92*J92,2) -> 12633.88 | L92: COBERTURAS ENTRADA AMBULANCIA E PEDESTRES
B93: SUBTOTAL (ETAPA) | K93: =SUM(K90:K92) -> 60229.22
A94: =LEN(B94) -> 2 | B94: 10 | C94: IMPERMEABILIZAÇÃO
A95: =LEN(B95) -> 5 | B95: 10.01 | C95: IMPERMEABILIZAÇÃO DE ALVENARIA DE EMBASAMENTO
A96: =LEN(B96) -> 6 | B96: 98546U | C96: =IFERROR(VLOOKUP(A96,$B$217:$D$231,2,FALSE),"") -> SINAPI | D96: =IFERROR(VLOOKUP(A96,$B$217:$D$231,3,FALSE),"") -> 2026/01 | E96: IMPERMEABILIZAÇÃO DE SUPERFÍCIE COM MANTA ASFÁLTICA, UMA CAMADA, INCLUSIVE APLICAÇÃO DE PRIMER ASFÁLTICO, E=4MM. AF_09/2023 | F96: M2 | G96: 7.04 | H96: =ROUND(J96/1.21,2) -> 131.69 | I96: =ROUND(G96*H96,2) -> 927.1 | J96: 159.35 | K96: =ROUND(G96*J96,2) -> 1121.82 | L96: BALDRAME DA COBERTURA ENTRADA DE AMBULANCIAS
A97: =LEN(B97) -> 5 | B97: 10.02 | C97: IMPERMEABILIZAÇÃO DE COBERTURAS
A98: =LEN(B98) -> 6 | B98: 87622U | C98: =IFERROR(VLOOKUP(A98,$B$217:$D$231,2,FALSE),"") -> SINAPI | D98: =IFERROR(VLOOKUP(A98,$B$217:$D$231,3,FALSE),"") -> 2026/01 | E98: CONTRAPISO EM ARGAMASSA TRAÇO 1:4 (CIMENTO E AREIA), PREPARO MANUAL, APLICADO EM ÁREAS SECAS SOBRE LAJE, ADERIDO, ACABAMENTO NÃO REFORÇADO, ESPESSURA 2CM. AF_07/2021 | F98: M2 | G98: 44.1 | H98: =ROUND(J98/1.21,2) -> 38.01 | I98: =ROUND(G98*H98,2) -> 1676.24 | J98: 45.99 | K98: =ROUND(G98*J98,2) -> 2028.16 | L98: BEIRAIS E TETO DOS ABRIGOS
A99: =LEN(B99) -> 6 | B99: 98556U | C99: =IFERROR(VLOOKUP(A99,$B$217:$D$231,2,FALSE),"") -> SINAPI | D99: =IFERROR(VLOOKUP(A99,$B$217:$D$231,3,FALSE),"") -> 2026/01 | E99: IMPERMEABILIZAÇÃO DE SUPERFÍCIE COM ARGAMASSA POLIMÉRICA / MEMBRANA ACRÍLICA, 4 DEMÃOS, REFORÇADA COM VÉU DE POLIÉSTER (MAV). AF_09/2023 | F99: M2 | G99: 44.1 | H99: =ROUND(J99/1.21,2) -> 66.88 | I99: =ROUND(G99*H99,2) -> 2949.41 | J99: 80.92 | K99: =ROUND(G99*J99,2) -> 3568.57 | L99: BEIRAIS E TETO DOS ABRIGOS
B100: SUBTOTAL (ETAPA) | K100: =SUM(K96:K99) -> 6718.55
A101: =LEN(B101) -> 2 | B101: 11 | C101: FORRO
B102: 11.01 | C102: CHAPISCO
...

Sheet COMPOSIÇÕES AMPLIAÇÃO
F1: Data: 17/04/2026
A2: PREFEITURA MUNICIPAL DE INDAIATUBA
A3: SECRETARIA MUNICIPAL DE PLANEJAMENTO URBANO E ENGENHARIA
A4: Estado de São Paulo
E5: TAXAS: BDI= 21,00% |LS= 115,01%
A6: OBRA : | B6: REFORMA E AMPLIAÇÃO DA UBS 7
A7: ORÇAMENTO : | B7: AMPLIAÇÃO DA UBS 7
A8: LOCAL : | B8: ='ORÇAM AMPLIAÇÃO'!C8 -> R. José de Campos, 709 - Jardim Morada do Sol, Indaiatuba - SP
A9: CÓDIGO | B9: DESCRIÇÃO | C9: CLASS | D9: UNIDADE | E9: COEF. | F9: PREÇO(R$) | G9: PREÇO TOTAL (R$)
A10: 1 | B10: SERVIÇOS INICIAIS
A11: 01.01 | B11: ADMINISTRAÇÃO DE OBRA
A12: CPU5 | B12: ADMNISTRAÇÃO LOCAL DE OBRA | C12: SER.CG | D12: UN
A13: 90778U | B13: ENGENHEIRO CIVIL DE OBRA PLENO COM ENCARGOS COMPLEMENTARES | C13: SER.CG | D13: H | E13: 704 | F13: 62.83 | G13: =E13*F13 -> 44232.32
A14: 90780U | B14: MESTRE DE OBRAS COM ENCARGOS COMPLEMENTARES | C14: SER.CG | D14: H | E14: 1408 | F14: 38.51 | G14: 6777.74
A15: CPU2 | B15: VIGIA NOTURNO COM ENCARGOS COMPLEMENTARES | C15: SER.CG | D15: H | E15: 2880 | F15: 24.2 | G15: 8710.59
A16: PREÇO (mão-de-obra): | G16: 17124.78
A17: PREÇO (material): | G17: 3892.64
A18: PREÇO TOTAL (unit.): | G18: 21017.42
A19: LS(%): 115,48 | G19: 19775.7
A20: BDI(%): 21,00 | G20: 8566.55
A21: ADM(%): 0,00 | G21: 0
A22: TOTAL TAXA: | G22: 28342.25
A23: PREÇO TOTAL UNIT. (c/ taxa): | G23: =ROUND(G18+G22,2) -> 49359.67
A24: QUANTIDADE: | G24: 8
A25: PREÇO TOTAL (c/ taxa): | G25: =ROUND(G23*G24,2) -> 394877.36
A27: 01.17.031/CDHUU | B27: Projeto executivo de arquitetura em formato A1 | C27: SER.CG | D27: UN
A28: 90768U | B28: ARQUITETO DE OBRA JUNIOR COM ENCARGOS COMPLEMENTARES | C28: SER.CG | D28: H | E28: 3 | F28: 59.57 | G28: 178.72
A29: 90770U | B29: ARQUITETO DE OBRA SENIOR COM ENCARGOS COMPLEMENTARES | C29: SER.CG | D29: H | E29: 2.2 | F29: 66.9 | G29: 147.19
A30: 90775U | B30: DESENHISTA PROJETISTA COM ENCARGOS COMPLEMENTARES | C30: SER.CG | D30: H | E30: 18 | F30: 31.26 | G30: 562.62
A31: B.01.000.020112/CDHU | B31: Coordenador de projetos | C31: M.O. | D31: H | E31: 1.4 | F31: 165.81 | G31: 232.13
A32: B.01.000.020121/CDHU | B32: Projetista pleno - nível técnico | C32: M.O. | D32: H | E32: 11 | F32: 53.93 | G32: 593.23
A33: PREÇO (mão-de-obra): | G33: 1660.58
A34: PREÇO (material): | G34: 53.31
A35: PREÇO TOTAL (unit.): | G35: 1713.89
A36: LS(%): 115,48 | G36: 1917.63
A37: BDI(%): 21,00 | G37: 762.62
A38: ADM(%): 0,00 | G38: 0
A39: TOTAL TAXA: | G39: 2680.25
A40: PREÇO TOTAL UNIT. (c/ taxa): | G40: =ROUND(G35+G39,2) -> 4394.14
A41: QUANTIDADE: | G41: 4
A42: PREÇO TOTAL (c/ taxa): | G42: =ROUND(G40*G41,2) -> 17576.56
A44: 01.02 | B44: SONDAGEM DO TERRENO
A45: 01.21.110/CDHU | B45: Sondagem do terreno à percussão (mínimo de 30 m) | C45: SER.CG | D45: M
A46: A.07.000.020483/CDHU | B46: Sondagem a percussão, inclusive as peças gráficas e relatórios pertinentes mínimo de 30m | C46: SER.MO | D46: M | E46: 1 | F46: 81.73 | G46: 81.73
A47: PREÇO (mão-de-obra): | G47: 0
A48: PREÇO (material): | G48: 81.73
A49: PREÇO TOTAL (unit.): | G49: 81.73
A50: LS(%): 115,48 | G50: 0
A51: BDI(%): 21,00 | G51: 17.16
A52: ADM(%): 0,00 | G52: 0
A53: TOTAL TAXA: | G53: 17.16
A54: PREÇO TOTAL UNIT. (c/ taxa): | G54: =ROUND(G49+G53,2) -> 98.89
A55: QUANTIDADE: | G55: 60
A56: PREÇO TOTAL (c/ taxa): | G56: =ROUND(G54*G55,2) -> 5933.4
A58: 2 | B58: INSTALAÇÃO DO CANTEIRO DE OBRA
A59: 02.01 | B59: TAPUMES E ALOJAMENTOS
A60: 93207U | B60: EXECUÇÃO DE ESCRITÓRIO EM CANTEIRO DE OBRA EM CHAPA DE MADEIRA COMPENSADA, NÃO INCLUSO MOBILIÁRIO E EQUIPAMENTOS. AF_02/2016 | C60: SER.CG | D60: M2
A61: 100556U | B61: CAIXA DE PASSAGEM PARA TELEFONE 15X15X10CM (SOBREPOR), FORNECIMENTO E INSTALACAO. AF_11/2019 | C61: SER.CG | D61: UN | E61: 0.0193 | F61: 27.42 | G61: 0.53
A62: 100665U | B62: JANELA DE MADEIRA - CEDRINHO/ANGELIM OU EQUIVALENTE DA REGIÃO - DE ABRIR COM 4 FOLHAS (2 VENEZIANAS E 2 GUILHOTINAS PARA VIDRO), COM BATENTE, ALIZAR E FERRAGENS. EXCLUSIVE VIDROS, ACABAMENTO E CONTRAMARCO. FORNECIMENTO E INSTALAÇÃO. AF_12/2019 | C62: SER.CG | D62: M2 | E62: 0.0964 | F62: 731.74 | G62: 70.54
A63: 101165U | B63: ALVENARIA DE EMBASAMENTO COM BLOCO ESTRUTURAL DE CONCRETO, DE 14X19X29CM E ARGAMASSA DE ASSENTAMENTO COM PREPARO EM BETONEIRA. AF_05/2020 | C63: SER.CG | D63: M3 | E63: 0.0239 | F63: 877.27 | G63: 20.97
A64: 101875U | B64: QUADRO DE DISTRIBUIÇÃO DE ENERGIA EM CHAPA DE AÇO GALVANIZADO, DE EMBUTIR, COM BARRAMENTO TRIFÁSICO, PARA 12 DISJUNTORES DIN 100A - FORNECIMENTO E INSTALAÇÃO. AF_10/2020 | C64: SER.CG | D64: UN | E64: 0.0193 | F64: 366.43 | G64: 7.07
A65: 101891U | B65: DISJUNTOR MONOPOLAR TIPO NEMA, CORRENTE NOMINAL DE 35 ATÉ 50A - FORNECIMENTO E INSTALAÇÃO. AF_10/2020 | C65: SER.CG | D65: UN | E65: 0.1734 | F65: 25.37 | G65: 4.4
A66: 103328U | B66: ALVENARIA DE VEDAÇÃO DE BLOCOS CERÂMICOS FURADOS NA HORIZONTAL DE 9X19X19 CM (ESPESSURA 9 CM) E ARGAMASSA DE ASSENTAMENTO COM PREPARO EM BETONEIRA. AF_12/2021 | C66: SER.CG | D66: M2 | E66: 0.1023 | F66: 77.92 | G66: 7.97
A67: 10886 | B67: EXTINTOR DE INCENDIO PORTATIL COM CARGA DE AGUA PRESSURIZADA DE 10 L, CLASSE A | C67: MAT. | D67: UN | E67: 0.0193 | F67: 201.25 | G67: 3.88
A68: 10891 | B68: EXTINTOR DE INCENDIO PORTATIL COM CARGA DE PO QUIMICO SECO (PQS) DE 4 KG, CLASSE BC | C68: MAT. | D68: UN | E68: 0.0193 | F68: 194.61 | G68: 3.76
A69: 11587 | B69: FORRO DE PVC LISO, BRANCO, REGUA DE 10 CM, ESPESSURA DE 8 MM A 10 MM (COM COLOCACAO / SEM ESTRUTURA METALICA) | C69: MAT. | D69: M2 | E69: 0.9938 | F69: 87.12 | G69: 86.58
A70: 3080 | B70: FECHADURA ESPELHO PARA PORTA EXTERNA, EM ACO INOX (MAQUINA, TESTA E CONTRA-TESTA) E EM ZAMAC (MACANETA, LINGUETA E TRINCOS) COM ACABAMENTO CROMADO, MAQUINA DE 40 MM, INCLUINDO CHAVE TIPO CILINDRO | C70: MAT. | D70: CJ | E70: 0.0578 | F70: 80.5 | G70: 4.65
A71: 3097 | B71: FECHADURA ROSETA REDONDA PARA PORTA DE BANHEIRO, EM ACO INOX (MAQUINA, TESTA E CONTRA-TESTA) E EM ZAMAC (MACANETA, LINGUETA E TRINCOS) COM ACABAMENTO CROMADO, MAQUINA DE 40 MM, INCLUINDO CHAVE TIPO TRANQUETA | C71: MAT. | D71: CJ | E71: 0.0385 | F71: 90.13 | G71: 3.47
A72: 86888U | B72: VASO SANITÁRIO SIFONADO COM CAIXA ACOPLADA LOUÇA BRANCA - FORNECIMENTO E INSTALAÇÃO. AF_01/2020 | C72: SER.CG | D72: UN | E72: 0.0385 | F72: 463.72 | G72: 17.85
A73: 86934U | B73: BANCADA DE MÁRMORE SINTÉTICO 120 X 60CM, COM CUBA INTEGRADA, INCLUSO SIFÃO TIPO FLEXÍVEL EM PVC, VÁLVULA EM PLÁSTICO CROMADO TIPO AMERICANA E TORNEIRA CROMADA LONGA, DE PAREDE, PADRÃO POPULAR - FORNECIMENTO E INSTALAÇÃO. AF_01/2020 | C73: SER.CG | D73: UN | E73: 0.0193 | F73: 480.28 | G73: 9.27
A74: 86943U | B74: LAVATÓRIO LOUÇA BRANCA SUSPENSO, 29,5 X 39CM OU EQUIVALENTE, PADRÃO POPULAR, INCLUSO SIFÃO FLEXÍVEL EM PVC, VÁLVULA E ENGATE FLEXÍVEL 30CM EM PLÁSTICO E TORNEIRA CROMADA DE MESA, PADRÃO POPULAR - FORNECIMENTO E INSTALAÇÃO. AF_01/2020 | C74: SER.CG | D74: UN | E74: 0.0385 | F74: 239.37 | G74: 9.22
A75: 87548U | B75: MASSA ÚNICA, PARA RECEBIMENTO DE PINTURA, EM ARGAMASSA TRAÇO 1:2:8, PREPARO MANUAL, APLICADA MANUALMENTE EM FACES INTERNAS DE PAREDES, ESPESSURA DE 10MM, COM EXECUÇÃO DE TALISCAS. AF_06/2014 | C75: SER.CG | D75: M2 | E75: 0.0385 | F75: 23.12 | G75: 0.89
A76: 87885U | B76: CHAPISCO APLICADO NO TETO OU EM ALVENARIA E ESTRUTURA, COM ROLO PARA TEXTURA ACRÍLICA. ARGAMASSA INDUSTRIALIZADA COM PREPARO EM MISTURADOR 300 KG. AF_10/2022 | C76: SER.CG | D76: M2 | E76: 0.2047 | F76: 9.08 | G76: 1.86
A77: 88489U | B77: PINTURA LÁTEX ACRÍLICA PREMIUM, APLICAÇÃO MANUAL EM PAREDES, DUAS DEMÃOS. AF_04/2023 | C77: SER.CG | D77: M2 | E77: 4.4976 | F77: 12.17 | G77: 54.72
A78: 89171U | B78: (COMPOSIÇÃO REPRESENTATIVA) DO SERVIÇO DE REVESTIMENTO CERÂMICO PARA PISO COM PLACAS TIPO ESMALTADA EXTRA DE DIMENSÕES 35X35 CM, PARA EDIFICAÇÃO HABITACIONAL UNIFAMILIAR (CASA) E EDIFICAÇÃO PÚBLICA PADRÃO. AF_11/2014 | C78: SER.CG | D78: M2 | E78: 0.0806 | F78: 46.14 | G78: 3.72
A79: 89173U | B79: (COMPOSIÇÃO REPRESENTATIVA) DO SERVIÇO DE EMBOÇO/MASSA ÚNICA, APLICADO MANUALMENTE, TRAÇO 1:2:8, EM BETONEIRA DE 400L, PAREDES INTERNAS, COM EXECUÇÃO DE TALISCAS, EDIFICAÇÃO HABITACIONAL UNIFAMILIAR (CASAS) E EDIFICAÇÃO PÚBLICA PADRÃO. AF_12/2014 | C79: SER.CG | D79: M2 | E79: 0.2047 | F79: 29.22 | G79: 5.98
A80: 89482U | B80: CAIXA SIFONADA, PVC, DN 100 X 100 X 50 MM, FORNECIDA E INSTALADA EM RAMAIS DE ENCAMINHAMENTO DE ÁGUA PLUVIAL. AF_06/2022 | C80: SER.CG | D80: UN | E80: 0.0385 | F80: 37.02 | G80: 1.43
A81: 89711U | B81: TUBO PVC, SERIE NORMAL, ESGOTO PREDIAL, DN 40 MM, FORNECIDO E INSTALADO EM RAMAL DE DESCARGA OU RAMAL DE ESGOTO SANITÁRIO. AF_08/2022 | C81: SER.CG | D81: M | E81: 0.1388 | F81: 19.99 | G81: 2.77
A82: 89712U | B82: TUBO PVC, SERIE NORMAL, ESGOTO PREDIAL, DN 50 MM, FORNECIDO E INSTALADO EM RAMAL DE DESCARGA OU RAMAL DE ESGOTO SANITÁRIO. AF_08/2022 | C82: SER.CG | D82: M | E82: 0.1253 | F82: 25.92 | G82: 3.25
A83: 89714U | B83: TUBO PVC, SERIE NORMAL, ESGOTO PREDIAL, DN 100 MM, FORNECIDO E INSTALADO EM RAMAL DE DESCARGA OU RAMAL DE ESGOTO SANITÁRIO. AF_08/2022 | C83: SER.CG | D83: M | E83: 0.1472 | F83: 36.07 | G83: 5.31
... A134: 98448U | B134: PAREDE DE MADEIRA COMPENSADA PARA CONSTRUÇÃO TEMPORÁRIA EM CHAPA SIMPLES, INTERNA, COM ÁREA LÍQUIDA MENOR QUE 6 M², COM VÃO. AF_05/2018 | C134: SER.CG | D134: M2 | E134: 0.1926 | F134: 94.94 | G134: 18.28
A135: PREÇO (mão-de-obra): | G135: 144.25
A136: PREÇO (material): | G136: 811.64
A137: PREÇO TOTAL (unit.): | G137: 955.89
A138: LS(%): 115,48 | G138: 166.58
A139: BDI(%): 21,00 | G139: 235.72
A140: ADM(%): 0,00 | G140: 0
A141: TOTAL TAXA: | G141: 402.3
A142: PREÇO TOTAL UNIT. (c/ taxa): | G142: =ROUND(G137+G141,2) -> 1358.19
A143: QUANTIDADE: | G143: 20
A144: PREÇO TOTAL (c/ taxa): | G144: =ROUND(G142*G143,2) -> 27163.8
A146: 97063U | B146: MONTAGEM E DESMONTAGEM DE ANDAIME MODULAR FACHADEIRO, COM PISO METÁLICO, PARA EDIFICAÇÕES COM MÚLTIPLOS PAVIMENTOS (EXCLUSIVE ANDAIME E LIMPEZA). AF_11/2017 | C146: SER.CG | D146: M2
A147: 100251U | B147: TRANSPORTE HORIZONTAL MANUAL, DE TUBO DE AÇO CARBONO LEVE OU MÉDIO, PRETO OU GALVANIZADO, COM DIÂMETRO MAIOR QUE 32 MM E MENOR OU IGUAL A 65 MM (UNIDADE: MXKM). AF_07/2019 | C147: SER.CG | D147: mxkm | E147: 0.1673 | F147: 11.63 | G147: 1.95
A148: 88278U | B148: MONTADOR DE ESTRUTURA METÁLICA COM ENCARGOS COMPLEMENTARES | C148: SER.CG | D148: H | E148: 0.5546 | F148: 20.21 | G148: 11.21
A149: 88316U | B149: SERVENTE COM ENCARGOS COMPLEMENTARES | C149: SER.CG | D149: H | E149: 0.1058 | F149: 19.01 | G149: 2.01
A150: PREÇO (mão-de-obra): | G150: 9.03
A151: PREÇO (material): | G151: 6.14
A152: PREÇO TOTAL (unit.): | G152: 15.17
A153: LS(%): 115,48 | G153: 10.42
A154: BDI(%): 21,00 | G154: 5.37
...

Sheet CRONOG. REFORMA
A1: PREFETURA MUNICIPAL DE INDAIATUBA
A2: SECRETARIA MUNICIPAL DE PLANEJAMENTO URBANO E ENGENHARIA
A3: Estado de São Paulo
A5: CRONOGRAMA FÍSICO - FINANCEIRO
A6: Obra: REFORMA E AMPLIAÇÃO DA UBS 7
A7: Orçamento: REFORMA DA UBS 7
A8: Local: R. José de Campos, 709 - Jardim Morada do Sol, Indaiatuba - SP
A9: ETAPAS | B9: V. dos Serv. | C9: % | D9: Mês 01 | E9: Mês 02 | F9: Mês 03 | G9: Mês 04 | H9: Mês 05 | I9: Mês 06 | J9: Mês 07 | K9: Mês 08
B10: R$ | D10: R$ | E10: R$ | F10: R$ | G10: R$ | H10: R$ | I10: R$ | J10: R$ | K10: R$
A11: INSTALAÇÃO DO CANTEIRO DE OBRA | B11: ='ORÇAM. REFORMA'!K39 -> 93985.42 | C11: =B11*100/$B$27 -> 13.503818 | D11: =$B$11/3 -> 31328.473 | E11: =$B$11/3 -> 31328.473 | F11: =$B$11/3 -> 31328.473 | L11: =SUM(D11:K11) -> 93985.42
A12: INFRAESTRUTURA | B12: ='ORÇAM. REFORMA'!K62 -> 10221.56 | D12: =B12*0.2 -> 2044.312 | E12: =B12*0.8 -> 8177.248
A13: PAREDES E PAINÉIS | B13: ='ORÇAM. REFORMA'!K70 -> 2312.45 | C13: =B13*100/$B$27 -> 0.33225264 | D13: =B13 -> 2312.45 | L13: =SUM(D13:K13) -> 2312.45
A14: ESQUADRIAS DE MADEIRA | B14: ='ORÇAM. REFORMA'!K74 -> 1800.95 | C14: =B14*100/$B$27 -> 0.25876036 | E14: =B14/2 -> 900.475 | F14: =B14/2 -> 900.475 | L14: =SUM(D14:K14) -> 1800.95
A15: ESQUADRIAS METÁLICAS | B15: ='ORÇAM. REFORMA'!K83 -> 133116.19 | C15: =B15*100/$B$27 -> 19.126124 | E15: =B15/2 -> 66558.095 | F15: =B15/2 -> 66558.095 | L15: =SUM(D15:K15) -> 133116.19
A16: VIDROS | B16: ='ORÇAM. REFORMA'!K87 -> 2800.98 | C16: =B16*100/$B$27 -> 0.40244459 | F16: =B16 -> 2800.98 | L16: =SUM(D16:K16) -> 2800.98
A17: COBERTURA | B17: ='ORÇAM. REFORMA'!K93 -> 60229.22 | C17: =B17*100/$B$27 -> 8.6537296 | E17: =$B$17/2 -> 30114.61 | F17: =$B$17/2 -> 30114.61 | L17: =SUM(D17:K17) -> 60229.22
A18: IMPERMEABILIZAÇÃO | B18: ='ORÇAM. REFORMA'!K100 -> 6718.55 | C18: =B18*100/$B$27 -> 0.96532074 | E18: 1258.33 | F18: =+B18-E18 -> 5460.22 | L18: =SUM(D18:K18) -> 6718.55
A19: FORRO | B19: ='ORÇAM. REFORMA'!K106 -> 3576.16 | C19: =B19*100/$B$27 -> 0.51382239 | G19: =B19 -> 3576.16 | L19: =SUM(D19:K19) -> 3576.16
A20: REVESTIMENTO DE PAREDES INTERNAS | B20: ='ORÇAM. REFORMA'!K116 -> 19015.11 | C20: =B20*100/$B$27 -> 2.7320895 | G20: =B20 -> 19015.11 | L20: =SUM(D20:K20) -> 19015.11
A21: REVESTIMENTO DE PAREDES EXTERNAS | B21: ='ORÇAM. REFORMA'!K122 -> 24312.6 | C21: =B21*100/$B$27 -> 3.4932325 | G21: =B21 -> 24312.6 | L21: =SUM(D21:K21) -> 24312.6
A22: PISOS INTERNOS | B22: ='ORÇAM. REFORMA'!K140 -> 22480.01 | C22: =B22*100/$B$27 -> 3.2299261 | H22: =B22 -> 22480.01 | L22: =SUM(D22:K22) -> 22480.01
A23: INSTALAÇÕES HIDRÁULICAS | B23: ='ORÇAM. REFORMA'!K152 -> 10660.15 | C23: =B23*100/$B$27 -> 1.5316495 | G23: =B23 -> 10660.15 | L23: =SUM(D23:K23) -> 10660.15
A24: PINTURA | B24: ='ORÇAM. REFORMA'!K176 -> 128461.58 | C24: =B24*100/$B$27 -> 18.45735 | H24: =$B$24/2 -> 64230.79 | I24: =$B$24/2 -> 64230.79 | L24: =SUM(D24:K24) -> 128461.58
A25: SERVIÇOS COMPLEMENTARES EXTERNOS | B25: ='ORÇAM. REFORMA'!K208 -> 176300.54 | C25: =B25*100/$B$27 -> 25.330848 | G25: =B25*0.2 -> 35260.108 | H25: =B25*0.2 -> 35260.108 | I25: =B25*0.2 -> 35260.108 | J25: =B25*0.2 -> 35260.108 | K25: =B25*0.2 -> 35260.108 | L25: =SUM(D25:K25) -> 176300.54
A26: Sub Total Mensal | D26: =SUM(D11:D25) -> 35685.235 | E26: =SUM(E11:E25) -> 138337.23 | F26: =SUM(F11:F25) -> 137162.85 | G26: =SUM(G11:G25) -> 92824.128 | H26: =SUM(H11:H25) -> 121970.91 | I26: =SUM(I11:I25) -> 99490.898 | J26: =SUM(J11:J25) -> 35260.108 | K26: =SUM(K11:K25) -> 35260.108 | L26: =SUM(L11:L25) -> 685769.91
A27: Total Acumulado | B27: =SUM(B11:B25) -> 695991.47 | C27: =SUM(C11:C25) -> 98.531367 | D27: =D26 -> 35685.235 | E27: =D27+E26 -> 174022.47 | F27: =E27+F26 -> 311185.32 | G27: =F27+G26 -> 404009.45 | H27: =G27+H26 -> 525980.36 | I27: =H27+I26 -> 625471.25 | J27: =I27+J26 -> 660731.36 | K27: =J27+K26 -> 695991.47
A29: % Físico Mês | D29: =D26/$B$27 -> 0.051272518 | E29: =E26/$B$27 -> 0.19876283 | F29: =F26/$B$27 -> 0.19707548 | G29: =G26/$B$27 -> 0.13336963 | H29: =H26/$B$27 -> 0.17524771 | I29: =I26/$B$27 -> 0.14294844 | J29: =J26/$B$27 -> 0.050661696 | K29: =K26/$B$27 -> 0.050661696
A30: % Físico Acumulado | D30: =D27/B27 -> 0.051272518 | E30: =D30+E29 -> 0.25003534 | F30: =E30+F29 -> 0.44711082 | G30: =F30+G29 -> 0.58048046 | H30: =G30+H29 -> 0.75572816 | I30: =H30+I29 -> 0.89867661 | J30: =I30+J29 -> 0.9493383 | K30: =J30+K29 -> 1
A31: % Financeiro Mês | D31: =D29 -> 0.051272518 | E31: =E29 -> 0.19876283 | F31: =F29 -> 0.19707548 | G31: =G29 -> 0.13336963 | H31: =H29 -> 0.17524771 | I31: =I29 -> 0.14294844 | J31: =J29 -> 0.050661696 | K31: =K29 -> 0.050661696
A32: % Financeiro Acumulado | D32: =D30 -> 0.051272518 | E32: =E30 -> 0.25003534 | F32: =F30 -> 0.44711082 | G32: =G30 -> 0.58048046 | H32: =H30 -> 0.75572816 | I32: =I30 -> 0.89867661 | J32: =J30 -> 0.9493383 | K32: =K30 -> 1
A35: Indaiatuba, 17 de abril de 2026

Sheet COMPOSIÇÕES REFORMA
F1: Data: 17/04/2026
A2: PREFEITURA MUNICIPAL DE INDAIATUBA
A3: SECRETARIA MUNICIPAL DE PLANEJAMENTO URBANO E ENGENHARIA
A4: Estado de São Paulo
E5: TAXAS: BDI= 21,00% |LS= 115,01%
A6: OBRA : | B6: REFORMA E AMPLIAÇÃO DA UBS 7
A7: ORÇAMENTO : | B7: REFORMA DA UBS 7
A8: LOCAL : | B8: R. José de Campos, 709 - Jardim Morada do Sol, Indaiatuba - SP
A9: CÓDIGO | B9: DESCRIÇÃO | C9: CLASS | D9: UNIDADE | E9: COEF. | F9: PREÇO(R$) | G9: PREÇO TOTAL (R$)
A10: 2 | B10: INSTALAÇÃO DO CANTEIRO DE OBRA
A11: 02.01 | B11: TAPUMES E ALOJAMENTOS
A12: 98459U | B12: TAPUME COM TELHA METÁLICA. AF_05/2018 | C12: SER.CG | D12: M2
A13: 4491 | B13: PONTALETE *7,5 X 7,5* CM EM PINUS, MISTA OU EQUIVALENTE DA REGIAO - BRUTA | C13: MAT. | D13: M | E13: 1.2273 | F13: 8.14 | G13: 9.99
A14: 5061 | B14: PREGO DE ACO POLIDO COM CABECA 18 X 27 (2 1/2 X 10) | C14: MAT. | D14: KG | E14: 0.068 | F14: 11.13 | G14: 0.76
A15: 6194 | B15: TABUA *2,5 X 15 CM EM PINUS, MISTA OU EQUIVALENTE DA REGIAO - BRUTA | C15: MAT. | D15: M | E15: 2 | F15: 5.81 | G15: 11.62
A16: 7243 | B16: TELHA TRAPEZOIDAL EM ACO ZINCADO, SEM PINTURA, ALTURA DE APROXIMADAMENTE 40 MM, ESPESSURA DE 0,50 MM E LARGURA UTIL DE 980 MM | C16: MAT. | D16: M2 | E16: 0.5853 | F16: 47.39 | G16: 27.74
A17: 88239U | B17: AJUDANTE DE CARPINTEIRO COM ENCARGOS COMPLEMENTARES | C17: SER.CG | D17: H | E17: 0.492 | F17: 20.12 | G17: 9.9
A18: 88262U | B18: CARPINTEIRO DE FORMAS COM ENCARGOS COMPLEMENTARES | C18: SER.CG | D18: H | E18: 0.735 | F18: 21.08 | G18: 15.49
A19: 91692U | B19: SERRA CIRCULAR DE BANCADA COM MOTOR ELÉTRICO POTÊNCIA DE 5HP, COM COIFA PARA DISCO 10" - CHP DIURNO. AF_08/2015 | C19: SER.CG | D19: CHP | E19: 0.0066 | F19: 23.82 | G19: 0.16
A20: 91693U | B20: SERRA CIRCULAR DE BANCADA COM MOTOR ELÉTRICO POTÊNCIA DE 5HP, COM COIFA PARA DISCO 10" - CHI DIURNO. AF_08/2015 | C20: SER.CG | D20: CHI | E20: 0.0264 | F20: 22.57 | G20: 0.6
A21: 94974U | B21: CONCRETO MAGRO PARA LASTRO, TRAÇO 1:4,5:4,5 (EM MASSA SECA DE CIMENTO/ AREIA MÉDIA/ BRITA 1) - PREPARO MANUAL. AF_05/2021 | C21: SER.CG | D21: M3 | E21: 0.0061 | F21: 387.72 | G21: 2.37
A22: PREÇO (mão-de-obra): | G22: 15.43
A23: PREÇO (material): | G23: 63.19
A24: PREÇO TOTAL (unit.): | G24: 78.62
A25: LS(%): 115,01 | G25: 17.74
A26: BDI(%): 21,00 | G26: 20.24
A27: ADM(%): 0,00 | G27: 0
A28: TOTAL TAXA: | G28: 37.98
A29: PREÇO TOTAL UNIT. (c/ taxa): | G29: =ROUND(G24+G28,2) -> 116.6
A30: QUANTIDADE: | G30: 133.91
A31: PREÇO TOTAL (c/ taxa): | G31: =ROUND(G29*G30,2) -> 15613.91
A33: 05.07.040/CDHUU | B33: Remoção de entulho separado de obra com caçamba metálica - terra, alvenaria, concreto, argamassa, madeira, papel, plástico ou metal | C33: SER.CG | D33: M3
A34: 88316U | B34: SERVENTE COM ENCARGOS COMPLEMENTARES | C34: SER.CG | D34: H | E34: 0.6 | F34: 19.41 | G34: 11.65
A35: A.05.000.020358/CDHU | B35: Remoção de entulho de obra, terra, alvenaria, concreto, argamassa, madeira, papel, plástico, metal, capacidade de 4m³ | C35: SER.MO | D35: M3 | E35: 1 | F35: 98.52 | G35: 98.52
A36: PREÇO (mão-de-obra): | G36: 6.13
A37: PREÇO (material): | G37: 104.04
A38: PREÇO TOTAL (unit.): | G38: 110.17
A39: LS(%): 115,01 | G39: 7.05
A40: BDI(%): 21,00 | G40: 24.61
A41: ADM(%): 0,00 | G41: 0
A42: TOTAL TAXA: | G42: 31.66
A43: PREÇO TOTAL UNIT. (c/ taxa): | G43: =ROUND(G38+G42,2) -> 141.83
A44: QUANTIDADE: | G44: 88
A45: PREÇO TOTAL (c/ taxa): | G45: =ROUND(G43*G44,2) -> 12481.04
A47: 02.02 | B47: LOCAÇÃO DE OBRA
A48: 99059U | B48: LOCACAO CONVENCIONAL DE OBRA, UTILIZANDO GABARITO DE TÁBUAS CORRIDAS PONTALETADAS A CADA 2,00M - 2 UTILIZAÇÕES. AF_10/2018 | C48: SER.CG | D48: M
A49: 10567 | B49: TABUA *2,5 X 23* CM EM PINUS, MISTA OU EQUIVALENTE DA REGIAO - BRUTA | C49: MAT. | D49: M | E49: 0.55 | F49: 9.2 | G49: 5.06
A50: 4417 | B50: SARRAFO NAO APARELHADO *2,5 X 7* CM, EM MACARANDUBA/MASSARANDUBA, ANGELIM, PEROBA-ROSA OU EQUIVALENTE DA REGIAO - BRUTA | C50: MAT. | D50: M | E50: 0.7445 | F50: 9.06 | G50: 6.75
A51: 4433 | B51: CAIBRO NAO APARELHADO *7,5 X 7,5* CM, EM MACARANDUBA, ANGELIM OU EQUIVALENTE DA REGIAO - BRUTA | C51: MAT. | D51: M | E51: 0.4125 | F51: 32.58 | G51: 13.44
A52: 5068 | B52: PREGO DE ACO POLIDO COM CABECA 17 X 21 (2 X 11) | C52: MAT. | D52: KG | E52: 0.111 | F52: 11.32 | G52: 1.26
A53: 7356 | B53: TINTA LATEX ACRILICA PREMIUM, COR BRANCO FOSCO | C53: MAT. | D53: L | E53: 0.0256 | F53: 33.59 | G53: 0.86
A54: 88239U | B54: AJUDANTE DE CARPINTEIRO COM ENCARGOS COMPLEMENTARES | C54: SER.CG | D54: H | E54: 0.7247 | F54: 20.12 | G54: 14.58
A55: 88262U | B55: CARPINTEIRO DE FORMAS COM ENCARGOS COMPLEMENTARES | C55: SER.CG | D55: H | E55: 0.7247 | F55: 21.08 | G55: 15.28
A56: 91692U | B56: SERRA CIRCULAR DE BANCADA COM MOTOR ELÉTRICO POTÊNCIA DE 5HP, COM COIFA PARA DISCO 10" - CHP DIURNO. AF_08/2015 | C56: SER.CG | D56: CHP | E56: 0.007 | F56: 23.82 | G56: 0.17
A57: 91693U | B57: SERRA CIRCULAR DE BANCADA COM MOTOR ELÉTRICO POTÊNCIA DE 5HP, COM COIFA PARA DISCO 10" - CHI DIURNO. AF_08/2015 | C57: SER.CG | D57: CHI | E57: 0.028 | F57: 22.57 | G57: 0.63
A58: 94974U | B58: CONCRETO MAGRO PARA LASTRO, TRAÇO 1:4,5:4,5 (EM MASSA SECA DE CIMENTO/ AREIA MÉDIA/ BRITA 1) - PREPARO MANUAL. AF_05/2021 | C58: SER.CG | D58: M3 | E58: 0.004 | F58: 387.72 | G58: 1.55
A59: PREÇO (mão-de-obra): | G59: 17.82
A60: PREÇO (material): | G60: 41.75
A61: PREÇO TOTAL (unit.): | G61: 59.57
A62: LS(%): 115,01 | G62: 20.51
A63: BDI(%): 21,00 | G63: 16.81
A64: ADM(%): 0,00 | G64: 0
A65: TOTAL TAXA: | G65: 37.32
A66: PREÇO TOTAL UNIT. (c/ taxa): | G66: =ROUND(G61+G65,2) -> 96.89
A67: QUANTIDADE: | G67: 23.81
A68: PREÇO TOTAL (c/ taxa): | G68: =ROUND(G66*G67,2) -> 2306.95
A70: 02.04 | B70: DEMOLIÇÕES E RETIRADAS
A71: 90446U | B71: RASGO LINEAR MECANIZADO EM CONTRAPISO, PARA RAMAIS/ DISTRIBUIÇÃO DE INSTALAÇÕES HIDRÁULICAS, DIÂMETROS MAIORES QUE 75 MM E MENORES OU IGUAIS A 100 MM. AF_09/2023_PS | C71: SER.CG | D71: M
A72: 102274U | B72: MARTELO DEMOLIDOR ELÉTRICO, COM POTÊNCIA DE 2.000 W, 1.000 IMPACTOS POR MINUTO, PESO DE 30 KG - CHI DIURNO. AF_01/2021 | C72: SER.CG | D72: CHI | E72: 0.287 | F72: 0.82 | G72: 0.24
A73: 102275U | B73: MARTELO DEMOLIDOR ELÉTRICO, COM POTÊNCIA DE 2.000 W, 1.000 IMPACTOS POR MINUTO, PESO DE 30 KG - CHP DIURNO. AF_01/2021 | C73: SER.CG | D73: CHP | E73: 0.1175 | F73: 3.14 | G73: 0.37
A74: 88248U | B74: AUXILIAR DE ENCANADOR OU BOMBEIRO HIDRÁULICO COM ENCARGOS COMPLEMENTARES | C74: SER.CG | D74: H | E74: 0.1138 | F74: 20.07 | G74: 2.28
A75: 88298U | B75: OPERADOR DE MARTELETE OU MARTELETEIRO COM ENCARGOS COMPLEMENTARES | C75: SER.CG | D75: H | E75: 0.4047 | F75: 20.45 | G75: 8.28
A76: PREÇO (mão-de-obra): | G76: 6.32
A77: PREÇO (material): | G77: 4.85
A78: PREÇO TOTAL (unit.): | G78: 11.17
A79: LS(%): 115,01 | G79: 7.26
A80: BDI(%): 21,00 | G80: 3.87
A81: ADM(%): 0,00 | G81: 0
A82: TOTAL TAXA: | G82: 11.13
A83: PREÇO TOTAL UNIT. (c/ taxa): | G83: =ROUND(G78+G82,2) -> 22.3
A84: QUANTIDADE: | G84: 61.21
A85: PREÇO TOTAL (c/ taxa): | G85: =ROUND(G83*G84,2) -> 1364.98
A87: 97622U | B87: DEMOLIÇÃO DE ALVENARIA DE BLOCO FURADO, DE FORMA MANUAL, SEM REAPROVEITAMENTO. AF_09/2023 | C87: SER.CG | D87: M3
A88: 88309U | B88: PEDREIRO COM ENCARGOS COMPLEMENTARES | C88: SER.CG | D88: H | E88: 0.3541 | F88: 21.66 | G88: 7.67
A89: 88316U | B89: SERVENTE COM ENCARGOS COMPLEMENTARES | C89: SER.CG | D89: H | E89: 2.1957 | F89: 19.41 | G89: 42.62
A90: PREÇO (mão-de-obra): | G90: 26.8
A91: PREÇO (material): | G91: 23.49
A92: PREÇO TOTAL (unit.): | G92: 50.29
A93: LS(%): 115,01 | G93: 30.83
A94: BDI(%): 21,00 | G94: 17.03
A95: ADM(%): 0,00 | G95: 0
A96: TOTAL TAXA: | G96: 47.86
A97: PREÇO TOTAL UNIT. (c/ taxa): | G97: =ROUND(G92+G96,2) -> 98.15
A98: QUANTIDADE: | G98: 5.6
A99: PREÇO TOTAL (c/ taxa): | G99: =ROUND(G97*G98,2) -> 549.64
A101: 97634U | B101: DEMOLIÇÃO DE REVESTIMENTO CERÂMICO, DE FORMA MECANIZADA COM MARTELETE, SEM REAPROVEITAMENTO. AF_09/2023 | C101: SER.CG | D101: M2
A102: 102274U | B102: MARTELO DEMOLIDOR ELÉTRICO, COM POTÊNCIA DE 2.000 W, 1.000 IMPACTOS POR MINUTO, PESO DE 30 KG - CHI DIURNO. AF_01/2021 | C102: SER.CG | D102: CHI | E102: 0.0603 | F102: 0.82 | G102: 0.05
A103: 102275U | B103: MARTELO DEMOLIDOR ELÉTRICO, COM POTÊNCIA DE 2.000 W, 1.000 IMPACTOS POR MINUTO, PESO DE 30 KG - CHP DIURNO. AF_01/2021 | C103: SER.CG | D103: CHP | E103: 0.0788 | F103: 3.14 | G103: 0.25
A104: 88256U | B104: AZULEJISTA OU LADRILHISTA COM ENCARGOS COMPLEMENTARES | C104: SER.CG | D104: H | E104: 0.0323 | F104: 21.58 | G104: 0.7
A105: 88316U | B105: SERVENTE COM ENCARGOS COMPLEMENTARES | C105: SER.CG | D105: H | E105: 0.1085 | F105: 19.41 | G105: 2.11
...

Sheet CRONOGRAMA GERAL
A1: PREFETURA MUNICIPAL DE INDAIATUBA
A2: SECRETARIA MUNICIPAL DE PLANEJAMENTO URBANO E ENGENHARIA
A3: Estado de São Paulo
A5: CRONOGRAMA FÍSICO - FINANCEIRO
A6: Obra: REFORMA E AMPLIAÇÃO DA UBS 7
A7: Orçamento: Geral
A8: Local: R. José de Campos, 709 - Jardim Morada do Sol, Indaiatuba - SP
A9: ETAPAS | B9: V. dos Serv. | C9: % | D9: Mês 01 | E9: Mês 02 | F9: Mês 03 | G9: Mês 04 | H9: Mês 05 | I9: Mês 06 | J9: Mês 07 | K9: Mês 08
B10: R$ | D10: R$ | E10: R$ | F10: R$ | G10: R$ | H10: R$ | I10: R$ | J10: R$ | K10: R$
A11: SERVIÇOS INICIAIS | B11: ='CRONOG. AMPLIAÇÃO'!B11 -> 442235.85 | C11: =B11*100/$B$30 -> 20.772383 | D11: =$B$11/8 -> 55279.481 | E11: =$B$11/8 -> 55279.481 | F11: =$B$11/8 -> 55279.481 | G11: =$B$11/8 -> 55279.481 | H11: =$B$11/8 -> 55279.481 | I11: =$B$11/8 -> 55279.481 | J11: =$B$11/8 -> 55279.481 | K11: =$B$11/8 -> 55279.481 | L11: =SUM(D11:K11) -> 442235.85
A12: INSTALAÇÃO DO CANTEIRO DE OBRA | B12: ='CRONOG. REFORMA'!B11+'CRONOG. AMPLIAÇÃO'!B12 -> 169049.96 | C12: =B12*100/$B$30 -> 7.9404928 | D12: ='CRONOG. REFORMA'!D11+'CRONOG. AMPLIAÇÃO'!D12 -> 56349.987 | E12: ='CRONOG. REFORMA'!D11+'CRONOG. AMPLIAÇÃO'!E12 -> 56349.987 | F12: ='CRONOG. REFORMA'!F11+'CRONOG. AMPLIAÇÃO'!F12 -> 56349.987 | L12: =SUM(D12:K12) -> 169049.96
A13: MOVIMENTO DE TERRA | B13: ='CRONOG. AMPLIAÇÃO'!B13 -> 3444.11 | C13: =B13*100/$B$30 -> 0.16177425 | E13: ='CRONOG. AMPLIAÇÃO'!E13 -> 3444.11 | L13: =SUM(D13:K13) -> 3444.11
A14: INFRAESTRUTURA | B14: ='CRONOG. REFORMA'!B12+'CRONOG. AMPLIAÇÃO'!B14 -> 174594.49 | C14: =B14*100/$B$30 -> 8.2009265 | D14: ='CRONOG. REFORMA'!D12 -> 2044.312 | E14: ='CRONOG. REFORMA'!E12 -> 8177.248 | F14: ='CRONOG. AMPLIAÇÃO'!F14 -> 82186.465 | G14: ='CRONOG. AMPLIAÇÃO'!G14 -> 82186.465 | L14: =SUM(D14:K14) -> 174594.49
A15: PAREDES E PAINÉIS | B15: ='CRONOG. REFORMA'!B13+'CRONOG. AMPLIAÇÃO'!B15 -> 46765.79 | C15: =B15*100/$B$30 -> 2.196649 | D15: ='CRONOG. REFORMA'!D13 -> 2312.45 | H15: ='CRONOG. AMPLIAÇÃO'!H15 -> 44453.34 | L15: =SUM(D15:K15) -> 46765.79
A16: ESQUADRIAS DE MADEIRA | B16: ='CRONOG. REFORMA'!B14+'CRONOG. AMPLIAÇÃO'!B16 -> 17560.56 | C16: =B16*100/$B$30 -> 0.82484196 | E16: ='CRONOG. REFORMA'!E14 -> 900.475 | F16: ='CRONOG. REFORMA'!F14 -> 900.475 | H16: ='CRONOG. AMPLIAÇÃO'!H16 -> 7879.805 | I16: ='CRONOG. AMPLIAÇÃO'!I16 -> 7879.805 | L16: =SUM(D16:K16) -> 17560.56
A17: ESQUADRIAS METÁLICAS | B17: ='CRONOG. REFORMA'!B15+'CRONOG. AMPLIAÇÃO'!B17 -> 163071.04 | C17: =B17*100/$B$30 -> 7.6596553 | E17: ='CRONOG. REFORMA'!E15 -> 66558.095 | F17: ='CRONOG. REFORMA'!F15 -> 66558.095 | H17: ='CRONOG. AMPLIAÇÃO'!H17 -> 14977.425 | I17: ='CRONOG. AMPLIAÇÃO'!I17 -> 14977.425 | L17: =SUM(D17:K17) -> 163071.04
A18: VIDROS | B18: ='CRONOG. REFORMA'!B16+'CRONOG. AMPLIAÇÃO'!B18 -> 7974.27 | C18: =B18*100/$B$30 -> 0.37456166 | F18: ='CRONOG. REFORMA'!F16 -> 2800.98 | H18: ='CRONOG. AMPLIAÇÃO'!H18 -> 5173.29 | L18: =SUM(D18:K18) -> 7974.27
A19: COBERTURA | B19: ='CRONOG. REFORMA'!B17+'CRONOG. AMPLIAÇÃO'!B19 -> 210087.74 | C19: =B19*100/$B$30 -> 9.8680899 | D19: ='CRONOG. REFORMA'!D17+'CRONOG. AMPLIAÇÃO'!D19 -> 0 | E19: ='CRONOG. REFORMA'!E17+'CRONOG. AMPLIAÇÃO'!E19 -> 30114.61 | F19: ='CRONOG. REFORMA'!F17+'CRONOG. AMPLIAÇÃO'!F19 -> 30114.61 | G19: ='CRONOG. REFORMA'!G17+'CRONOG. AMPLIAÇÃO'!G19 -> 49952.84 | H19: ='CRONOG. REFORMA'!H17+'CRONOG. AMPLIAÇÃO'!H19 -> 49952.84 | I19: ='CRONOG. REFORMA'!I17+'CRONOG. AMPLIAÇÃO'!I19 -> 49952.84 | J19: ='CRONOG. REFORMA'!J17+'CRONOG. AMPLIAÇÃO'!J19 -> 0 | K19: ='CRONOG. REFORMA'!K17+'CRONOG. AMPLIAÇÃO'!K19 -> 0 | L19: =SUM(D19:K19) -> 210087.74
A20: IMPERMEABILIZAÇÃO | B20: ='CRONOG. REFORMA'!B18+'CRONOG. AMPLIAÇÃO'!B20 -> 21348.47 | C20: =B20*100/$B$30 -> 1.0027649 | E20: ='CRONOG. REFORMA'!E18 -> 1258.33 | F20: ='CRONOG. REFORMA'!F18+'CRONOG. AMPLIAÇÃO'!F20 -> 20090.14 | L20: =SUM(D20:K20) -> 21348.47
A21: FORRO | B21: ='CRONOG. REFORMA'!B19+'CRONOG. AMPLIAÇÃO'!B21 -> 14633.89 | C21: =B21*100/$B$30 -> 0.68737253 | G21: ='CRONOG. REFORMA'!G19 -> 3576.16 | I21: ='CRONOG. AMPLIAÇÃO'!I21 -> 11057.73 | L21: =SUM(D21:K21) -> 14633.89
A22: REVESTIMENTO DE PAREDES INTERNAS | B22: ='CRONOG. REFORMA'!B20+'CRONOG. AMPLIAÇÃO'!B22 -> 39575.77 | C22: =B22*100/$B$30 -> 1.8589245 | G22: ='CRONOG. REFORMA'!G20 -> 19015.11 | H22: ='CRONOG. AMPLIAÇÃO'!H22 -> 20560.66 | L22: =SUM(D22:K22) -> 39575.77
A23: REVESTIMENTO DE PAREDES EXTERNAS | B23: ='CRONOG. REFORMA'!B21+'CRONOG. AMPLIAÇÃO'!B23 -> 36239.28 | C23: =B23*100/$B$30 -> 1.7022053 | G23: ='CRONOG. REFORMA'!G21 -> 24312.6 | H23: ='CRONOG. AMPLIAÇÃO'!H23 -> 11926.68 | L23: =SUM(D23:K23) -> 36239.28
A24: PISOS INTERNOS | B24: ='CRONOG. REFORMA'!B22+'CRONOG. AMPLIAÇÃO'!B24 -> 49917.99 | C24: =B24*100/$B$30 -> 2.3447118 | H24: ='CRONOG. REFORMA'!H22 -> 22480.01 | J24: ='CRONOG. AMPLIAÇÃO'!J24 -> 27437.98 | L24: =SUM(D24:K24) -> 49917.99
A25: INSTALAÇÕES HIDRÁULICAS | B25: ='CRONOG. REFORMA'!B23+'CRONOG. AMPLIAÇÃO'!B25 -> 182121.6 | C25: =B25*100/$B$30 -> 8.5544845 | G25: ='CRONOG. REFORMA'!G23 -> 10660.15 | H25: ='CRONOG. AMPLIAÇÃO'!H25 -> 85730.725 | I25: ='CRONOG. AMPLIAÇÃO'!I25 -> 85730.725 | L25: =SUM(D25:K25) -> 182121.6
A26: INSTALAÇÕES ELÉTRICAS | B26: ='CRONOG. AMPLIAÇÃO'!B26 -> 139587.29 | C26: =B26*100/$B$30 -> 6.5565935 | H26: ='CRONOG. AMPLIAÇÃO'!H26 -> 69793.645 | I26: ='CRONOG. AMPLIAÇÃO'!I26 -> 69793.645 | L26: =SUM(D26:K26) -> 139587.29
A27: PINTURA | B27: ='CRONOG. REFORMA'!B24+'CRONOG. AMPLIAÇÃO'!B27 -> 171877.65 | C27: =B27*100/$B$30 -> 8.0733131 | H27: ='CRONOG. REFORMA'!H24 -> 64230.79 | I27: ='CRONOG. REFORMA'!I24 -> 64230.79 | J27: ='CRONOG. AMPLIAÇÃO'!J27 -> 43416.07 | L27: =SUM(D27:K27) -> 171877.65
A28: SERVIÇOS COMPLEMENTARES EXTERNOS | B28: ='CRONOG. REFORMA'!B25+'CRONOG. AMPLIAÇÃO'!B28 -> 238874.8 | C28: =B28*100/$B$30 -> 11.220255 | D28: ='CRONOG. REFORMA'!D25+'CRONOG. AMPLIAÇÃO'!D28 -> 0 | E28: ='CRONOG. REFORMA'!E25+'CRONOG. AMPLIAÇÃO'!E28 -> 0 | F28: ='CRONOG. REFORMA'!F25+'CRONOG. AMPLIAÇÃO'!F28 -> 0 | G28: ='CRONOG. REFORMA'!G25+'CRONOG. AMPLIAÇÃO'!G28 -> 35260.108 | H28: ='CRONOG. REFORMA'!H25+'CRONOG. AMPLIAÇÃO'!H28 -> 35260.108 | I28: ='CRONOG. REFORMA'!I25+'CRONOG. AMPLIAÇÃO'!I28 -> 35260.108 | J28: ='CRONOG. REFORMA'!J25+'CRONOG. AMPLIAÇÃO'!J28 -> 35260.108 | K28: ='CRONOG. REFORMA'!K25+'CRONOG. AMPLIAÇÃO'!K28 -> 97834.368 | L28: =SUM(D28:K28) -> 238874.8
A29: Sub Total Mensal | D29: =SUM(D11:D28) -> 115986.23 | E29: =SUM(E11:E28) -> 222082.34 | F29: =SUM(F11:F28) -> 314280.23 | G29: =SUM(G11:G28) -> 280242.91 | H29: =SUM(H11:H28) -> 487698.8 | I29: =SUM(I11:I28) -> 394162.55 | J29: =SUM(J11:J28) -> 161393.64 | K29: =SUM(K11:K28) -> 153113.85 | L29: =SUM(D29:K29) -> 2128960.5
A30: Total Acumulado | B30: =SUM(B11:B28) -> 2128960.5 | C30: =SUM(C11:C28) -> 100 | D30: =D29 -> 115986.23 | E30: =D30+E29 -> 338068.57 | F30: =E30+F29 -> 652348.8 | G30: =F30+G29 -> 932591.71 | H30: =G30+H29 -> 1420290.5 | I30: =H30+I29 -> 1814453.1 | J30: =I30+J29 -> 1975846.7 | K30: =J30+K29 -> 2128960.5
A32: % Físico Mês | D32: =D29/$B$30 -> 0.054480216 | E32: =E29/$B$30 -> 0.10431491 | F32: =F29/$B$30 -> 0.14762145 | G32: =G29/$B$30 -> 0.13163368 | H32: =H29/$B$30 -> 0.22907836 | I32: =I29/$B$30 -> 0.18514319 | J32: =J29/$B$30 -> 0.075808657 | K32: =K29/$B$30 -> 0.071919533
A33: % Físico Acumulado | D33: =D30/B30 -> 0.054480216 | E33: =D33+E32 -> 0.15879513 | F33: =E33+F32 -> 0.30641657 | G33: =F33+G32 -> 0.43805026 | H33: =G33+H32 -> 0.66712862 | I33: =H33+I32 -> 0.85227181 | J33: =I33+J32 -> 0.92808047 | K33: =J33+K32 -> 1
A34: % Financeiro Mês | D34: =D32 -> 0.054480216 | E34: =E32 -> 0.10431491 | F34: =F32 -> 0.14762145 | G34: =G32 -> 0.13163368 | H34: =H32 -> 0.22907836 | I34: =I32 -> 0.18514319 | J34: =J32 -> 0.075808657 | K34: =K32 -> 0.071919533
A35: % Financeiro Acumulado | D35: =D33 -> 0.054480216 | E35: =E33 -> 0.15879513 | F35: =F33 -> 0.30641657 | G35: =G33 -> 0.43805026 | H35: =H33 -> 0.66712862 | I35: =I33 -> 0.85227181 | J35: =J33 -> 0.92808047 | K35: =K33 -> 1
A38: Indaiatuba, 17 de abril de 2026

Sheet COTAÇÕES
A1: COT3 | B1: RESERVATÓRIO METÁLICO TIPO TAÇA, COLUNA SECA, 5000 LITROS - FORNECIMENTO E INSTALAÇÃO
A2: EMPRESA | B2: CNPJ | C2: VENDEDOR | D2: CONTATO | E2: DATA | F2: PREÇO TOTAL
A3: ALFA RESERVATÓRIOS | E3: 26/03/2026 | F3: 40000
A4: SZ CONSTRUÇÕES | E4: 30/03/2026 | F4: 36000
A5: MULTMETALICA | E5: 27/03/2026 | F5: 57900
A6: FERLOC FERRAGEBS | E6: 26/03/2026 | F6: 49900
A7: STOCK CAIXAS | E7: 26/03/2026 | F7: 33136
A8: PREÇO ADOTADO | F8: =MEDIAN(F3:F7) -> 40000
A10: COT5 | B10: EXAUSTOR SICFLUX MAXX 150
A11: EMPRESA | B11: CNPJ | C11: VENDEDOR | D11: CONTATO | E11: DATA | F11: PREÇO TOTAL
A12: NOVA EXAUSTORES | E12: 11/03/2026 | F12: =823.6+41.51 -> 865.11
A13: AMERICANVEK | E13: 11/03/2026 | F13: =757.36+10.88 -> 768.24
A14: AR TECH | E14: 24/03/2026 | F14: =903+25.09 -> 928.09
A16: PREÇO ADOTADO | F16: =MEDIAN(F12:F15) -> 865.11
A18: COT4 | B18: INTERRUPTOR DIFERENCIAL RESIDUAL 4 POLOS 25A 30MA
A19: EMPRESA | B19: CNPJ | C19: VENDEDOR | D19: CONTATO | E19: DATA | F19: PREÇO TOTAL
A20: LEROY MERLIN | E20: 11/03/2026 | F20: =196.7+19.9 -> 216.6
A21: ANDRA | E21: 11/03/2026 | F21: =169.95+20.24 -> 190.19
A22: COPAFER | E22: 11/03/2026 | F22: =224.9+9.61 -> 234.51
A23: PREÇO ADOTADO | F23: =MEDIAN(F19:F22) -> 216.6
A25: COT 001 | B25: LUVA DE EMENDA PARA ELETRODUTO, EM ALUMINIO SEM ROSCA, DIMENSÃO DE 25 MM 1"
A26: EMPRESA | B26: CNPJ | C26: VENDEDOR | D26: CONTATO | E26: DATA | F26: PREÇO TOTAL
A27: LEROY MERLIN | E27: 11/03/2026 | F27: =5.41+21.97 -> 27.38
A28: TELHANORTE | E28: 11/03/2026 | F28: =8.5+8.91 -> 17.41
A29: OBRAMAX | E29: 11/03/2026 | F29: =4.19+19.24 -> 23.43
A30: PREÇO ADOTADO | F30: =MEDIAN(F26:F29) -> 23.43

Sheet CURVA ABC
A1: CÓDIGO | B1: FONTE | C1: DATA BASE | D1: DESCRIÇÃO | E1: UNID | F1: QUANT. | G1: PREÇO UNITÁRIO SEM BDI (R$) | H1: PREÇO TOTAL SEM BDI (R$) | I1: PREÇO UNITÁRIO COM BDI (R$) | J1: PREÇO TOTAL COM BDI (R$) | K1: ACUMULADO | L1: PART (%) | M1: PART ACUM (%
A2: CPU5 | B2: COMPOSICAO | C2: 2026/01 | D2: ADMNISTRAÇÃO LOCAL DE OBRA | E2: UN | F2: 1 | G2: 344628.74 | H2: 344628.74 | I2: 417000.77 | J2: 417000.77 | K2: =SUMIF($A$2:$A$429,A2,$J$2:$J$429) -> 417000.77 | L2: =J2/$J$430 -> 0.1958706 | M2: =L2 -> 0.1958706
A3: 15.03.030/CDHUU | B3: CPOS | C3: 2025/11 | D3: Fornecimento e montagem de estrutura em aço ASTM-A36, sem pintura | E3: KG | F3: 1369.65 | G3: 28.72 | H3: 39336.35 | I3: 34.75 | J3: 47595.34 | K3: =SUMIF($A$2:$A$429,A3,$J$2:$J$429) -> 164991.96 | L3: =J3/$J$430 -> 0.02235614 | M3: =L3+M2 -> 0.21822674
A4: 15.03.030/CDHUU | B4: CPOS | C4: 2025/11 | D4: Fornecimento e montagem de estrutura em aço ASTM-A36, sem pintura | E4: KG | F4: 3378.32 | G4: 28.72 | H4: 97025.35 | I4: 34.75 | J4: 117396.62 | K4: =SUMIF($A$2:$A$429,A4,$J$2:$J$429) -> 164991.96 | L4: =J4/$J$430 -> 0.055142694 | M4: =L4+M3 -> 0.27336943
A5: 22.06.240/CDHUU | B5: CPOS | C5: 2025/11 | D5: Brise metálico fixo em chapa lisa aluzinc pré-pintada, formato ogiva, lâmina frontal de 200mm | E5: M2 | F5: 117.5 | G5: 827.02 | H5: 97174.85 | I5: 1000.69 | J5: 117581.08 | K5: =SUMIF($A$2:$A$429,A5,$J$2:$J$429) -> 117581.08 | L5: =J5/$J$430 -> 0.055229337 | M5: =L5+M4 -> 0.32859877
A6: 21.03.151/CDHUU | B6: CPOS | C6: 2025/11 | D6: Revestimento em placa de alumínio composto "ACM", espessura de 4 mm e acabamento em PVDF | E6: M2 | F6: 8.02 | G6: 987.96 | H6: 7923.44 | I6: 1195.43 | J6: 9587.35 | K6: =SUMIF($A$2:$A$429,A6,$J$2:$J$429) -> 74810.01 | L6: =J6/$J$430 -> 0.0045033009 | M6: =L6+M5 -> 0.33310207
A7: 21.03.151/CDHUU | B7: CPOS | C7: 2025/11 | D7: Revestimento em placa de alumínio composto "ACM", espessura de 4 mm e acabamento em PVDF | E7: M2 | F7: 54.56 | G7: 987.96 | H7: 53903.1 | I7: 1195.43 | J7: 65222.66 | K7: =SUMIF($A$2:$A$429,A7,$J$2:$J$429) -> 74810.01 | L7: =J7/$J$430 -> 0.030635918 | M7: =L7+M6 -> 0.36373798
A8: 12.12.010/CDHU | B8: CPOS | C8: 2025/11 | D8: Taxa de mobilização e desmobilização de equipamentos para execução de estaca tipo hélice contínua em solo | E8: TX | F8: 1 | G8: 43530.57 | H8: 43530.57 | I8: 52671.99 | J8: 52671.99 | K8: =SUMIF($A$2:$A$429,A8,$J$2:$J$429) -> 52671.99 | L8: =J8/$J$430 -> 0.024740707 | M8: =L8+M7 -> 0.38847869
A9: CPU6 | B9: COMPOSICAO | C9: 2026/01 | D9: RESERVATÓRIO CILÍNDRICO METÁLICO 30000L-FORNECIMENTO E INSTALAÇÃO | E9: UN | F9: 1 | G9: 40000 | H9: 40000 | I9: 48400 | J9: 48400 | K9: =SUMIF($A$2:$A$429,A9,$J$2:$J$429) -> 48400 | L9: =J9/$J$430 -> 0.022734099 | M9: =L9+M8 -> 0.41121279
A10: 88489U | B10: SINAPI | C10: 2026/01 | D10: PINTURA LÁTEX ACRÍLICA PREMIUM, APLICAÇÃO MANUAL EM PAREDES, DUAS DEMÃOS. AF_04/2023 | E10: M2 | F10: 8 | G10: 15.48 | H10: 123.84 | I10: 18.73 | J10: 149.84 | K10: =SUMIF($A$2:$A$429,A10,$J$2:$J$429) -> 45064.38 | L10: =J10/$J$430 -> 7.0381764e-05 | M10: =L10+M9 -> 0.41128317
A11: 88489U | B11: SINAPI | C11: 2026/01 | D11: PINTURA LÁTEX ACRÍLICA PREMIUM, APLICAÇÃO MANUAL EM PAREDES, DUAS DEMÃOS. AF_04/2023 | E11: M2 | F11: 12.3 | G11: 15.48 | H11: 190.4 | I11: 18.73 | J11: 230.38 | K11: =SUMIF($A$2:$A$429,A11,$J$2:$J$429) -> 45064.38 | L11: =J11/$J$430 -> 0.00010821243 | M11: =L11+M10 -> 0.41139139
A12: 88489U | B12: SINAPI | C12: 2026/01 | D12: PINTURA LÁTEX ACRÍLICA PREMIUM, APLICAÇÃO MANUAL EM PAREDES, DUAS DEMÃOS. AF_04/2023 | E12: M2 | F12: 88.3 | G12: 15.48 | H12: 1366.88 | I12: 18.73 | J12: 1653.86 | K12: =SUMIF($A$2:$A$429,A12,$J$2:$J$429) -> 45064.38 | L12: =J12/$J$430 -> 0.0007768392 | M12: =L12+M11 -> 0.41216822
A13: 88489U | B13: SINAPI | C13: 2026/01 | D13: PINTURA LÁTEX ACRÍLICA PREMIUM, APLICAÇÃO MANUAL EM PAREDES, DUAS DEMÃOS. AF_04/2023 | E13: M2 | F13: 241.8 | G13: 15.48 | H13: 3743.06 | I13: 18.73 | J13: 4528.91 | K13: =SUMIF($A$2:$A$429,A13,$J$2:$J$429) -> 45064.38 | L13: =J13/$J$430 -> 0.002127287 | M13: =L13+M12 -> 0.41429551
A14: 88489U | B14: SINAPI | C14: 2026/01 | D14: PINTURA LÁTEX ACRÍLICA PREMIUM, APLICAÇÃO MANUAL EM PAREDES, DUAS DEMÃOS. AF_04/2023 | E14: M2 | F14: 882 | G14: 15.48 | H14: 13653.36 | I14: 18.73 | J14: 16519.86 | K14: =SUMIF($A$2:$A$429,A14,$J$2:$J$429) -> 45064.38 | L14: =J14/$J$430 -> 0.0077595895 | M14: =L14+M13 -> 0.4220551
... A41: 87530U | B41: SINAPI | C41: 2026/01 | D41: MASSA ÚNICA, PARA RECEBIMENTO DE PINTURA, EM ARGAMASSA TRAÇO 1:2:8, PREPARO MANUAL, APLICADA MANUALMENTE EM FACES INTERNAS DE PAREDES, ESPESSURA DE 20MM, COM EXECUÇÃO DE TALISCAS. AF_06/2014 | E41: M2 | F41: 33 | G41: 47.62 | H41: 1571.46 | I41: 57.62 | J41: 1901.46 | K41: =SUMIF($A$2:$A$429,A41,$J$2:$J$429) -> 19521.66 | L41: =J41/$J$430 -> 0.00089314008 | M41: =L41+M40 -> 0.59576892
A42: 87530U | D42: MASSA ÚNICA, PARA RECEBIMENTO DE PINTURA, EM ARGAMASSA TRAÇO 1:2:8, PREPARO MANUAL, APLICADA MANUALMENTE EM FACES INTERNAS DE PAREDES, ESPESSURA DE 20MM, COM EXECUÇÃO DE TALISCAS. AF_06/2014 | E42: M2 | F42: 56 | G42: 47.62 | H42: 2666.72 | I42: 57.62 | J42: 3226.72 | K42: =SUMIF($A$2:$A$429,A42,$J$2:$J$429) -> 19521.66 | L42: =J42/$J$430 -> 0.0015156317 | M42: =L42+M41 -> 0.59728455
A43: 87530U | B43: SINAPI | C43: 2026/01 | D43: MASSA ÚNICA, PARA RECEBIMENTO DE PINTURA, EM ARGAMASSA TRAÇO 1:2:8, PREPARO MANUAL, APLICADA MANUALMENTE EM FACES INTERNAS DE PAREDES, ESPESSURA DE 20MM, COM EXECUÇÃO DE TALISCAS. AF_06/2014 | E43: M2 | F43: 241.8 | G43: 47.62 | H43: 11514.52 | I43: 57.62 | J43: 13932.52 | K43: =SUMIF($A$2:$A$429,A43,$J$2:$J$429) -> 19521.66 | L43: =J43/$J$430 -> 0.0065442828 | M43: =L43+M42 -> 0.60382884
A44: 17-001-080/SIURB-EDIFU | B44: SIURB-E | C44: 2025/07 | D44: FV.12/14 - MURETA DE ARRIMO EM BLOCOS DE CONCRETO, H=1,00 M | E44: M | F44: 12.3 | G44: 1264.97 | H44: 15559.13 | I44: 1530.61 | J44: 18826.5 | K44: =SUMIF($A$2:$A$429,A44,$J$2:$J$429) -> 18826.5 | L44: =J44/$J$430 -> 0.0088430478 | M44: =L44+M43 -> 0.61267188
A45: 01.17.031/CDHUU | B45: CPOS | C45: 2025/11 | D45: Projeto executivo de arquitetura em formato A1 | E45: UN | F45: 4 | G45: 3844.02 | H45: 15376.08 | I45: 4651.27 | J45: 18605.08 | K45: =SUMIF($A$2:$A$429,A45,$J$2:$J$429) -> 18605.08 | L45: =J45/$J$430 -> 0.008739044 | M45: =L45+M44 -> 0.62141093
A46: 34.05.290/CDHUU | B46: CPOS | C46: 2025/11 | D46: Portão de abrir em grade de aço galvanizado eletrofundida, malha 65 x 132 mm, e pintura eletrostática | E46: M2 | F46: 8.4 | G46: 1670.78 | H46: 14034.55 | I46: 2021.64 | J46: 16981.78 | K46: =SUMIF($A$2:$A$429,A46,$J$2:$J$429) -> 16981.78 | L46: =J46/$J$430 -> 0.0079765593 | M46: =L46+M45 -> 0.62938749
A47: 104162U | B47: SINAPI | C47: 2026/01 | D47: PISO EM GRANILITE, MARMORITE OU GRANITINA EM AMBIENTES INTERNOS, COM ESPESSURA DE 8 MM, INCLUSO MISTURA EM BETONEIRA, COLOCAÇÃO DAS JUNTAS, APLICAÇÃO DO PISO, 4 POLIMENTOS COM POLITRIZ, ESTUCAMENTO, SELADOR E CERA. AF_06/2022 | E47: M2 | F47: 50 | G47: 110.18 | H47: 5509 | I47: 133.32 | J47: 6666 | K47: =SUMIF($A$2:$A$429,A47,$J$2:$J$429) -> 16731.66 | L47: =J47/$J$430 -> 0.0031311055 | M47: =L47+M46 -> 0.63251859
A48: 104162U | B48: SINAPI | C48: 2026/01 | D48: PISO EM GRANILITE, MARMORITE OU GRANITINA EM AMBIENTES INTERNOS, COM ESPESSURA DE 8 MM, INCLUSO MISTURA EM BETONEIRA, COLOCAÇÃO DAS JUNTAS, APLICAÇÃO DO PISO, 4 POLIMENTOS COM POLITRIZ, ESTUCAMENTO, SELADOR E CERA. AF_06/2022 | E48: M2 | F48: 75.5 | G48: 110.18 | H48: 8318.59 | I48: 133.32 | J48: 10065.66 | K48: =SUMIF($A$2:$A$429,A48,$J$2:$J$429) -> 16731.66 | L48: =J48/$J$430 -> 0.0047279692 | M48: =L48+M47 -> 0.63724656
A49: 103689U | B49: SINAPI | C49: 2026/01 | D49: FORNECIMENTO E INSTALAÇÃO DE PLACA DE OBRA COM CHAPA GALVANIZADA E ESTRUTURA DE MADEIRA. AF_03/2022_PS | E49: M2 | F49: 12 | G49: 474.47 | H49: 5693.64 | I49: 574.11 | J49: 6889.32 | K49: =SUMIF($A$2:$A$429,A49,$J$2:$J$429) -> 16534.37 | L49: =J49/$J$430 -> 0.0032360017 | M49: =L49+M48 -> 0.64048256
A50: 103689U | B50: SINAPI | C50: 2026/01 | D50: FORNECIMENTO E INSTALAÇÃO DE PLACA DE OBRA COM CHAPA GALVANIZADA E ESTRUTURA DE MADEIRA. AF_03/2022_PS | E50: M2 | F50: 16.8 | G50: 474.47 | H50: 7971.1 | I50: 574.11 | J50: 9645.05 | K50: =SUMIF($A$2:$A$429,A50,$J$2:$J$429) -> 16534.37 | L50: =J50/$J$430 -> 0.0045304033 | M50: =L50+M49 -> 0.64501297
A51: 98546U | B51: SINAPI | C51: 2026/01 | D51: IMPERMEABILIZAÇÃO DE SUPERFÍCIE COM MANTA ASFÁLTICA, UMA CAMADA, INCLUSIVE APLICAÇÃO DE PRIMER ASFÁLTICO, E=4MM. AF_09/2023 | E51: M2 | F51: 7.04 | G51: 131.69 | H51: 927.1 | I51: 159.35 | J51: 1121.82 | K51: =SUMIF($A$2:$A$429,A51,$J$2:$J$429) -> 15751.74 | L51: =J51/$J$430 -> 0.0005269332 | M51: =L51+M50 -> 0.6455399
A52: 98546U | B52: SINAPI | C52: 2026/01 | D52: IMPERMEABILIZAÇÃO DE SUPERFÍCIE COM MANTA ASFÁLTICA, UMA CAMADA, INCLUSIVE APLICAÇÃO DE PRIMER ASFÁLTICO, E=4MM. AF_09/2023 | E52: M2 | F52: 91.81 | G52: 131.69 | H52: 12090.46 | I52: 159.35 | J52: 14629.92 | K52: =SUMIF($A$2:$A$429,A52,$J$2:$J$429) -> 15751.74 | L52: =J52/$J$430 -> 0.0068718605 | M52: =L52+M51 -> 0.65241176
A53: 88485U | B53: SINAPI | C53: 2026/01 | D53: FUNDO SELADOR ACRÍLICO, APLICAÇÃO MANUAL EM PAREDE, UMA DEMÃO. AF_04/2023 | E53: M2 | F53: 8 | G53: 5.27 | H53: 42.16 | I53: 6.38 | J53: 51.04 | K53: =SUMIF($A$2:$A$429,A53,$J$2:$J$429) -> 15350.27 | L53: =J53/$J$430 -> 2.3974141e-05 | M53: =L53+M52 -> 0.65243573
A54: 88485U | B54: SINAPI | C54: 2026/01 | D54: FUNDO SELADOR ACRÍLICO, APLICAÇÃO MANUAL EM PAREDE, UMA DEMÃO. AF_04/2023 | E54: M2 | F54: 12.3 | G54: 5.27 | H54: 64.82 | I54: 6.38 | J54: 78.47 | K54: =SUMIF($A$2:$A$429,A54,$J$2:$J$429) -> 15350.27 | L54: =J54/$J$430 -> 3.6858363e-05 | M54: =L54+M53 -> 0.65247259
... A134: 102162U | B134: SINAPI | C134: 2026/01 | D134: INSTALAÇÃO DE VIDRO LISO INCOLOR, E = 4 MM, EM ESQUADRIA DE ALUMÍNIO OU PVC, FIXADO COM BAGUETE. AF_01/2021_PS | E134: M2 | F134: 11.7 | G134: 346.07 | H134: 4049.02 | I134: 418.75 | J134: 4899.38 | K134: =SUMIF($A$2:$A$429,A134,$J$2:$J$429) -> 4899.38 | L134: =J134/$J$430 -> 0.0023013014 | M134: =L134+M133 -> 0.87754547
A135: 86941U/CPU | D135: LAVATÓRIO LOUÇA BRANCA COM COLUNA, 45 X 55CM OU EQUIVALENTE, PADRÃO MÉDIO, INCLUSO SIFÃO TIPO GARRAFA, VÁLVULA E ENGATE FLEXÍVEL DE 40CM EM METAL CROMADO, PADRÃO MÉDIO - FORNECIMENTO E INSTALAÇÃO. AF_01/2020 | E135: UN | F135: 6 | G135: 673.33 | H135: 4039.98 | I135: 814.73 | J135: 4888.38 | K135: =SUMIF($A$2:$A$429,A135,$J$2:$J$429) -> 4888.38 | L135: =J135/$J$430 -> 0.0022961346 | M135: =L135+M134 -> 0.8798416
A136: 16.109.000103.SERU | B136: PINI-N | C136: 2026/02 | D136: Disjuntor tripolar compacto > 63 A até 100 A com acionamento na porta do quadro de distribuição | E136: UN | F136: 4 | G136: 994.02 | H136: 3976.08 | I136: 1202.77 | J136: 4811.08 | K136: =SUMIF($A$2:$A$429,A136,$J$2:$J$429) -> 4811.08 | L136: =J136/$J$430 -> 0.0022598258 | M136: =L136+M135 -> 0.88210143
A137: 87879U | B137: SINAPI | C137: 2026/01 | D137: CHAPISCO APLICADO EM ALVENARIAS E ESTRUTURAS DE CONCRETO INTERNAS, COM COLHER DE PEDREIRO. ARGAMASSA TRAÇO 1:3 COM PREPARO EM BETONEIRA 400L. AF_10/2022 | E137: M2 | F137: 8 | G137: 5.16 | H137: 41.28 | I137: 6.24 | J137: 49.92 | K137: =SUMIF($A$2:$A$429,A137,$J$2:$J$429) -> 4716.19 | L137: =J137/$J$430 -> 2.3448062e-05 | M137: =L137+M136 -> 0.88212488
A138: 87879U | B138: SINAPI | C138: 2026/01 | D138: CHAPISCO APLICADO EM ALVENARIAS E ESTRUTURAS DE CONCRETO INTERNAS, COM COLHER DE PEDREIRO. ARGAMASSA TRAÇO 1:3 COM PREPARO EM BETONEIRA 400L. AF_10/2022 | E138: M2 | F138: 56 | G138: 5.16 | H138: 288.96 | I138: 6.24 | J138: 349.44 | K138: =SUMIF($A$2:$A$429,A138,$J$2:$J$429) -> 4716.19 | L138: =J138/$J$430 -> 0.00016413644 | M138: =L138+M137 -> 0.88228901
A139: 87879U | B139: SINAPI | C139: 2026/01 | D139: CHAPISCO APLICADO EM ALVENARIAS E ESTRUTURAS DE CONCRETO INTERNAS, COM COLHER DE PEDREIRO. ARGAMASSA TRAÇO 1:3 COM PREPARO EM BETONEIRA 400L. AF_10/2022 | E139: M2 | F139: 88.3 | G139: 5.16 | H139: 455.63 | I139: 6.24 | J139: 550.99 | K139: =SUMIF($A$2:$A$429,A139,$J$2:$J$429) -> 4716.19 | L139: =J139/$J$430 -> 0.00025880705 | M139: =L139+M138 -> 0.88254782
A140: 87879U | B140: SINAPI | C140: 2026/01 | D140: CHAPISCO APLICADO EM ALVENARIAS E ESTRUTURAS DE CONCRETO INTERNAS, COM COLHER DE PEDREIRO. ARGAMASSA TRAÇO 1:3 COM PREPARO EM BETONEIRA 400L. AF_10/2022 | E140: M2 | F140: 117 | G140: 5.16 | H140: 603.72 | I140: 6.24 | J140: 730.08 | K140: =SUMIF($A$2:$A$429,A140,$J$2:$J$429) -> 4716.19 | L140: =J140/$J$430 -> 0.00034292791 | M140: =L140+M139 -> 0.88289075
A141: 87879U | B141: SINAPI | C141: 2026/01 | D141: CHAPISCO APLICADO EM ALVENARIAS E ESTRUTURAS DE CONCRETO INTERNAS, COM COLHER DE PEDREIRO. ARGAMASSA TRAÇO 1:3 COM PREPARO EM BETONEIRA 400L. AF_10/2022 | E141: M2 | F141: 180 | G141: 5.16 | H141: 928.8 | I141: 6.24 | J141: 1123.2 | K141: =SUMIF($A$2:$A$429,A141,$J$2:$J$429) -> 4716.19 | L141: =J141/$J$430 -> 0.00052758141 | M141: =L141+M140 -> 0.88341833
A142: 87879U | B142: SINAPI | C142: 2026/01 | D142: CHAPISCO APLICADO EM ALVENARIAS E ESTRUTURAS DE CONCRETO INTERNAS, COM COLHER DE PEDREIRO. ARGAMASSA TRAÇO 1:3 COM PREPARO EM BETONEIRA 400L. AF_10/2022 | E142: M2 | F142: 306.5 | G142: 5.16 | H142: 1581.54 | I142: 6.24 | J142: 1912.56 | K142: =SUMIF($A$2:$A$429,A142,$J$2:$J$429) -> 4716.19 | L142: =J142/$J$430 -> 0.00089835389 | M142: =L142+M141 -> 0.88431668
A143: 96534U | B143: SINAPI | C143: 2026/01 | D143: FABRICAÇÃO, MONTAGEM E DESMONTAGEM DE FÔRMA PARA BLOCO DE COROAMENTO, EM MADEIRA SERRADA, E=25 MM, 4 UTILIZAÇÕES. AF_01/2024 | E143: M2 | F143: 7.2 | G143: 92.93 | H143: 669.1 | I143: 112.44 | J143: 809.57 | K143: =SUMIF($A$2:$A$429,A143,$J$2:$J$429) -> 4531.33 | L143: =J143/$J$430 -> 0.00038026538 | M143: =L143+M142 -> 0.88469695
A144: 96534U | B144: SINAPI | C144: 2026/01 | D144: FABRICAÇÃO, MONTAGEM E DESMONTAGEM DE FÔRMA PARA BLOCO DE COROAMENTO, EM MADEIRA SERRADA, E=25 MM, 4 UTILIZAÇÕES. AF_01/2024 | E144: M2 | F144: 33.1 | G144: 92.93 | H144: 3075.98 | I144: 112.44 | J144: 3721.76 | K144: =SUMIF($A$2:$A$429,A144,$J$2:$J$429) -> 4531.33 | L144: =J144/$J$430 -> 0.0017481583 | M144: =L144+M143 -> 0.88644511
A145: 92982U | B145: SINAPI | C145: 2026/01 | D145: CABO DE COBRE FLEXÍVEL ISOLADO, 16 MM², ANTI-CHAMA 0,6/1,0 KV, PARA DISTRIBUIÇÃO - FORNECIMENTO E INSTALAÇÃO. AF_10/2020 | E145: M | F145: 193.1 | G145: 18.2 | H145: 3514.42 | I145: 22.02 | J145: 4252.06 | K145: =SUMIF($A$2:$A$429,A145,$J$2:$J$429) -> 4252.06 | L145: =J145/$J$430 -> 0.001997247 | M145: =L145+M144 -> 0.88844235
A146: 08.08.069/SECEDUSPU | B146: FDE | C146: 2026/01 | D146: AI-01 ABRIGO PARA BOMBA DE INCENDIO | E146: UN | F146: 1 | G146: 3452.6 | H146: 3452.6 | I146: 4177.65 | J146: 4177.65 | K146: =SUMIF($A$2:$A$429,A146,$J$2:$J$429) -> 4177.65 | L146: =J146/$J$430 -> 0.0019622956 | M146: =L146+M145 -> 0.89040465
A147: 89451U | B147: SINAPI | C147: 2026/01 | D147: TUBO, PVC, SOLDÁVEL, DN 75MM, INSTALADO EM PRUMADA DE ÁGUA - FORNECIMENTO E INSTALAÇÃO. AF_06/2022 | E147: M | F147: 60 | G147: 55.66 | H147: 3339.6 | I147: 67.35 | J147: 4041 | K147: =SUMIF($A$2:$A$429,A147,$J$2:$J$429) -> 4041 | L147: =J147/$J$430 -> 0.0018981094 | M147: =L147+M146 -> 0.89230276
... A153: 98556U | B153: SINAPI | C153: 2026/01 | D153: IMPERMEABILIZAÇÃO DE SUPERFÍCIE COM ARGAMASSA POLIMÉRICA / MEMBRANA ACRÍLICA, 4 DEMÃOS, REFORÇADA COM VÉU DE POLIÉSTER (MAV). AF_09/2023 | E153: M2 | F153: 44.1 | G153: 66.88 | H153: 2949.41 | I153: 80.92 | J153: 3568.57 | K153: =SUMIF($A$2:$A$429,A153,$J$2:$J$429) -> 3568.57 | L153: =J153/$J$430 -> 0.001676203 | M153: =L153+M152 -> 0.90109465
A154: 45.02.020/CDHUUU | D154: Abrigo para compressor | E154: UN | F154: 1 | G154: 2855.28 | H154: 2855.28 | I154: 3454.89 | J154: 3454.89 | K154: =SUMIF($A$2:$A$429,A154,$J$2:$J$429) -> 3454.89 | L154: =J154/$J$430 -> 0.001622806 | M154: =L154+M153 -> 0.90271746
A155: 17.40.010/CDHUU | B155: CPOS | C155: 2025/11 | D155: Reparos em piso de granilite - estucamento e polimento | E155: M2 | F155: 50 | G155: 56.13 | H155: 2806.5 | I155: 67.92 | J155: 3396 | K155: =SUMIF($A$2:$A$429,A155,$J$2:$J$429) -> 3396 | L155: =J155/$J$430 -> 0.0015951446 | M155: =L155+M154 -> 0.9043126
A156: 90843U | B156: SINAPI | C156: 2026/01 | D156: KIT DE PORTA DE MADEIRA PARA PINTURA, SEMI-OCA (LEVE OU MÉDIA), PADRÃO MÉDIO, 80X210CM, ESPESSURA DE 3,5CM, ITENS INCLUSOS: DOBRADIÇAS, MONTAGEM E INSTALAÇÃO DO BATENTE, FECHADURA COM EXECUÇÃO DO FURO - FORNECIMENTO E INSTALAÇÃO. AF_12/2019 | E156: UN | F156: 2 | G156: 1395.29 | H156: 2790.58 | I156: 1688.3 | J156: 3376.6 | K156: =SUMIF($A$2:$A$429,A156,$J$2:$J$429) -> 3376.6 | L156: =J156/$J$430 -> 0.0015860322 | M156: =L156+M155 -> 0.90589864
A157: 94590U | B157: SINAPI | C157: 2026/01 | D157: CONTRAMARCO DE ALUMÍNIO, FIXAÇÃO COM PARAFUSO - FORNECIMENTO E INSTALAÇÃO. AF_11/2024 | E157: M | F157: 7.4 | G157: 32.11 | H157: 237.61 | I157: 38.85 | J157: 287.49 | K157: =SUMIF($A$2:$A$429,A157,$J$2:$J$429) -> 3275.06 | L157: =J157/$J$430 -> 0.00013503773 | M157: =L157+M156 -> 0.90603367
A158: 94590U | B158: SINAPI | C158: 2026/01 | D158: CONTRAMARCO DE ALUMÍNIO, FIXAÇÃO COM PARAFUSO - FORNECIMENTO E INSTALAÇÃO. AF_11/2024 | E158: M | F158: 36.3 | G158: 32.11 | H158: 1165.59 | I158: 38.85 | J158: 1410.26 | K158: =SUMIF($A$2:$A$429,A158,$J$2:$J$429) -> 3275.06 | L158: =J158/$J$430 -> 0.00066241716 | M158: =L158+M157 -> 0.90669609
A159: 94590U | B159: SINAPI | C159: 2026/01 | D159: CONTRAMARCO DE ALUMÍNIO, FIXAÇÃO COM PARAFUSO - FORNECIMENTO E INSTALAÇÃO. AF_11/2024 | E159: M | F159: 40.6 | G159: 32.11 | H159: 1303.67 | I159: 38.85 | J159: 1577.31 | K159: =SUMIF($A$2:$A$429,A159,$J$2:$J$429) -> 3275.06 | L159: =J159/$J$430 -> 0.00074088268 | M159: =L159+M158 -> 0.90743697
A160: 103247U | B160: SINAPI | C160: 2026/01 | D160: AR CONDICIONADO SPLIT INVERTER, HI-WALL (PAREDE), 12000 BTU/H, CICLO FRIO - FORNECIMENTO E INSTALAÇÃO. AF_11/2021_PE | E160: UN | F160: 1 | G160: 2681.07 | H160: 2681.07 | I160: 3244.09 | J160: 3244.09 | K160: =SUMIF($A$2:$A$429,A160,$J$2:$J$429) -> 3244.09 | L160: =J160/$J$430 -> 0.0015237906 | M160: =L160+M159 -> 0.90896076
A161: 17.40.070/CDHUU | B161: CPOS | C161: 2025/11 | D161: Reparos em rodapé de granilite - estucamento e polimento | E161: M | F161: 45 | G161: 57.82 | H161: 2601.9 | I161: 69.96 | J161: 3148.2 | K161: =SUMIF($A$2:$A$429,A161,$J$2:$J$429) -> 3148.2 | L161: =J161/$J$430 -> 0.0014787498 | M161: =L161+M160 -> 0.91043951
A162: 96546U | B162: SINAPI | C162: 2026/01 | D162: ARMAÇÃO DE BLOCO, VIGA BALDRAME OU SAPATA UTILIZANDO AÇO CA-50 DE 10 MM - MONTAGEM. AF_06/2017 | E162: KG | F162: 192 | G162: 13.53 | H162: 2597.76 | I162: 16.37 | J162: 3143.04 | K162: =SUMIF($A$2:$A$429,A162,$J$2:$J$429) -> 3143.04 | L162: =J162/$J$430 -> 0.0014763261 | M162: =L162+M161 -> 0.91191584
A163: 97063U | B163: SINAPI | C163: 2026/01 | D163: MONTAGEM E DESMONTAGEM DE ANDAIME MODULAR FACHADEIRO, COM PISO METÁLICO, PARA EDIFICAÇÕES COM MÚLTIPLOS PAVIMENTOS (EXCLUSIVE ANDAIME E LIMPEZA). AF_11/2017 | E163: M2 | F163: 100 | G163: 25.8 | H163: 2580 | I163: 31.22 | J163: 3122 | K163: =SUMIF($A$2:$A$429,A163,$J$2:$J$429) -> 3122 | L163: =J163/$J$430 -> 0.0014664433 | M163: =L163+M162 -> 0.91338228
A164: 95584U | B164: SINAPI | C164: 2026/01 | D164: MONTAGEM DE ARMADURA TRANSVERSAL DE ESTACAS DE SEÇÃO CIRCULAR, DIÂMETRO = 6,30 MM. AF_09/2021_PS | E164: KG | F164: 26.2 | G164: 13.36 | H164: 350.03 | I164: 16.16 | J164: 423.39 | K164: =SUMIF($A$2:$A$429,A164,$J$2:$J$429) -> 3054.24 | L164: =J164/$J$430 -> 0.0001988717 | M164: =L164+M163 -> 0.91358116
A165: 95584U | B165: SINAPI | C165: 2026/01 | D165: MONTAGEM DE ARMADURA TRANSVERSAL DE ESTACAS DE SEÇÃO CIRCULAR, DIÂMETRO = 6,30 MM. AF_09/2021_PS | E165: KG | F165: 162.8 | G165: 13.36 | H165: 2175.01 | I165: 16.16 | J165: 2630.85 | K165: =SUMIF($A$2:$A$429,A165,$J$2:$J$429) -> 3054.24 | L165: =J165/$J$430 -> 0.0012357439 | M165: =L165+M164 -> 0.9148169
A166: 03.10.100/CDHUU | B166: CPOS | C166: 2025/11 | D166: Remoção de pintura em superfícies de madeira e/ou metálicas com lixamento | E166: M2 | F166: 204.9 | G166: 11.92 | H166: 2442.41 | I166: 14.42 | J166: 2954.66 | K166: =SUMIF($A$2:$A$429,A166,$J$2:$J$429) -> 2954.66 | L166: =J166/$J$430 -> 0.0013878416 | M166: =L166+M165 -> 0.91620474
... A189: 43.05.030/CPU | B189: COMPOSICAO | C189: 2026/01 | D189: Exaustor ref comercial SICFLUX MAXX 150 | E189: UN | F189: 2 | G189: 944.29 | H189: 1888.58 | I189: 1142.59 | J189: 2285.18 | K189: =SUMIF($A$2:$A$429,A189,$J$2:$J$429) -> 2285.18 | L189: =J189/$J$430 -> 0.0010733783 | M189: =L189+M188 -> 0.93757298
A190: 08-002-074/SIURBU | D190: REINSTALAÇÃO DE GRADE DE PROTEÇÃO | E190: M2 | F190: 27.14 | G190: 68.88 | H190: 1869.4 | I190: 83.35 | J190: 2262.12 | K190: =SUMIF($A$2:$A$429,A190,$J$2:$J$429) -> 2262.12 | L190: =J190/$J$430 -> 0.0010625467 | M190: =L190+M189 -> 0.93863552
A191: 32.07.040/CDHUU | B191: CPOS | C191: 2025/11 | D191: Junta plástica de 3/4´ x 1/8´ | E191: M | F191: 21 | G191: 10.6 | H191: 222.6 | I191: 12.83 | J191: 269.43 | K191: =SUMIF($A$2:$A$429,A191,$J$2:$J$429) -> 2242.68 | L191: =J191/$J$430 -> 0.00012655472 | M191: =L191+M190 -> 0.93876208
A192: 32.07.040/CDHUU | B192: CPOS | C192: 2025/11 | D192: Junta plástica de 3/4´ x 1/8´ | E192: M | F192: 153.8 | G192: 10.6 | H192: 1630.28 | I192: 12.83 | J192: 1973.25 | K192: =SUMIF($A$2:$A$429,A192,$J$2:$J$429) -> 2242.68 | L192: =J192/$J$430 -> 0.00092686076 | M192: =L192+M191 -> 0.93968894
A193: 93012U | B193: SINAPI | C193: 2026/01 | D193: ELETRODUTO RÍGIDO ROSCÁVEL, PVC, DN 110 MM (4"), PARA REDE ENTERRADA DE DISTRIBUIÇÃO DE ENERGIA ELÉTRICA - FORNECIMENTO E INSTALAÇÃO. AF_12/2021 | E193: M | F193: 26.7 | G193: 67.77 | H193: 1809.46 | I193: 82 | J193: 2189.4 | K193: =SUMIF($A$2:$A$429,A193,$J$2:$J$429) -> 2189.4 | L193: =J193/$J$430 -> 0.0010283892 | M193: =L193+M192 -> 0.94071733
A194: 94228U | B194: SINAPI | C194: 2026/01 | D194: CALHA EM CHAPA DE AÇO GALVANIZADO NÚMERO 24, DESENVOLVIMENTO DE 50 CM, INCLUSO TRANSPORTE VERTICAL. AF_07/2019 | E194: M | F194: 19.63 | G194: 90.93 | H194: 1784.96 | I194: 110.03 | J194: 2159.89 | K194: =SUMIF($A$2:$A$429,A194,$J$2:$J$429) -> 2159.89 | L194: =J194/$J$430 -> 0.001014528 | M194: =L194+M193 -> 0.94173186
A195: 91924U | B195: SINAPI | C195: 2026/01 | D195: CABO DE COBRE FLEXÍVEL ISOLADO, 1,5 MM², ANTI-CHAMA 450/750 V, PARA CIRCUITOS TERMINAIS - FORNECIMENTO E INSTALAÇÃO. AF_03/2023 | E195: M | F195: 458 | G195: 3.79 | H195: 1735.82 | I195: 4.58 | J195: 2097.64 | K195: =SUMIF($A$2:$A$429,A195,$J$2:$J$429) -> 2097.64 | L195: =J195/$J$430 -> 0.00098528834 | M195: =L195+M194 -> 0.94271714
A196: 97888U | B196: SINAPI | C196: 2026/01 | D196: CAIXA ENTERRADA ELÉTRICA RETANGULAR, EM ALVENARIA COM TIJOLOS CERÂMICOS MACIÇOS, FUNDO COM BRITA, DIMENSÕES INTERNAS: 0,6X0,6X0,6 M. AF_12/2020 | E196: UN | F196: 3 | G196: 576.36 | H196: 1729.08 | I196: 697.4 | J196: 2092.2 | K196: =SUMIF($A$2:$A$429,A196,$J$2:$J$429) -> 2092.2 | L196: =J196/$J$430 -> 0.0009827331 | M196: =L196+M195 -> 0.94369988
A197: 55.01.100/CDHUU | B197: CPOS | C197: 2025/11 | D197: Limpeza complementar e especial de vidros | E197: M2 | F197: 12.42 | G197: 23.36 | H197: 290.13 | I197: 28.27 | J197: 351.11 | K197: =SUMIF($A$2:$A$429,A197,$J$2:$J$429) -> 2014.8 | L197: =J197/$J$430 -> 0.00016492086 | M197: =L197+M196 -> 0.9438648
A198: 55.01.100/CDHUU | B198: CPOS | C198: 2025/11 | D198: Limpeza complementar e especial de vidros | E198: M2 | F198: 58.85 | G198: 23.36 | H198: 1374.74 | I198: 28.27 | J198: 1663.69 | K198: =SUMIF($A$2:$A$429,A198,$J$2:$J$429) -> 2014.8 | L198: =J198/$J$430 -> 0.00078145647 | M198: =L198+M197 -> 0.94464625
A199: 97914U | B199: SINAPI | C199: 2026/01 | D199: TRANSPORTE COM CAMINHÃO BASCULANTE DE 6 M³, EM VIA URBANA PAVIMENTADA, DMT ATÉ 30 KM (UNIDADE: M3XKM). AF_07/2020 | E199: M3XKM | F199: 6.9 | G199: 3.25 | H199: 22.43 | I199: 3.93 | J199: 27.12 | K199: =SUMIF($A$2:$A$429,A199,$J$2:$J$429) -> 1992.25 | L199: =J199/$J$430 -> 1.2738611e-05 | M199: =L199+M198 -> 0.94465899
A200: 97914U | B200: SINAPI | C200: 2026/01 | D200: TRANSPORTE COM CAMINHÃO BASCULANTE DE 6 M³, EM VIA URBANA PAVIMENTADA, DMT ATÉ 30 KM (UNIDADE: M3XKM). AF_07/2020 | E200: M3XKM | F200: 26.28 | G200: 3.25 | H200: 85.41 | I200: 3.93 | J200: 103.28 | K200: =SUMIF($A$2:$A$429,A200,$J$2:$J$429) -> 1992.25 | L200: =J200/$J$430 -> 4.8511937e-05 | M200: =L200+M199 -> 0.94470751
A201: 97914U | D201: TRANSPORTE COM CAMINHÃO BASCULANTE DE 6 M³, EM VIA URBANA PAVIMENTADA, DMT ATÉ 30 KM (UNIDADE: M3XKM). AF_07/2020 | E201: M3XKM | F201: 49 | G201: 3.25 | H201: 159.25 | I201: 3.93 | J201: 192.57 | K201: =SUMIF($A$2:$A$429,A201,$J$2:$J$429) -> 1992.25 | L201: =J201/$J$430 -> 9.0452592e-05 | M201: =L201+M200 -> 0.94479796
A202: 97914U | B202: SINAPI | C202: 2026/01 | D202: TRANSPORTE COM CAMINHÃO BASCULANTE DE 6 M³, EM VIA URBANA PAVIMENTADA, DMT ATÉ 30 KM (UNIDADE: M3XKM). AF_07/2020 | E202: M3XKM | F202: 53.9 | G202: 3.25 | H202: 175.18 | I202: 3.93 | J202: 211.83 | K202: =SUMIF($A$2:$A$429,A202,$J$2:$J$429) -> 1992.25 | L202: =J202/$J$430 -> 9.949926e-05 | M202: =L202+M201 -> 0.94489746
A203: 97914U | B203: SINAPI | C203: 2026/01 | D203: TRANSPORTE COM CAMINHÃO BASCULANTE DE 6 M³, EM VIA URBANA PAVIMENTADA, DMT ATÉ 30 KM (UNIDADE: M3XKM). AF_07/2020 | E203: M3XKM | F203: 67.5 | G203: 3.25 | H203: 219.38 | I203: 3.93 | J203: 265.28 | K203: =SUMIF($A$2:$A$429,A203,$J$2:$J$429) -> 1992.25 | L203: =J203/$J$430 -> 0.00012460541 | M203: =L203+M202 -> 0.94502206
A204: 97914U | B204: SINAPI | C204: 2026/01 | D204: TRANSPORTE COM CAMINHÃO BASCULANTE DE 6 M³, EM VIA URBANA PAVIMENTADA, DMT ATÉ 30 KM (UNIDADE: M3XKM). AF_07/2020 | E204: M3XKM | F204: 97.5 | G204: 3.25 | H204: 316.88 | I204: 3.93 | J204: 383.18 | K204: =SUMIF($A$2:$A$429,A204,$J$2:$J$429) -> 1992.25 | L204: =J204/$J$430 -> 0.00017998455 | M204: =L204+M203 -> 0.94520205
A205: 97914U | B205: SINAPI | C205: 2026/01 | D205: TRANSPORTE COM CAMINHÃO BASCULANTE DE 6 M³, EM VIA URBANA PAVIMENTADA, DMT ATÉ 30 KM (UNIDADE: M3XKM). AF_07/2020 | E205: M3XKM | F205: 205.85 | G205: 3.25 | H205: 669.01 | I205: 3.93 | J205: 808.99 | K205: =SUMIF($A$2:$A$429,A205,$J$2:$J$429) -> 1992.25 | L205: =J205/$J$430 -> 0.00037999295 | M205: =L205+M204 -> 0.94558204
A206: 37.10.010/CDHUU | B206: CPOS | C206: 2025/11 | D206: Barramento de cobre nu | E206: KG | F206: 12 | G206: 136.4 | H206: 1636.8 | I206: 165.04 | J206: 1980.48 | K206: =SUMIF($A$2:$A$429,A206,$J$2:$J$429) -> 1980.48 | L206: =J206/$J$430 -> 0.00093025679 | M206: =L206+M205 -> 0.9465123
A207: 01.23.254/CDHUU | B207: CPOS | C207: 2025/11 | D207: Furação de 1´ em concreto armado | E207: M | F207: 6 | G207: 272.73 | H207: 1636.38 | I207: 330 | J207: 1980 | K207: =SUMIF($A$2:$A$429,A207,$J$2:$J$429) -> 1980 | L207: =J207/$J$430 -> 0.00093003132 | M207: =L207+M206 -> 0.94744233
A208: 38.22.620/CDHUU | B208: CPOS | C208: 2025/11 | D208: Tampa de encaixe para eletrocalha, galvanizada a fogo, L= 100 mm | E208: M | F208: 31.2 | G208: 52.35 | H208: 1633.32 | I208: 63.34 | J208: 1976.21 | K208: =SUMIF($A$2:$A$429,A208,$J$2:$J$429) -> 1976.21 | L208: =J208/$J$430 -> 0.00092825111 | M208: =L208+M207 -> 0.94837058
A209: 91940U | B209: SINAPI | C209: 2026/01 | D209: CAIXA RETANGULAR 4" X 2" MÉDIA (1,30 M DO PISO), PVC, INSTALADA EM PAREDE - FORNECIMENTO E INSTALAÇÃO. AF_03/2023 | E209: UN | F209: 5 | G209: 25.59 | H209: 127.95 | I209: 30.96 | J209: 154.8 | K209: =SUMIF($A$2:$A$429,A209,$J$2:$J$429) -> 1919.52 | L209: =J209/$J$430 -> 7.271154e-05 | M209: =L209+M208 -> 0.94844329
A210: 91940U | B210: SINAPI | C210: 2026/01 | D210: CAIXA RETANGULAR 4" X 2" MÉDIA (1,30 M DO PISO), PVC, INSTALADA EM PAREDE - FORNECIMENTO E INSTALAÇÃO. AF_03/2023 | E210: UN | F210: 57 | G210: 25.59 | H210: 1458.63 | I210: 30.96 | J210: 1764.72 | K210: =SUMIF($A$2:$A$429,A210,$J$2:$J$429) -> 1919.52 | L210: =J210/$J$430 -> 0.00082891155 | M210: =L210+M209 -> 0.9492722
A211: CPU 002 | B211: SINAPI | C211: 2026/01 | D211: Instalação de aparelho climatizador evaporativo, 1,02 x 1,12, somente instalação. | E211: UN | F211: 1 | G211: 1528.88 | H211: 1528.88 | I211: 1849.94 | J211: 1849.94 | K211: =SUMIF($A$2:$A$429,A211,$J$2:$J$429) -> 1849.94 | L211: =J211/$J$430 -> 0.00086894048 | M211: =L211+M210 -> 0.95014114
A212: 91996U | B212: SINAPI | C212: 2026/01 | D212: TOMADA MÉDIA DE EMBUTIR (1 MÓDULO), 2P+T 10 A, INCLUINDO SUPORTE E PLACA - FORNECIMENTO E INSTALAÇÃO. AF_03/2023 | E212: UN | F212: 31 | G212: 48.54 | H212: 1504.74 | I212: 58.73 | J212: 1820.63 | K212: =SUMIF($A$2:$A$429,A212,$J$2:$J$429) -> 1820.63 | L212: =J212/$J$430 -> 0.0008551732 | M212: =L212+M211 -> 0.95099632
A213: 97086U | B213: SINAPI | C213: 2026/01 | D213: FABRICAÇÃO, MONTAGEM E DESMONTAGEM DE FORMA PARA RADIER, PISO DE CONCRETO OU LAJE SOBRE SOLO, EM MADEIRA SERRADA, 4 UTILIZAÇÕES. AF_09/2021 | E213: M2 | F213: 8.64 | G213: 168.64 | H213: 1457.05 | I213: 204.06 | J213: 1763.08 | K213: =SUMIF($A$2:$A$429,A213,$J$2:$J$429) -> 1763.08 | L213: =J213/$J$430 -> 0.00082814123 | M213: =L213+M212 -> 0.95182446
... A259: 100973U | B259: SINAPI | C259: 2026/01 | D259: CARGA, MANOBRA E DESCARGA DE SOLOS E MATERIAIS GRANULARES EM CAMINHÃO BASCULANTE 6 M³ - CARGA COM PÁ CARREGADEIRA (CAÇAMBA DE 1,7 A 2,8 M³ / 128 HP) E DESCARGA LIVRE (UNIDADE: M3). AF_07/2020 | E259: M3 | F259: 10.95 | G259: 9.64 | H259: 105.56 | I259: 11.66 | J259: 127.68 | K259: =SUMIF($A$2:$A$429,A259,$J$2:$J$429) -> 1105.02 | L259: =J259/$J$430 -> 5.9972929e-05 | M259: =L259+M258 -> 0.97531192
A260: 100973U | D260: CARGA, MANOBRA E DESCARGA DE SOLOS E MATERIAIS GRANULARES EM CAMINHÃO BASCULANTE 6 M³ - CARGA COM PÁ CARREGADEIRA (CAÇAMBA DE 1,7 A 2,8 M³ / 128 HP) E DESCARGA LIVRE (UNIDADE: M3). AF_07/2020 | E260: M3 | F260: 19.5 | G260: 9.64 | H260: 187.98 | I260: 11.66 | J260: 227.37 | K260: =SUMIF($A$2:$A$429,A260,$J$2:$J$429) -> 1105.02 | L260: =J260/$J$430 -> 0.0001067986 | M260: =L260+M259 -> 0.97541872
A261: 100973U | B261: SINAPI | C261: 2026/01 | D261: CARGA, MANOBRA E DESCARGA DE SOLOS E MATERIAIS GRANULARES EM CAMINHÃO BASCULANTE 6 M³ - CARGA COM PÁ CARREGADEIRA (CAÇAMBA DE 1,7 A 2,8 M³ / 128 HP) E DESCARGA LIVRE (UNIDADE: M3). AF_07/2020 | E261: M3 | F261: 22.45 | G261: 9.64 | H261: 216.42 | I261: 11.66 | J261: 261.77 | K261: =SUMIF($A$2:$A$429,A261,$J$2:$J$429) -> 1105.02 | L261: =J261/$J$430 -> 0.00012295672 | M261: =L261+M260 -> 0.97554167
A262: 100973U | B262: SINAPI | C262: 2026/01 | D262: CARGA, MANOBRA E DESCARGA DE SOLOS E MATERIAIS GRANULARES EM CAMINHÃO BASCULANTE 6 M³ - CARGA COM PÁ CARREGADEIRA (CAÇAMBA DE 1,7 A 2,8 M³ / 128 HP) E DESCARGA LIVRE (UNIDADE: M3). AF_07/2020 | E262: M3 | F262: 39 | G262: 9.64 | H262: 375.96 | I262: 11.66 | J262: 454.74 | K262: =SUMIF($A$2:$A$429,A262,$J$2:$J$429) -> 1105.02 | L262: =J262/$J$430 -> 0.00021359719 | M262: =L262+M261 -> 0.97575527
A263: 16.125.000070.SERU | B263: PINI-N | C263: 2026/02 | D263: Ponto de tomada com eletroduto PVC rígido, sem placa, Ø 3/4" | E263: UN | F263: 2 | G263: 438.79 | H263: 877.58 | I263: 530.94 | J263: 1061.88 | K263: =SUMIF($A$2:$A$429,A263,$J$2:$J$429) -> 1061.88 | L263: =J263/$J$430 -> 0.00049877862 | M263: =L263+M262 -> 0.97625405
A264: 101895U | B264: SINAPI | C264: 2026/01 | D264: DISJUNTOR TERMOMAGNÉTICO TRIPOLAR , CORRENTE NOMINAL DE 125A - FORNECIMENTO E INSTALAÇÃO. AF_10/2020 | E264: UN | F264: 2 | G264: 425.25 | H264: 850.5 | I264: 514.55 | J264: 1029.1 | K264: =SUMIF($A$2:$A$429,A264,$J$2:$J$429) -> 1029.1 | L264: =J264/$J$430 -> 0.00048338143 | M264: =L264+M263 -> 0.97673743
A265: 101219U | B265: SINAPI | C265: 2026/01 | D265: ESCAVAÇÃO VERTICAL PARA EDIFICAÇÃO, COM CARGA, DESCARGA E TRANSPORTE DE SOLO DE 1ª CATEGORIA, COM ESCAVADEIRA HIDRÁULICA (CAÇAMBA: 0,8 M³ / 111 HP), FROTA DE 6 CAMINHÕES BASCULANTES DE 18 M³, DMT DE 6 KM E VELOCIDADE MÉDIA 22 KM/H. AF_05/2020 | E265: M3 | F265: 30 | G265: 28.18 | H265: 845.4 | I265: 34.1 | J265: 1023 | K265: =SUMIF($A$2:$A$429,A265,$J$2:$J$429) -> 1023 | L265: =J265/$J$430 -> 0.00048051618 | M265: =L265+M264 -> 0.97721795
A266: 104953U | B266: SINAPI | C266: 2026/01 | D266: MASSA ÚNICA, EM ARGAMASSA INDUSTRIALIZADA, PREPARO MECÂNICO, APLICADA COM EQUIPAMENTO DE MISTURA E PROJEÇÃO DE ARGAMASSA EM PAREDES INTERNAS, E = 17,5MM, COM TALISCAS. AF_03/2024 | E266: M2 | F266: 12.3 | G266: 68.15 | H266: 838.25 | I266: 82.46 | J266: 1014.26 | K266: =SUMIF($A$2:$A$429,A266,$J$2:$J$429) -> 1014.26 | L266: =J266/$J$430 -> 0.00047641089 | M266: =L266+M265 -> 0.97769436
A267: 50.05.270/CDHUU | B267: CPOS | C267: 2025/11 | D267: Central de detecção e alarme de incêndio completa, autonomia de 1 hora para 12 laços, 220 V/12 V | E267: UN | F267: 1 | G267: 833.02 | H267: 833.02 | I267: 1007.95 | J267: 1007.95 | K267: =SUMIF($A$2:$A$429,A267,$J$2:$J$429) -> 1007.95 | L267: =J267/$J$430 -> 0.00047344701 | M267: =L267+M266 -> 0.97816781
A268: 89446U | B268: SINAPI | C268: 2026/01 | D268: TUBO, PVC, SOLDÁVEL, DN 25MM, INSTALADO EM PRUMADA DE ÁGUA - FORNECIMENTO E INSTALAÇÃO. AF_06/2022 | E268: M | F268: 125 | G268: 6.58 | H268: 822.5 | I268: 7.96 | J268: 995 | K268: =SUMIF($A$2:$A$429,A268,$J$2:$J$429) -> 995 | L268: =J268/$J$430 -> 0.00046736423 | M268: =L268+M267 -> 0.97863517
A269: 106026UU | B269: SINAPI | C269: 2026/01 | D269: QUADRO DE DISTRIBUIÇÃO DE ENERGIA EM CHAPA DE AÇO GALVANIZADO, DE SOBREPOR, COM BARRAMENTO TRIFÁSICO, PARA 48 DISJUNTORES DIN 100A - FORNECIMENTO E INSTALAÇÃO. AF_07/2025 | E269: UN | F269: 1 | G269: 813.25 | H269: 813.25 | I269: 984.03 | J269: 984.03 | K269: =SUMIF($A$2:$A$429,A269,$J$2:$J$429) -> 984.03 | L269: =J269/$J$430 -> 0.00046221148 | M269: =L269+M268 -> 0.97909738
A270: 22.150.000100.SERU | B270: PINI-N | C270: 2026/02 | D270: Regularização de rodapé, com argamassa de cimento e areia (altura: 7 cm / # 3 cm / traço: 1:5 ) | E270: M | F270: 50 | G270: 7.83 | H270: 391.5 | I270: 9.47 | J270: 473.5 | K270: =SUMIF($A$2:$A$429,A270,$J$2:$J$429) -> 961.21 | L270: =J270/$J$430 -> 0.00022240901 | M270: =L270+M269 -> 0.97931979
A271: 22.150.000100.SERU | B271: PINI-N | C271: 2026/02 | D271: Regularização de rodapé, com argamassa de cimento e areia (altura: 7 cm / # 3 cm / traço: 1:5 ) | E271: M | F271: 51.5 | G271: 7.83 | H271: 403.25 | I271: 9.47 | J271: 487.71 | K271: =SUMIF($A$2:$A$429,A271,$J$2:$J$429) -> 961.21 | L271: =J271/$J$430 -> 0.00022908362 | M271: =L271+M270 -> 0.97954887
A272: 26.04.030/CDHUU | B272: CPOS | C272: 2025/11 | D272: Espelho comum de 3 mm com moldura em alumínio | E272: M2 | F272: 0.8 | G272: 978.07 | H272: 782.46 | I272: 1183.46 | J272: 946.77 | K272: =SUMIF($A$2:$A$429,A272,$J$2:$J$429) -> 946.77 | L272: =J272/$J$430 -> 0.00044470998 | M272: =L272+M271 -> 0.97999358
... A429: 104323U | B429: SINAPI | C429: 2026/01 | D429: TE, PVC, SOLDÁVEL, DN 20 MM, INSTALADO EM DRENO DE AR CONDICIONADO - FORNECIMENTO E INSTALAÇÃO. AF_08/2022 | E429: UN | F429: 1 | G429: 12.74 | H429: 12.74 | I429: 15.42 | J429: 15.42 | K429: =SUMIF($A$2:$A$429,A429,$J$2:$J$429) -> 15.42 | L429: =J429/$J$430 -> 7.2429712e-06 | M429: =L429+M428 -> 1
J430: =SUM(J2:J429) -> 2128960.6
J432: 2128960.5

Sheet CURVA ABC-RESUMIDA
A1: CÓDIGO | B1: FONTE | C1: DATA BASE | D1: DESCRIÇÃO | E1: UNID | F1: QDADE ACUMULADA | G1: PREÇO TOTAL ACUMULADO | H1: PART ACUM (%
A2: CPU5 | B2: COMPOSICAO | C2: 2026/01 | D2: ADMNISTRAÇÃO LOCAL DE OBRA | E2: UN | F2: 1 | G2: 417000.77 | H2: 0.1958706
A3: 15.03.030/CDHUU | B3: CPOS | C3: 2025/11 | D3: Fornecimento e montagem de estrutura em aço ASTM-A36, sem pintura | E3: KG | F3: 4747.97 | G3: 164991.96 | H3: 0.21822674 | I3: =F3/2 -> 2373.985
A4: 22.06.240/CDHUU | B4: CPOS | C4: 2025/11 | D4: Brise metálico fixo em chapa lisa aluzinc pré-pintada, formato ogiva, lâmina frontal de 200mm | E4: M2 | F4: 117.5 | G4: 117581.08 | H4: 0.32859877 | I4: =F4/2 -> 58.75
A5: 21.03.151/CDHUU | B5: CPOS | C5: 2025/11 | D5: Revestimento em placa de alumínio composto "ACM", espessura de 4 mm e acabamento em PVDF | E5: M2 | F5: 62.58 | G5: 74810.01 | H5: 0.33310207
A6: 12.12.010/CDHU | B6: CPOS | C6: 2025/11 | D6: Taxa de mobilização e desmobilização de equipamentos para execução de estaca tipo hélice contínua em solo | E6: TX | F6: 1 | G6: 52671.99 | H6: 0.38847869
A7: CPU6 | B7: COMPOSICAO | C7: 2026/01 | D7: RESERVATÓRIO CILÍNDRICO METÁLICO 30000L-FORNECIMENTO E INSTALAÇÃO | E7: UN | F7: 1 | G7: 48400 | H7: 0.41121279
A8: 88489U | B8: SINAPI | C8: 2026/01 | D8: PINTURA LÁTEX ACRÍLICA PREMIUM, APLICAÇÃO MANUAL EM PAREDES, DUAS DEMÃOS. AF_04/2023 | E8: M2 | F8: 2406 | G8: 45064.38 | H8: 0.41128317
A9: 16.13.130/CDHUU | B9: CPOS | C9: 2025/11 | D9: Telhamento em chapa de aço com pintura poliéster, tipo sanduíche, espessura de 0,50 mm, com poliestireno expandido | E9: M2 | F9: 237.4 | G9: 43797.93 | H9: 0.4383144
A10: 104253U | B10: SINAPI | C10: 2026/01 | D10: EMBOÇO OU MASSA ÚNICA EM ARGAMASSA TRAÇO 1:2:8, PREPARO MECÂNICA COM BETONEIRA 400 L, APLICADA MANUALMENTE EM SUPERFÍCIES EXTERNAS DA SACADA, ESPESSURA DE 35 MM, ACESSO POR ANDAIME, SEM USO DE TELA METÁLICA. AF_08/2022 | E10: M2 | F10: 268.3 | G10: 34565.09 | H10: 0.45829586
A11: 100651UD | B11: SINAPI | C11: 2026/01 | D11: ESTACA HÉLICE CONTÍNUA, DIÂMETRO DE 30 CM, INCLUSO CONCRETO FCK=30MPA (EXCLUSIVE BOMBEAMENTO, MOBILIZAÇÃO E DESMOBILIZAÇÃO). AF_12/2019_PA | E11: M | F11: 245 | G11: 34346.55 | H11: 0.47083445
A12: 25.01.040/CDHUU | B12: CPOS | C12: 2025/11 | D12: Caixilho em alumínio basculante, sob medida | E12: M2 | F12: 18.72 | G12: 30189.93 | H12: 0.49009355
A13: 88497U | B13: SINAPI | C13: 2026/01 | D13: EMASSAMENTO COM MASSA LÁTEX, APLICAÇÃO EM PAREDE, DUAS DEMÃOS, LIXAMENTO MANUAL. AF_04/2023 | E13: M2 | F13: 1047.4 | G13: 28813.97 | H13: 0.49966077
A14: 103326U | B14: SINAPI | C14: 2026/01 | D14: ALVENARIA DE VEDAÇÃO DE BLOCOS CERÂMICOS FURADOS NA VERTICAL DE 19X19X39 CM (ESPESSURA 19 CM) E ARGAMASSA DE ASSENTAMENTO COM PREPARO EM BETONEIRA. AF_12/2021 | E14: M2 | F14: 229 | G14: 28556.3 | H14: 0.52644938
A15: 98459U | B15: SINAPI | C15: 2026/01 | D15: TAPUME COM TELHA METÁLICA. AF_05/2018 | E15: M2 | F15: 240.65 | G15: 28059.79 | H15: 0.53229537
A16: 97.02.210/CDHUU | B16: CPOS | C16: 2025/11 | D16: Placa de sinalização em PVC para ambientes | E16: UN | F16: 82 | G16: 26857.46 | H16: 0.55224471
... A83: 102162U | B83: SINAPI | C83: 2026/01 | D83: INSTALAÇÃO DE VIDRO LISO INCOLOR, E = 4 MM, EM ESQUADRIA DE ALUMÍNIO OU PVC, FIXADO COM BAGUETE. AF_01/2021_PS | E83: M2 | F83: 11.7 | G83: 4899.38 | H83: 0.87754547
A84: 86941U/CPU | D84: LAVATÓRIO LOUÇA BRANCA COM COLUNA, 45 X 55CM OU EQUIVALENTE, PADRÃO MÉDIO, INCLUSO SIFÃO TIPO GARRAFA, VÁLVULA E ENGATE FLEXÍVEL DE 40CM EM METAL CROMADO, PADRÃO MÉDIO - FORNECIMENTO E INSTALAÇÃO. AF_01/2020 | E84: UN | F84: 6 | G84: 4888.38 | H84: 0.8798416
A85: 16.109.000103.SERU | B85: PINI-N | C85: 2026/02 | D85: Disjuntor tripolar compacto > 63 A até 100 A com acionamento na porta do quadro de distribuição | E85: UN | F85: 4 | G85: 4811.08 | H85: 0.88210143
A86: 87879U | B86: SINAPI | C86: 2026/01 | D86: CHAPISCO APLICADO EM ALVENARIAS E ESTRUTURAS DE CONCRETO INTERNAS, COM COLHER DE PEDREIRO. ARGAMASSA TRAÇO 1:3 COM PREPARO EM BETONEIRA 400L. AF_10/2022 | E86: M2 | F86: 755.8 | G86: 4716.19 | H86: 0.88212488
A87: 96534U | B87: SINAPI | C87: 2026/01 | D87: FABRICAÇÃO, MONTAGEM E DESMONTAGEM DE FÔRMA PARA BLOCO DE COROAMENTO, EM MADEIRA SERRADA, E=25 MM, 4 UTILIZAÇÕES. AF_01/2024 | E87: M2 | F87: 40.3 | G87: 4531.33 | H87: 0.88469695
A88: 92982U | B88: SINAPI | C88: 2026/01 | D88: CABO DE COBRE FLEXÍVEL ISOLADO, 16 MM², ANTI-CHAMA 0,6/1,0 KV, PARA DISTRIBUIÇÃO - FORNECIMENTO E INSTALAÇÃO. AF_10/2020 | E88: M | F88: 193.1 | G88: 4252.06 | H88: 0.88844235
A89: 08.08.069/SECEDUSPU | B89: FDE | C89: 2026/01 | D89: AI-01 ABRIGO PARA BOMBA DE INCENDIO | E89: UN | F89: 1 | G89: 4177.65 | H89: 0.89040465
A90: 89451U | B90: SINAPI | C90: 2026/01 | D90: TUBO, PVC, SOLDÁVEL, DN 75MM, INSTALADO EM PRUMADA DE ÁGUA - FORNECIMENTO E INSTALAÇÃO. AF_06/2022 | E90: M | F90: 60 | G90: 4041 | H90: 0.89230276
A91: 19.01.062/CDHUU | B91: CPOS | C91: 2025/11 | D91: Peitoril e/ou soleira em granito, espessura de 2 cm e largura até 20 cm, acabamento polido | E91: M | F91: 18.2 | G91: 4025.29 | H91: 0.89282219
A92: 38.21.920/CDHUU | B92: CPOS | C92: 2025/11 | D92: Eletrocalha perfurada galvanizada a fogo, 100 x 50 mm, com acessórios | E92: M | F92: 31.2 | G92: 3781.13 | H92: 0.89596953
A93: 87415U | B93: SINAPI | C93: 2026/01 | D93: APLICAÇÃO MANUAL DE GESSO DESEMPENADO (SEM TALISCAS) EM TETO DE AMBIENTES DE ÁREA ENTRE 5M² E 10M², ESPESSURA DE 1,0CM. AF_03/2023 | E93: M2 | F93: 75.5 | G93: 3756.88 | H93: 0.89773419
A94: 91926U | B94: SINAPI | C94: 2026/01 | D94: CABO DE COBRE FLEXÍVEL ISOLADO, 2,5 MM², ANTI-CHAMA 450/750 V, PARA CIRCUITOS TERMINAIS - FORNECIMENTO E INSTALAÇÃO. AF_03/2023 | E94: M | F94: 552.5 | G94: 3585.73 | H94: 0.89941845
A95: 98556U | B95: SINAPI | C95: 2026/01 | D95: IMPERMEABILIZAÇÃO DE SUPERFÍCIE COM ARGAMASSA POLIMÉRICA / MEMBRANA ACRÍLICA, 4 DEMÃOS, REFORÇADA COM VÉU DE POLIÉSTER (MAV). AF_09/2023 | E95: M2 | F95: 44.1 | G95: 3568.57 | H95: 0.90109465
A96: 45.02.020/CDHUUU | D96: Abrigo para compressor | E96: UN | F96: 1 | G96: 3454.89 | H96: 0.90271746
A97: 17.40.010/CDHUU | B97: CPOS | C97: 2025/11 | D97: Reparos em piso de granilite - estucamento e polimento | E97: M2 | F97: 50 | G97: 3396 | H97: 0.9043126
A98: 90843U | B98: SINAPI | C98: 2026/01 | D98: KIT DE PORTA DE MADEIRA PARA PINTURA, SEMI-OCA (LEVE OU MÉDIA), PADRÃO MÉDIO, 80X210CM, ESPESSURA DE 3,5CM, ITENS INCLUSOS: DOBRADIÇAS, MONTAGEM E INSTALAÇÃO DO BATENTE, FECHADURA COM EXECUÇÃO DO FURO - FORNECIMENTO E INSTALAÇÃO. AF_12/2019 | E98: UN | F98: 2 | G98: 3376.6 | H98: 0.90589864
A99: 94590U | B99: SINAPI | C99: 2026/01 | D99: CONTRAMARCO DE ALUMÍNIO, FIXAÇÃO COM PARAFUSO - FORNECIMENTO E INSTALAÇÃO. AF_11/2024 | E99: M | F99: 84.3 | G99: 3275.06 | H99: 0.90603367
A100: 103247U | B100: SINAPI | C100: 2026/01 | D100: AR CONDICIONADO SPLIT INVERTER, HI-WALL (PAREDE), 12000 BTU/H, CICLO FRIO - FORNECIMENTO E INSTALAÇÃO. AF_11/2021_PE | E100: UN | F100: 1 | G100: 3244.09 | H100: 0.90896076
A101: 17.40.070/CDHUU | B101: CPOS | C101: 2025/11 | D101: Reparos em rodapé de granilite - estucamento e polimento | E101: M | F101: 45 | G101: 3148.2 | H101: 0.91043951
A102: 96546U | B102: SINAPI | C102: 2026/01 | D102: ARMAÇÃO DE BLOCO, VIGA BALDRAME OU SAPATA UTILIZANDO AÇO CA-50 DE 10 MM - MONTAGEM. AF_06/2017 | E102: KG | F102: 192 | G102: 3143.04 | H102: 0.91191584
A103: 97063U | B103: SINAPI | C103: 2026/01 | D103: MONTAGEM E DESMONTAGEM DE ANDAIME MODULAR FACHADEIRO, COM PISO METÁLICO, PARA EDIFICAÇÕES COM MÚLTIPLOS PAVIMENTOS (EXCLUSIVE ANDAIME E LIMPEZA). AF_11/2017 | E103: M2 | F103: 100 | G103: 3122 | H103: 0.91338228
A104: 95584U | B104: SINAPI | C104: 2026/01 | D104: MONTAGEM DE ARMADURA TRANSVERSAL DE ESTACAS DE SEÇÃO CIRCULAR, DIÂMETRO = 6,30 MM. AF_09/2021_PS | E104: KG | F104: 189 | G104: 3054.24 | H104: 0.91358116
A105: 03.10.100/CDHUU | B105: CPOS | C105: 2025/11 | D105: Remoção de pintura em superfícies de madeira e/ou metálicas com lixamento | E105: M2 | F105: 204.9 | G105: 2954.66 | H105: 0.91620474
A106: 02.102.000022.SERU | B106: PINI-N | C106: 2026/02 | D106: Demolição de piso revestido com granilite | E106: M2 | F106: 50 | G106: 2943 | H106: 0.91758711
A107: 93191U | B107: SINAPI | C107: 2026/01 | D107: VERGA MOLDADA IN LOCO COM UTILIZAÇÃO DE BLOCOS CANALETA, ESPESSURA DE *20* CM. AF_03/2024 | E107: M | F107: 32.5 | G107: 2894.13 | H107: 0.91894652
A108: 102201U | B108: SINAPI | C108: 2026/01 | D108: APLICAÇÃO MASSA ACRÍLICA PARA MADEIRA, PARA PINTURA COM TINTA DE ACABAMENTO (PIGMENTADA). AF_01/2021 | E108: M2 | F108: 98 | G108: 2805.74 | H108: 0.91953957
... A123: 43.05.030/CPU | B123: COMPOSICAO | C123: 2026/01 | D123: Exaustor ref comercial SICFLUX MAXX 150 | E123: UN | F123: 2 | G123: 2285.18 | H123: 0.93757298
A124: 08-002-074/SIURBU | D124: REINSTALAÇÃO DE GRADE DE PROTEÇÃO | E124: M2 | F124: 27.14 | G124: 2262.12 | H124: 0.93863552
A125: 32.07.040/CDHUU | B125: CPOS | C125: 2025/11 | D125: Junta plástica de 3/4´ x 1/8´ | E125: M | F125: 174.8 | G125: 2242.68 | H125: 0.93876208
A126: 93012U | B126: SINAPI | C126: 2026/01 | D126: ELETRODUTO RÍGIDO ROSCÁVEL, PVC, DN 110 MM (4"), PARA REDE ENTERRADA DE DISTRIBUIÇÃO DE ENERGIA ELÉTRICA - FORNECIMENTO E INSTALAÇÃO. AF_12/2021 | E126: M | F126: 26.7 | G126: 2189.4 | H126: 0.94071733
A127: 94228U | B127: SINAPI | C127: 2026/01 | D127: CALHA EM CHAPA DE AÇO GALVANIZADO NÚMERO 24, DESENVOLVIMENTO DE 50 CM, INCLUSO TRANSPORTE VERTICAL. AF_07/2019 | E127: M | F127: 19.63 | G127: 2159.89 | H127: 0.94173186
A128: 91924U | B128: SINAPI | C128: 2026/01 | D128: CABO DE COBRE FLEXÍVEL ISOLADO, 1,5 MM², ANTI-CHAMA 450/750 V, PARA CIRCUITOS TERMINAIS - FORNECIMENTO E INSTALAÇÃO. AF_03/2023 | E128: M | F128: 458 | G128: 2097.64 | H128: 0.94271714
A129: 97888U | B129: SINAPI | C129: 2026/01 | D129: CAIXA ENTERRADA ELÉTRICA RETANGULAR, EM ALVENARIA COM TIJOLOS CERÂMICOS MACIÇOS, FUNDO COM BRITA, DIMENSÕES INTERNAS: 0,6X0,6X0,6 M. AF_12/2020 | E129: UN | F129: 3 | G129: 2092.2 | H129: 0.94369988
A130: 55.01.100/CDHUU | B130: CPOS | C130: 2025/11 | D130: Limpeza complementar e especial de vidros | E130: M2 | F130: 71.27 | G130: 2014.8 | H130: 0.9438648
A131: 97914U | B131: SINAPI | C131: 2026/01 | D131: TRANSPORTE COM CAMINHÃO BASCULANTE DE 6 M³, EM VIA URBANA PAVIMENTADA, DMT ATÉ 30 KM (UNIDADE: M3XKM). AF_07/2020 | E131: M3XKM | F131: 506.93 | G131: 1992.25 | H131: 0.94465899
A132: 37.10.010/CDHUU | B132: CPOS | C132: 2025/11 | D132: Barramento de cobre nu | E132: KG | F132: 12 | G132: 1980.48 | H132: 0.9465123
A133: 01.23.254/CDHUU | B133: CPOS | C133: 2025/11 | D133: Furação de 1´ em concreto armado | E133: M | F133: 6 | G133: 1980 | H133: 0.94744233
A134: 38.22.620/CDHUU | B134: CPOS | C134: 2025/11 | D134: Tampa de encaixe para eletrocalha, galvanizada a fogo, L= 100 mm | E134: M | F134: 31.2 | G134: 1976.21 | H134: 0.94837058
A135: 91940U | B135: SINAPI | C135: 2026/01 | D135: CAIXA RETANGULAR 4" X 2" MÉDIA (1,30 M DO PISO), PVC, INSTALADA EM PAREDE - FORNECIMENTO E INSTALAÇÃO. AF_03/2023 | E135: UN | F135: 62 | G135: 1919.52 | H135: 0.94844329
A136: CPU 002 | B136: SINAPI | C136: 2026/01 | D136: Instalação de aparelho climatizador evaporativo, 1,02 x 1,12, somente instalação. | E136: UN | F136: 1 | G136: 1849.94 | H136: 0.95014114
... A334: 104323U | B334: SINAPI | C334: 2026/01 | D334: TE, PVC, SOLDÁVEL, DN 20 MM, INSTALADO EM DRENO DE AR CONDICIONADO - FORNECIMENTO E INSTALAÇÃO. AF_08/2022 | E334: UN | F334: 1 | G334: 15.42 | H334: 1
